Workbook
Name divisor: 'Belegung_wö. Arbeitszeit'!$E$18
Name eeadivisor: Gesamtkalkulation!#REF!
Name pnk: Personalaufwendungen!$I$44
Name risiko: Personalaufwendungen!$I$48

Sheet VERSIONSINFO
A2: Erläuterung der Änderungen gegenüber der Vorversion (Änderungshistorie) nach 21.5.2026
A5: Datum der Änderung | B5: Tabellenblatt | C5: Zeile/Spalte | D5: Erläuterung der Änderung | E5: Hinweise für die Anwender
A6: 46185 | D6: gemäß RV KZP ab.1.7.26, Orientierung an Antrag vollstationär, Eckwerte auf KAT
A7: 46196 | B7: Allgemeine Angaben | C7: K66 | D7: bisher: =WENN(UND(H50>0;K65<5);"Mappe 'Allgemeine Angaben' und Mappe 'Forderung' an den KSV senden!";"") | E7: Beteiligung als Vertragspartner, nur bei über 5%
D8: neu: =WENN(UND(H50>0;K65<5,001);"Mappe 'Allgemeine Angaben' und Mappe 'Forderung' an den KSV senden!";"")
C9: K44 | D9: =WENN(H44=H50;0;WENN(UND(H44>0;L4>0);DATEDIF(H44;L4;"m");"")) | E9: Berechnung Differenz in Monaten zwischen VV-Beginn und Antragsdatum, gleichzeitig wird wird bei Neueinrichtungen VV+ LZ-Beginn gleich das Ergebnis auf 0 gesetzt (bisher wurde das Ergebnis nicht korrekt für diese Fälle ausgerechnet)
D10: bedingt formatiert als Plausifeld
C11: alte Version K45 - wird durch Formel in K44 abgelöst | D11: Differenz zw. VV-Beginn und LZ-Beginn berechnet | E11: ( Daten von 24 Monaten sind erst, ab 30 M zw. Antrag und VV-Beginn vorhanden - Berücksichtigung Antragstellungszeitraum)
B12: Sachaufwendungen | C12: H30;J30;L30 | D12: Summe korrigiert je von Zeile 20 bis 29
B13: Belegung_wö. Arbeitszeit | C13: C17 | D13: =WENN(UND('Allgemeine Angaben'!K44>0;ODER(C14="";C15=""));"Bitte Belegungszeitraum vollständig angeben";"") | E13: Formel passt, in Allgemeinen Angaben muss
C14: C18 | D14: neu =WENN(UND(ODER('Allgemeine Angaben'!K44=30;'Allgemeine Angaben'!K44>30);'Belegung_wö. Arbeitszeit'!C16<24);"Belegung für letzten 24 Kalendermonate angeben.";"") | E14: sofern zw. VV-Beginn und Antragstellung 30 und mehr Monate liegen, sind IST Belegungen für 24 Monate anzugeben
A15: 24./25.06.206 | B15: KAT | C15: A35:L51 | D15: Tabellen und Formeln für Plausibilitätsprüfung für TAB Forderung
B16: Forderung | C16: P31:P59 | D16: 3. Prüfung - Prüfkriterien, Links, Bewertungsergebnis aus TAB KAT (A35:L51) mit Anzeige ja, nein, leer und der Anzeige der entsprechenden Links verformelt
B17: Verknüpfungstabelle | C17: eingefügt, Bezüge zu den Inhalten des Antrages hergestellt
B18: Personalaufwendungen | C18: Formel für Berechnung PK €/VK/J inkl. PNK, stfreie % + UR in J15, J17; J19 hinterlegt, Schriftfarbe identisch mit Füllfarbe, somit nicht sichtbar
A19: 46199 | B19: KAT | C19: F39 | D19: Formel passt nicht ganz zu den Hinweisen aber zum RV: =WENN(UND(ODER('Belegung_wö. Arbeitszeit'!C30=0;'Belegung_wö. Arbeitszeit'!C16<>24);KAT!G35>29,99);1;0) | E19: LE muss BT für 24 M angeben, sofern zw. LZ-Beginn und VV-Beginn 30 M liegen, wenn LE eine Neueinrichtung ist, kann er keine BT angeben und wenn zw. LZ-Beginn und dem VV-Beginn keine 30 M liegen,gibt der LE für einen kürzeren Zeitraum die BT angeben (mind. Abstand zw. VV + LZ-Beginn = 19 M)
B20: Belegung_wö. Arbeitszeit | C20: C18 | D20: bisher =WENN(UND(ODER('Allgemeine Angaben'!K44=30;'Allgemeine Angaben'!K44>30);'Belegung_wö. Arbeitszeit'!C16<24);"Belegung für letzten 24 Kalendermonate angeben.";"") | E20: LE soll 24 M angeben, wenn zw. LZ-Beginn und VV-Beginn 30 M und mehr liegen, Korrektur der bish. Formel, damit ein BT-Zeitraum über 24 M nicht möglich ist!
D21: neu: =WENN(UND(ODER('Allgemeine Angaben'!K44=30;'Allgemeine Angaben'!K44>30);'Belegung_wö. Arbeitszeit'!C16<>24);"Belegung für letzten 24 Kalendermonate angeben.";"")
C22: C19 | D22: =WENN(DATEDIF(C14;'Allgemeine Angaben'!H50;"m")>30;"Belegungsbeginn darf nicht mehr als 30 Monate vor Laufzeitbeginn liegen";"") // bedingt formatiert als Plausi-Feld | E22: zw. BT IST - Beginn und LZ-Beginn dürfen nicht mehr als 30 M liegen
B23: Allgemeine Angaben | C23: K44 | D23: =WENN(H44=H50;0;WENN(UND(H44>0;L4>0);DATEDIF(H44;H50;"m");"")) | E23: Formel korrigiert, Abstand zw. LZ- und VV-Beginn
A24: 46202 | B24: Personalkostenaufstellung | C24: B216 | D24: bisher: =B214+B190 | E24: Ist-PK gesamt für 43b korr. - bisher ohne 1.3.1
D25: neu: B214+B190+B165
C26: C216 | D26: bisher: =WENNFEHLER(SUMME(C193:C213;C170:C189;)/B216;0)
D27: neu: =WENNFEHLER(SUMME(C193:C213;C170:C189;C159:C164)/B216;0)
C28: D216 | D28: bisher: =D214+D190
D29: neu: =D214+D190+D165
C30: C154 | D30: Bisher: =WENNFEHLER(SUMME(C150:C150;C112:C149;#BEZUG!;C78:C108;C38:C69)/(B154-SUMME(B70:B74));0)
D31: neu: =WENNFEHLER(SUMME(C112:C150;C78:C108;C38:C69)/(B154-SUMME(B70:B74));0)
C32: M154 | D32: bisher: =WENNFEHLER(SUMME(M150:M150;M112:M149;#BEZUG!;M78:M108;M38:M69)/($H$154-SUMME($H$70:$H$74));0)
D33: neu: =WENNFEHLER(SUMME(M112:M150;M78:M108;M38:M69)/($H$154-SUMME($H$70:$H$74));0)
C34: N154 | D34: bisher: =WENNFEHLER(SUMME(N150:N150;N112:N149;#BEZUG!;N78:N108;N38:N69)/($H$154-SUMME($H$70:$H$74));0)
D35: neu: =WENNFEHLER(SUMME(N112:N150;N78:N108;N38:N69)/($H$154-SUMME($H$70:$H$74));0)
C36: O154 | D36: bisher: =WENNFEHLER(SUMME(O150:O150;O112:O149;#BEZUG!;O78:O108;O38:O69)/($H$154-SUMME($H$70:$H$74));0)
D37: neu: =WENNFEHLER(SUMME(O112:O150;O78:O108;O38:O69)/($H$154-SUMME($H$70:$H$74));0)
C38: P154 | D38: bisher =WENNFEHLER(SUMME(P150:P150;P112:P149;#BEZUG!;P78:P108;P38:P69)/($H$154-SUMME($H$70:$H$74));0)
D39: neu =WENNFEHLER(SUMME(P112:P150;P78:P108;P38:P69)/($H$154-SUMME($H$70:$H$74));0)
C40: Q154 | D40: bisher =WENNFEHLER(SUMME(Q150:Q150;Q112:Q149;#BEZUG!;Q78:Q108;Q38:Q69)/($H$154-SUMME($H$70:$H$74));0)
D41: neu =WENNFEHLER(SUMME(Q112:Q150;Q78:Q108;Q38:Q69)/($H$154-SUMME($H$70:$H$74));0)
C42: R154 | D42: bisher =WENNFEHLER(SUMME(R150:R150;R112:R149;#BEZUG!;R78:R108;R38:R69)/($H$154-SUMME($H$70:$H$74));0)
D43: neu =WENNFEHLER(SUMME(R112:R150;R78:R108;R38:R69)/($H$154-SUMME($H$70:$H$74));0)
C44: S154 | D44: bisher =WENNFEHLER(SUMME(S150:S150;S112:S149;#BEZUG!;S78:S108;S38:S69)/($H$154-SUMME($H$70:$H$74));0)
D45: neu =WENNFEHLER(SUMME(S112:S150;S78:S108;S38:S69)/($H$154-SUMME($H$70:$H$74));0)
C46: T154 | D46: bisher =WENNFEHLER(SUMME(T150:T150;T112:T149;#BEZUG!;T78:T108;T38:T69)/($H$154-SUMME($H$70:$H$74));0)
D47: neu =WENNFEHLER(SUMME(T112:T150;T78:T108;T38:T69)/($H$154-SUMME($H$70:$H$74));0)
C48: U154 | D48: bisher =WENNFEHLER(SUMME(U150:U150;U112:U149;#BEZUG!;U78:U108;U38:U69)/($H$154-SUMME($H$70:$H$74));0)
D49: neu =WENNFEHLER(SUMME(U112:U150;U78:U108;U38:U69)/($H$154-SUMME($H$70:$H$74));0)
C50: V154 | D50: bisher =WENNFEHLER(SUMME(V150:V150;V112:V149;#BEZUG!;V78:V108;V38:V69)/($H$154-SUMME($H$70:$H$74));0)
D51: neu=WENNFEHLER(SUMME(V112:V150;V78:V108;V38:V69)/($H$154-SUMME($H$70:$H$74));0)
C52: W154 | D52: bisher =WENNFEHLER(SUMME(W150:W150;W112:W149;#BEZUG!;W78:W108;W38:W69)/($H$154-SUMME($H$70:$H$74));0)
D53: neu =WENNFEHLER(SUMME(W112:W150;W78:W108;W38:W69)/($H$154-SUMME($H$70:$H$74));0)
C54: B33;B75;b109,b151,b154,b165,b190,b214,b216,b225,b274 | D54: benutzdefiniertes Zellformat 0,0000 "VK"
C55: h33,h75,h109,h151,h154,h165,h190,h214,h216,h225,h274 | D55: benutzdefiniertes Zellformat 0,0000 "VK"
C56: A20:B20 | D56: Belegungstage für diesen Zeitraum: , Zellen verbunden
C57: C20 | D57: Erfassungsfeld für BT, zentriert, Zahl ohne Nachkommastelle
B58: Personalaufwendungen | C58: I51 | D58: bisher=Personalkostenaufstellung!x279
D59: neu=Personalkostenaufstellung!W279
C60: I53 | D60: bisher =Personalkostenaufstellung!x280
D61: neu =Personalkostenaufstellung!W280
C62: J36 | D62: bisher: =WENNFEHLER(RUNDEN(SUMME(J22;J27;J30;J33);2);"") | E62: Entgelt von PDL/stellv. PDL fehlte
D63: neu: =WENNFEHLER(RUNDEN(SUMME(J22;J27;J30;J33;J12);2);"")
C64: G33 | D64: ohne Zellschutz
B65: Allgemeine Angaben | C65: J29 | D65: Schriftgröße 10
C66: Erfassungsfelder Zeile 15 - 29 | D66: ohne Zellschutz
C67: D78 | D67: Hyperlink angepasst -> Bezug zu TAB Belegung_wö. Arbeitszeit
A68: 46204 | B68: Belegung_wö. Arbeitszeit | C68: D32 | D68: Hinweis, wenn Stichtagsbelegung > als Platzzahl
D69: bedingt formatiert als Plausifeld
C70: C17 | D70: =WENN(UND(KAT!E7>0;ODER(C14="";C15=""));"Bitte Belegungszeitraum vollständig angeben";"") | E70: bisheriger Bezug zu Allgemeine Angaben K44 durch KATE7 ersetzt
C71: C18 | D71: =WENN(UND(ODER(KAT!E7=30;KAT!E7>30);'Belegung_wö. Arbeitszeit'!C16<>24);"Belegung für letzten 24 Kalendermonate angeben.";"") | E71: bisheriger Bezug zu Allgemeine Angaben K44 durch KATE7 ersetzt
B72: KAT | C72: G35 | D72: Bezug zu KATE7
B73: Allgemeine Angaben | C73: K44 | D73: Formel und bedingt Formatierung entfernt
B74: KAT | C74: F42 | D74: =WENN(Personalkostenaufstellung!H33<>KAT!C12;1;0)
C75: F43 | D75: =WENN(Personalkostenaufstellung!H216<>KAT!C16;1;0)
A76: 46206 | B76: KAT | C76: F42 | D76: =WENN(ODER(Personalkostenaufstellung!H33>KAT!C12;Personalkostenaufstellung!H33=0);1;0)
B77: Allgemeine Angaben | C77: K64 | D77: neu: =wenn(H50>H44;WENN(ODER(SUMME(K57:K63)<100;SUMME(K57:K63)>100);"Anteil der Kostenträger entspricht nicht 100%.";"") | E77: Fehlermeldung wird mit neuer Formel bei Neueinrichtungen nicht angezeigt
C78: K66 | D78: =WENN(H50>H44;WENN(UND(H50>0;K65<5,001);"Mappe 'Allgemeine Angaben' und Mappe 'Forderung' an den KSV senden!";"");"") | E78: Fehlermeldung wird mit neuer Formel bei Neueinrichtungen nicht angezeigt
B79: Belegung_wö_Arbeitszeit | C79: C19 | D79: =WENN(UND('Allgemeine Angaben'!H50>'Belegung_wö. Arbeitszeit'!H44;DATEDIF(C14;'Allgemeine Angaben'!H50;"m")>30);"Belegungsbeginn darf nicht mehr als 30 Monate vor Laufzeitbeginn liegen";"") | E79: Fehlermeldung wird mit neuer Formel bei Neueinrichtungen nicht angezeigt
A80: 6.7.2026 dtr | B80: Gesamtkalkulation | C80: Zeile 46 | D80: Pflegesätze auf zwei Nachkommastellen gerundet
A81: 46246 | B81: Belegung_wö_Arbeitszeit | C81: C17, C18 | D81: Wennfehler(…...;"") in Formel eingefügt, dadr. Fehlerhinweis Zahl weg
B82: Allgemeine Angaben | C82: L46 | D82: Formatierung Zahl ohne Nachkommastelle
B83: Verknüpfungstabelle | C83: AQ2 | D83: ='Belegung_wö. Arbeitszeit'!G6/100
B84: Personalkostenaufstellung | C84: M165:W165 | D84: Formel korrigiert, da bisherigerige Formel unkorrekt (wie bspw. M165=WENNFEHLER(SUMME(M159:M164)/($H$75-SUMME($H$70:$H$74));0))
C85: X275;Y275 | D85: Format angepasst, ohne dicken Unterstrich
B86: Personalkostenaufwendungen | C86: I15;I16 | D86: ohne Ausfüllfarbe

Sheet KAT
A1: Einrichtungsart | B1: Kreuz | C1: Tage/Monat | D1: Öffnungstage | E1: Auslastung (%) | F1: Ja/Nein
B2: x | C2: 30.42 | D2: 365 | E2: 100 | F2: nein
A3: Kurzzeitpflege | E3: 78 | F3: ja
E4: 73
E5: 70
D7: CheckMonate | E7: =IF('Allgemeine Angaben'!H44="",0,DATEDIF('Allgemeine Angaben'!H44,'Allgemeine Angaben'!H50,"m")) -> 0
A11: Personalmenge lt. RV | C11: check
A12: PDL | B12: 20 | C12: =ROUND('Allgemeine Angaben'!L46/KAT!B12,4) -> 0
A13: Pflege/Betreuung | B13: 1.7 | C13: =ROUND('Allgemeine Angaben'!L46/KAT!B13,4) -> 0
A14: Leitung | B14: 15 | C14: =ROUND('Allgemeine Angaben'!L46/KAT!B14,4) -> 0
A15: Hawi, Kü, HAT | B15: 4.5 | C15: =ROUND('Allgemeine Angaben'!L46/KAT!B15,4) -> 0
A16: 43b | B16: 20 | C16: =ROUND('Allgemeine Angaben'!L46/KAT!B16,4) -> 0
A20: Beschäftigungsgruppen nach GVWG
C21: ja | D21: Tarif/AVR maßgebend
A22: PDL | C22: nein | D22: regional übliches Entgelt
A23: stellv. PDL
A24: PFK/BFK
A25: PK/BK
A26: PK/BK o.
A31: Hinweisfeld
A32: nein | B32: Felder mit Hinweisen und Fehlermeldungen werden blau (="ja") bzw. weiß (="nein") hinterlegt
I33: Beachte Link - richtige Stelle // Schutz mit Astrid (Link funktioniert nicht richtig in vst.)
A35: Plausi-Berechnungen für TAB Forderung | E35: Zeitraum VV zu LZ-Beginn in M: | G35: =E7 -> 0 | H35: Weitere Hilfsspalten für bedingte Formatierung je Plausi-Punkt | I35: Ergebnis - für bedingte Formatierung (Nr. 1 bis …)
A36: Hauptbedingung | C36: Teilbedingung | F36: Ergebnis | G36: Erläuterung: | I36: Abbildung in TAB Ford. * und Plausikriterium und
C37: PDL/stellv. PDL | D37: Pflege/Betreuung | E37: 43b | F37: check | G37: Bedingung erfüllt, Ergebnis =0; Bedingung nicht erfüllt, Ergebnis = 1, Ausnahme bei Anlagen Tarif/AVR = wenn reg. Übl. En =Ergebnis LEER; Abbildung des Ergebnis je Bedingung im TAB Forderung mit ja/ nein | H37: => je nach Ergebnis werden die Zellen in TAB Ford. Formatiert | I37: Ergebnistext ohne, Link ohne | J37: Ergebnistext ohne, Link ohne | K37: Ergebnistext, Link ohne | L37: Ergebnistext, Link
A38: Angabe VV-Beginn | F38: =IF('Allgemeine Angaben'!H44="",1,0) -> 1 | H38: =IF(G51=0,1,IF(F38=0,3,IF(F38=1,4))) -> 1 | I38: 1 = Antrag leer | K38: 3 = Q4 = 0 (erfüllt) | L38: 4 = Q4= 1 (nicht erfüllt)
A39: Belegung Ist (24 KM) | F39: =IF(AND(OR('Belegung_wö. Arbeitszeit'!C30=0,'Belegung_wö. Arbeitszeit'!C16<>24),KAT!G35>29.99),1,0) -> 0 | G39: Pflichtangabe, sofern Zeitraum zw. LZ-Beginn u. VV Beginn mind. 30 M umfasst! Sofern zw. LZ-Beginn und VV-Beginn weniger als 30 M liegen, gibt der LE einen kürzeren BT-Zeitraum mit BT an // Bedingung analog RV (2. Version siehe H58) | H39: =IF(G51=0,1,IF(G35<19,2,IF(F39=0,3,IF(F39=1,4)))) -> 1 | I39: 1 = Antrag leer | J39: 2 = Zeit zw. VV+Antragsdatum < 19 M | K39: 3 = Q4 = 0 (erfüllt) | L39: 4 = Q4= 1 (nicht erfüllt) | M39: Beispiel: | N39: für die Wahl Zeitraumes von 19 Monaten zwischen LZ-Beginn und VV-Beginn
A40: Belegung Stichtag | B40: keine Pflicht bei Neueinrichtungen | F40: =IF(OR('Allgemeine Angaben'!H44='Allgemeine Angaben'!H50,'Belegung_wö. Arbeitszeit'!D30>0),0,1) -> 0 | G40: Pflichtangabe für alle LE außer für 1. Verhandlung einer Neueinrichtung | H40: =IF(G51=0,1,IF('Allgemeine Angaben'!H44='Allgemeine Angaben'!H50,2,IF(KAT!F40=0,3,IF(KAT!F40=1,4)))) -> 1 | I40: 1 = Antrag leer | J40: 2 = VV = LZ-Beginn | K40: 3 = Q5 = 0 (erfüllt) | L40: 4 = Q5= 1 (nicht erfüllt) | M40: 45658 | O40: Antrag
A41: Personalkosten (Ist) | C41: =IF(Personalkostenaufstellung!B33=0,1,0) -> 1 | D41: =IF(Personalkostenaufstellung!B154=0,1,0) -> 1 | E41: =IF(Personalkostenaufstellung!B216=0,1,0) -> 1 | F41: =IF(AND(G35>18.99,SUM(C41:E41)>0),1,0) -> 0 | G41: Pflichtangabe, sofern Zeitraum zw. LZ-Beginn u. VV Beginn mind. 19 M umfasst! | H41: =IF(G51=0,1,IF(G35<19,2,IF(F41=0,3,IF(F41=1,4)))) -> 1 | I41: 1 = Antrag leer | J41: 2 = Zeit zw. VV+Antragsdatum < 19 M | K41: 3 = Q4 = 0 (erfüllt) | L41: 4 = Q4= 1 (nicht erfüllt) | M41: 45778 | N41: =DATEDIF(M40,M41,"m") -> 4 | O41: LZ
A42: VK Ford. PDL / stellv. PDL> als RV bzw. PDL/stellv. PDL = 0 VK | F42: =IF(OR(Personalkostenaufstellung!H33>KAT!C12,Personalkostenaufstellung!H33=0),1,0) -> 1 | H42: =IF(G51=0,1,IF(F42=0,3,IF(F42=1,4))) -> 1 | I42: 1 = Antrag leer | K42: 3 = Q4 = 0 (erfüllt) | L42: 4 = Q4= 1 (nicht erfüllt) | M42: 45200 | N42: =DATEDIF(M42,M40,"m") -> 15 | O42: Ist-Zeitraum ab
A43: VK 43b <> 1 : 20 | F43: =IF(Personalkostenaufstellung!H216<>KAT!C16,1,0) -> 0 | H43: =IF(G51=0,1,IF(F43=0,3,IF(F43=1,4))) -> 1 | I43: 1 = Antrag leer | K43: 3 = Q4 = 0 (erfüllt) | L43: 4 = Q4= 1 (nicht erfüllt) | M43: 45200 | N43: frühestens | O43: VV - Beginn | P43: =DATEDIF(M43,M41,"m") -> 19 | Q43: M zw. VV + LZ Beginn
A44: ständige Anwesenheit einer PFK (24 h) | F44: =IF(Personalaufwendungen!H24="",1,0) -> 1 | H44: =IF(G51=0,1,IF(F44=0,3,IF(F44=1,4))) -> 1 | I44: 1 = Antrag leer | K44: 3 = Q4 = 0 (erfüllt) | L44: 4 = Q4= 1 (nicht erfüllt)
A45: VK-Angaben zum Stichtag | B45: keine Pflicht bei Neueinrichtungen | C45: =IF(OR('Allgemeine Angaben'!H44='Allgemeine Angaben'!H50,Personalaufwendungen!G12>0),0,1) -> 0 | D45: =IF(OR('Allgemeine Angaben'!H44='Allgemeine Angaben'!H50,Personalaufwendungen!G22>0),0,1) -> 0 | E45: =IF(OR('Allgemeine Angaben'!H44='Allgemeine Angaben'!H50,Personalaufwendungen!G27>0),0,1) -> 0 | F45: =IF(SUM(C45:E45)>0,1,0) -> 0 | G45: Pflichtangabe für alle LE außer für 1. Verhandlung einer Neueinrichtung | H45: =IF(G51=0,1,IF('Allgemeine Angaben'!H44='Allgemeine Angaben'!H50,2,IF(KAT!F45=0,3,IF(KAT!F45=1,4)))) -> 1 | I45: 1 = Antrag leer | J45: 2 = VV = LZ-Beginn | K45: 3 = Q5 = 0 (erfüllt) | L45: 4 = Q5= 1 (nicht erfüllt)
A46: Sachkosten Ist | F46: =IF(AND(G35>18.99,Sachaufwendungen!H30=0),1,0) -> 0 | G46: Pflichtangabe, sofern Zeitraum zw. LZ-Beginn u. VV Beginn mind. 19 M umfasst! | H46: =IF(G51=0,1,IF(G35<19,2,IF(F46=0,3,IF(F46=1,4)))) -> 1 | I46: 1 = Antrag leer | J46: 2 = Zeit zw. VV+Antragsdatum < 19 M | K46: 3 = Q4 = 0 (erfüllt) | L46: 4 = Q4= 1 (nicht erfüllt)
A47: Anlagen zum Tarif/AVR | F47: =IF(AND(Personalkostenaufstellung!M13="regional übliches Entgelt",Personalkostenaufstellung!M12="nein"),"",IF(AND(OR(Personalkostenaufstellung!M13="Tarif/AVR maßgebend",Personalkostenaufstellung!M12="ja"),Personalkostenaufstellung!P15=""),1,0)) -> 0 | G47: => Bedingung gilt für Tarifbinder und Anlehner, bei reg. Übl. En = Ergebnis LEER | H47: =IF(G51=0,1,IF(F47="",2,IF(KAT!F47=0,3,IF(KAT!F47=1,4)))) -> 1 | I47: 1 = Antrag leer | J47: 2 = LE zahlt reg. übl. EN | K47: 3 = Q5 = 0 (erfüllt) | L47: 4 = Q5= 1 (nicht erfüllt)
A48: Gesamt - Check | F48: =IF(SUM(F38:F47)>0,1,0) -> 1 | G48: sobald eine Bedingung nicht erfüllt ist, werden die Pflegesätze, U+ V, 43 b nicht errechnet!
A49: Hinweis - für Bedingung - Belegung Ist; PK Ist und SK Ist: für Neueinrichtungen und "neuere Einrichtungen" sind dies keine "Pflichtbedingungen" | G49: Hilfsfeld für Formatierung - im TAB Ford.keine Anzeige der Plausifelder bei leeren Antrag (Antragsdatum + LZ-Beginn + Platzzahl leer + VV-Beginn) = Ergebnis 0,ansonsten 1 | H49: Prüfung BT-Angabe
A50: desh. Regelanpassung unter folgender Betrachtung: Ist-Zeit (ab ...) TAB Belegung bis 15 M vor Antragstellung und | H50: 1. Version - entsprechend Hinweistext
A51: Antragstellung max. 4 M vor LZ-Beginn, somit Ist- Zahlen Pflicht, wenn zw. VV und LZ-Beginn mindestens 19 M liegen | G51: =IF(AND('Allgemeine Angaben'!L6="",'Allgemeine Angaben'!H44="",'Allgemeine Angaben'!L46="",'Allgemeine Angaben'!H50=""),0,1) -> 0 | I51: Antrag - Datum (max. 4 M vor LZ-Beginn) | J51: VV-Beginn | K51: LZ-Beginn | L51: Diff. Zw. VV und LZ-Beginn | M51: 4 M vor LZ Beginn | N51: BT-Beginn (max. 30 M vor LZ-Beginn) | O51: BT-Ende
H52: 1. Jahr | I52: 45536 | J52: 45658 | K52: 45658 | L52: =DATEDIF(J52,K52,"m") -> 0 | N52: =IF(J52=K52,"",IF(EDATE(K52,-30)<J52,J52,IF(EDATE(K52,-30)>29.99,EDATE(K52,-30)))) | O52: =IF(J52=K52,"",IF(L52<30,(EDATE(K52,-4)-1),EDATE(N52,24)-1)) | P52: VV = LZ
H53: 2. Jahr | I53: 45901 | J53: 45658 | K53: 46023 | L53: =DATEDIF(J53,K53,"m") -> 12 | M53: =EDATE(K53,-4) -> 45901 | N53: =IF(J53=K53,0,IF(EDATE(K53,-30)<J53,J53,IF(EDATE(K53,-30)>29.99,EDATE(K53,-30)))) -> 45658 | O53: =IF(J53=K53,"",IF(L53<30,(EDATE(K53,-4)-1),EDATE(N53,24)-1)) -> 45900 | P53: VV <>LZ, Diff. LZ und VV < 30
H54: 3. Jahr | I54: 46266 | J54: 45658 | K54: 46388 | L54: =DATEDIF(J54,K54,"m") -> 24 | M54: =EDATE(K54,-4) -> 46266 | N54: =IF(J54=K54,0,IF(EDATE(K54,-30)<J54,J54,IF(EDATE(K54,-30)>29.99,EDATE(K54,-30)))) -> 45658 | O54: =IF(J54=K54,"",IF(L54<30,(EDATE(K54,-4)-1),EDATE(N54,24)-1)) -> 46265 | P54: VV <>LZ, Diff. LZ und VV < 30
H55: 4. Jahr | I55: 46631 | J55: 45658 | K55: 46753 | L55: =DATEDIF(J55,K55,"m") -> 36 | M55: =EDATE(K55,-4) -> 46631 | N55: =IF(J55=K55,0,IF(EDATE(K55,-30)<J55,J55,IF(EDATE(K55,-30)>29.99,EDATE(K55,-30)))) -> 45839 | O55: =IF(J55=K55,"",IF(L55<30,(EDATE(K55,-4)-1),EDATE(N55,24)-1)) -> 46568 | P55: VV <>LZ, Diff. LZ und VV > 29,99
H57: oder
H58: 2. Version - entsprechend RV
H59: Diff. VV + LZ-Beginn | J59: > 29,99 | K59: BT-Angabe von 24 M ansonsten kein Angabe-Muss

Sheet Verknüpfungstabelle
A4: Verhandlungsart - stat | B4: IK_E | C4: IK_KZP | D4: Antragsdatum | E4: E_Art | F4: Name_E | G4: Straße_E | H4: PLZ_E | I4: Ort_E | J4: TEL_E | K4: Fax_E | L4: EMail_E | M4: Web_E | N4: Einrichtungsleitung | O4: PDL | P4: Name_T | Q4: Straße_T | R4: PLZ_T | S4: Ort_T | T4: Tel_T | U4: Fax_T | V4: EMail_T | W4: Web_T | X4: AP_Funktion | Y4: Verband | Z4: Zulassungsdatum | AA4: Platzzahl | AB4: dav_KZP_Plätze | AC4: LFZ_ab | AD4: LFZ_bis | AE4: letzte_LFZ_ab | AF4: letzte_LFZ_bis | AG4: ANT_AOK | AH4: ANT_vdek | AI4: ANT_BKK | AJ4: ANT_IKK | AK4: ANT_KBS | AL4: ANT_PKV | AM4: ANT_Sonstige_SVT | AN4: dav_SHT | AO4: Ausbildungsbetrieb | AP4: 132g | AQ4: Auslastung_E | AR4: BEL_letze12M_PG1 | AS4: BEL_letze12M_PG2 | AT4: BEL_letze12M_PG3 | AU4: BEL_letze12M_PG4 | AV4: BEL_letze12M_PG5 | AW4: BEL_letze12M_SUM | AX4: BEL_STICHTAG_PG1 | AY4: BEL_STICHTAG_PG2 | AZ4: BEL_STICHTAG_PG3 | BA4: BEL_STICHTAG_PG4 | BB4: BEL_STICHTAG_PG5 | BC4: BEL_STICHTAG_SUM | BD4: BEL_PROG_PG1 | BE4: BEL_PROG_PG2 | BF4: BEL_PROG_PG3 | BG4: BEL_PROG_PG4 | BH4: BEL_PROG_PG5 | BI4: BEL_PROG_SUM | BJ4: BEL_PROG_DAV_KZP_PG1 | BK4: BEL_PROG_DAV_KZP_PG2 | BL4: BEL_PROG_DAV_KZP_PG3 | BM4: BEL_PROG_DAV_KZP_PG4 | BN4: BEL_PROG_DAV_KZP_PG5 | BO4: BEL_PROG_DAV_KZP_SUM | BP4: wö_AZ_je_VK | BQ4: letzte12M_PKL_von | BR4: letzte12M_PKL_bis | BS4: PKL_PERS_IST_111_PDL-stellvPDL | BT4: PKL_AG_Brutto_IST_111_PDL-stellvPDL | BU4: PKL_PERS_IST_112_QM | BV4: PKL_AG_Brutto_IST_112_QM | BW4: PKL_PERS_IST_113_HM | BX4: PKL_AG_Brutto_IST_113_HM | BY4: PKL_PERS_IST_121_PFK/BFK | BZ4: PKL_AG_Brutto_IST_121_PFK/BFK | CA4: PKL_PERS_IST_121_PFK/BFK_DAV_PRÄSK | CB4: PKL_PERS_IST_122_PK/BK | CC4: PKL_AG_Brutto_IST_121_PK/BK | CD4: PKL_PERS_IST_122_PK/BK_DAV_PRÄSK | CE4: PKL_PERS_IST_123_PK/BK o. | CF4: PKL_AG_Brutto_IST_123_PK/BK o. | CG4: PKL_PERS_IST_123_PK/BK o._DAV_PRÄSK | CH4: PKL_PERS_IST_12_SUM | CI4: PKL_AG_Brutto_IST_12_SUM | CJ4: PKL_IST_121_PFK/BFK_ANT_113c | CK4: PKL_IST_122_PK/BKANT_113c | CL4: PKL_IST_123_PK/BK o.113c | CM4: PKL_PERS_IST_131_43b_PK/BK | CN4: PKL_AG_Brutto_IST_131_43b_PK/BK | CO4: PKL_PERS_IST_132_43b_PK/BK o. | CP4: PKL_AG_Brutto_IST_132_43b_PK/BK o. | CQ4: PKL_PERS_IST_13_43b_SUM | CR4: PKL_AG_Brutto_IST_13_43b_SUM | CS4: PKL_PERS_IST_14_EL | CT4: PKL_AG_Brutto_IST_14_EL | CU4: PKL_PERS_IST_15_HW | CV4: PKL_AG_Brutto_IST_15_HW | CW4: PKL_PERS_IST_15_HW_DAV_PräsK_PFK/BFK | CX4: PKL_PERS_IST_15_HW_DAV_PräsK_PK/BK | CY4: PKL_PERS_IST_15_HW_DAV_PräsK_PK/BK o. | CZ4: PKL_PERS_IST_16_KÜCHE | DA4: PKL_AG_Brutto_IST_16_KÜCHE | DB4: PKL_PERS_IST_17_HAT | DC4: PKL_AG_Brutto_IST_17_HAT | DD4: PKL_PERS_IST_18_FwD | DE4: PKL_AG_Brutto_IST_18_FwD | DF4: PKL_PERS_IST_18_FSJ | DG4: PKL_AG_Brutto_IST_18_FSJ | DH4: PKL_PERS_IST_18_SONS_SUM | DI4: PKL_AG_Brutto_IST_18_SONS_SUM | DJ4: UNMITT_TARIFBIND | DK4: ENTLOHNUNG_NACH | DL4: TARIF_AVR | DM4: TARIF_FASSG_VOM | DN4: FORD_SV_ANT | DO4: FORD_bAV_ANT | DP4: FORD_SV_ANT_GfB | DQ4: FORD_GVWG_STD_LOHN_PFK/BFK | DR4: FORD_GVWG_STD_LOHN_PK/BK | DS4: FORD_GVWG_STD_LOHN_PK/BK o. | DT4: FORD_GVWG_VK_PFK/BFK | DU4: FORD_GVWG_VK_PK/BK | DV4: FORD_GVWG_VK_PK/BK o. | DW4: FORD_GVWG_VK_SUM | DX4: FORD_GVWG_REG | DY4: FORD_GVWG_GES_BRUTTO_PFK/BFK | DZ4: FORD_GVWG_GES_BRUTTO_PK/BK | EA4: FORD_GVWG_GES_BRUTTO_PK/BK o. | EB4: PERS_STICHT_111_PDL-stellvPDL | EC4: PERS_STICHT_112_QM | ED4: PERS_STICHT_113_HM | EE4: PERS_STICHT_11_SUM | EF4: PERS_STICHT_121_PFK/BFK | EG4: PERS_STICHT_121_PFK/BFK_DAV_PRÄSK | EH4: PERS_STICHT_122_PK/BK | EI4: PERS_STICHT_122_PK/BK_DAV_PRÄSK | EJ4: PERS_STICHT_123_PK/BK o. | EK4: PERS_STICHT_123_PK/BK o._DAV_PRÄSK | EL4: PERS_STICHT_12_SUM | EM4: ANT_113c_STICHT_121_PFK/BFK | EN4: ANT_113c_STICHT_122_PK/BK | EO4: ANT_113c_STICHT_123_PK/BK o. | EP4: PERS_STICHT_131_43b_PK/BK | EQ4: PERS_STICHT_132_43b_PK/BK o. | ER4: PERS_STICHT_13_43b_SUM | ES4: PERS_STICHT_14_LuV_LTG | ET4: PERS_STICHT_14_LuV_VW | EU4: PERS_STICHT_14_LuV_EL | EV4: PERS_STICHT_15_HW | EW4: PERS_STICHT_15_HW_DAV_PRÄSK_PFK/BFK | EX4: PERS_STICHT_15_HW_DAV_PRÄSK_PK/BK | EY4: PERS_STICHT_15_HW_DAV_PRÄSK_PK/BK o. | EZ4: PERS_STICHT_16_KÜCHE | FA4: PERS_STICHT_17_HAT | FB4: PERS_STICHT_18_FwD | FC4: PERS_STICHT_18_FSJ | FD4: PERS_PROGN_111_PDL-stellvPDL | FE4: PERS_PROGN_112_QM | FF4: PERS_PROGN_113_HM | FG4: PERS_PROGN_11_SUM | FH4: PERS_PROGN_121_PFK/BFK | FI4: PERS_PROGN_121_PFK/BFK_DAV_PRÄSK | FJ4: PERS_PROGN_122_PK/BK | FK4: PERS_PROGN_122_PK/BK_DAV_PRÄSK | FL4: PERS_PROGN_123_PK/BK o. | FM4: PERS_PROGN_123_PK/BK o._DAV_PRÄSK | FN4: PERS_PROGN_12_SUM | FO4: ANT_113c_PROGN_121_PFK/BFK | FP4: ANT_113c_PROGN_122_PK/BK | FQ4: ANT_113c_PROGN_123_PK/BK o. | FR4: PERS_PROGN_131_43b_PK/BK | FS4: PERS_PROGN_132_43b_PK/BK o. | FT4: PERS_PROGN_13_43b_SUM | FU4: PERS_PROGN_14_LuV_LTG | FV4: PERS_PROGN_14_LuV_VW | FW4: PERS_PROGN_14_EL | FX4: PERS_PROGN_15_HW | FY4: PERS_PROGN_15_HW_DAV_PRÄSK_PFK/BFK | FZ4: PERS_PROGN_15_HW_DAV_PRÄSK_PK/BK | GA4: PERS_PROGN_15_HW_DAV_PRÄSK_PK/BK o. | GB4: PERS_PROGN_15_HW_SUM | GC4: ANT_PROGN_PRÄSK_15_HW | GD4: PERS_PROGN_16_KÜCHE | GE4: PERS_PROGN_17_HAT | GF4: PERS_PROGN_18_FwD | GG4: PERS_PROGN_18_FSJ | GH4: PNK_PROGN_BG | GI4: PNK_PROGN_AUSGL | GJ4: PNK_PROGN_FORTB | GK4: PNK_PROGN_ARB-GES-SCHUTZ | GL4: PNK_PROGN_PROZ | GM4: PNK_PROGN_SUM | GN4: stfr_Sachbez_PROGN_PROZ | GO4: stfr_Sachbez_PROGN | GP4: UR_PROGN_PROZ | GQ4: UR_PROGN | GR4: GES-PeKo_PROGN_111_PDL-stellvPDL | GS4: GES_PeKo_PROGN_112_QM | GT4: GES_PeKo_PROGN_113_HM | GU4: GES_PeKo_PROGN_11_SUM | GV4: GES_PeKo_PROGN_121_PFK/BFK | GW4: GES_PeKo_PROGN_122_PK/BK | GX4: GES_PeKo_PROGN_123_PK/BK o. | GY4: GES_PeKo_PROGN_12_SUM | GZ4: GES_PeKo_PROGN_131_43b_PK/BK | HA4: GES_PeKo_PROGN_132_43b_PK/BK o. | HB4: GES_PeKo_PROGN_13_43b_SUM | HC4: GES_PeKo_PROGN_14_LuV_LTG | HD4: GES_PeKo_PROGN_14_LuV_VW | HE4: GES_PeKo_PROGN_14_EL | HF4: GES_PeKo_PROGN_15_HW_SUM | HG4: GES_PeKo_PROGN_16_KÜCHE_SUM | HH4: GES_PeKo_PROGN_17_HAT_SUM | HI4: PeKo_PROGN_18_FwD_STELLE | HJ4: PeKo_PROGN_18_FSJ_STELLE | HK4: SK_Zeitraum_Wahl | HL4: SK_ZEITR_VON | HM4: SK_ZEITR_BIS | HN4: SK_BT_abweichender Zeitraum | HO4: SK_ZEITR_21_LEBENSM | HP4: SK_ZEITR_22_PFLEGEBEDARF | HQ4: SK_ZEITR_23_W-E-B | HR4: SK_ZEITR_24_VW_BEDARF | HS4: SK_ZEITR_25_VW_DIENSTE | HT4: SK_ZEITR_26_BETREUUNG | HU4: SK_ZEITR_27_WIRTSCHAFT | HV4: SK_ZEITR_28_S-A-V | HW4: SK_ZEITR_29_WARTUNG | HX4: SK_ZEITR_210_SONSTIGE | HY4: SK_ZEITR_2_SUM | HZ4: FL_ZEITR_31_Küche | IA4: FL_ZEITR_32_WÄSCHEREI | IB4: FL_ZEITR_33_WÄSCHE-KZ | IC4: FL_ZEITR_34_REINIGUNG | ID4: FL_ZEITR_35_VW | IE4: FL_ZEITR_36_HT | IF4: FL_ZEITR_37_EINTR | IG4: FL_ZEITR_37_ZEILE1 | IH4: FL_ZEITR_38_EINTR | II4: FL_ZEITR_38_ZEILE2 | IJ4: FL_ZEITR_3_SUM | IK4: SK_PROGN_21_LEBENSM | IL4: SK_PROGN_22_PFLEGEBEDARF | IM4: SK_PROGN_23_W-E-B | IN4: SK_PROGN_24_VW_BEDARF | IO4: SK_PROGN_25_VW_DIENSTE | IP4: SK_PROGN_26_BETREUUNG | IQ4: SK_PROGN_27_WIRTSCHAFT | IR4: SK_PROGN_28_S-A-V | IS4: SK_PROGN_29_WARTUNG | IT4: SK_PROGN_210_SONSTIGE | IU4: SK_PROGN_2_SUM | IV4: FL_PROGN_31_Küche | IW4: FL_PROGN_32_WÄSCHEREI | IX4: FL_PROGN_33_WÄSCHE-KZ | IY4: FL_PROGN_34_REINIGUNG | IZ4: FL_PROGN_35_VW | JA4: FL_PROGN_36_HT | JB4: FL_PROGN_37_EINTR | JC4: FL_PROGN_37_ZEILE1 | JD4: FL_PROGN_38_EINTR | JE4: FL_PROGN_38_ZEILE2 | JF4: FL_PROGN_3_SUM | JG4: SK_PROGN-BT_21_LEBENSM | JH4: SK_PROGN-BT_22_PFLEGEBEDARF | JI4: SK_PROGN-BT_23_W-E-B | JJ4: SK_PROGN-BT_24_VW_BEDARF | JK4: SK_PROGN-BT_25_VW_DIENSTE | JL4: SK_PROGN-BT_26_BETREUUNG | JM4: SK_PROGN-BT_27_WIRTSCHAFT | JN4: SK_PROGN-BT_28_S-A-V | JO4: SK_PROGN-BT_29_WARTUNG | JP4: SK_PROGN-BT_210_SONSTIGE | JQ4: SK_PROGN-BT_2_SUM | JR4: FL_PROGN-BT_31_Küche | JS4: FL_PROGN-BT_32_WÄSCHEREI | JT4: FL_PROGN-BT_33_WÄSCHE-KZ | JU4: FL_PROGN-BT_34_REINIGUNG | JV4: FL_PROGN-BT_35_VW | JW4: FL_PROGN-BT_36_HT | JX4: FL_PROGN-BT_37_EINTR | JY4: FL_PROGN-BT_37_ZEILE1 | JZ4: FL_PROGN-BT_38_EINTR | KA4: FL_PROGN-BT_38_ZEILE2 | KB4: FL_PROGN-BT_3_SUM | KC4: SK_PROGN_UR_PROZ | KD4: SK_PROGN_UR_BETR | KE4: FORD_VK_111_PDL-stellvPDL | KF4: FORD_VK_112_QM | KG4: FORD_VK_113_HM | KH4: FORD_VK_121_PFK/BFK | KI4: FORD_VK_122_PK/BK | KJ4: FORD_VK_123_PK/BK o. | KK4: FORD_VK_131_43b | KL4: FORD_VK_14_EL | KM4: FORD_VK_15_HW | KN4: FORD_VK_16_KÜCHE | KO4: FORD_VK_17_HAT | KP4: FORD_Anzahhl_18_FwD_FSJ | KQ4: FORD_VK_111_PDL-stellvPDL_DAV_VST | KR4: FORD_VK_112_QM_DAV_VST | KS4: FORD_VK_113_HM_DAV_VST | KT4: FORD_VK_121_PFK/BFK_DAV_VST | KU4: FORD_VK_122_PK/BK_DAV_VST | KV4: FORD_VK_123_PK/BK o._DAV_VST | KW4: FORD_VK_131_43b_DAV_VST | KX4: FORD_VK_14_LuV_DAV_VST | KY4: FORD_VK_15_HW_DAV_VST | KZ4: FORD_VK_16_KÜCHE_DAV_VST | LA4: FORD_VK_17_HAT_DAV_VST | LB4: FORD_Anzahl_18_FwD_FSJ_DAV_VST | LC4: FORD_VK_111_PDL-stellvPDL_DAV_KZP | LD4: FORD_VK_112_QM_DAV_KZP | LE4: FORD_VK_113_HM_DAV_KZP | LF4: FORD_VK_121_PFK/BFK_DAV_KZP | LG4: FORD_VK_122_PK/BK_DAV_KZP | LH4: FORD_VK_123_PK/BK o._DAV_KZP | LI4: FORD_VK_131_43b_DAV_KZP | LJ4: FORD_VK_14_LuV_DAV_KZP | LK4: FORD_VK_15_HW_DAV_KZP | LL4: FORD_VK_16_KÜCHE_DAV_KZP | LM4: FORD_VK_17_HAT_DAV_KZP | LN4: FORD_Anzahl_18_FwD_FSJ_DAV_KZP | LO4: FORD_ANT_113c_121_PFK/BFK | LP4: FORD_ANT_113c_122_PK/BK | LQ4: FORD_ANT_113c_123_PK/BK o. | LR4: FORD_PR_131_43b_ | LS4: FORD_PR_14_EL | LT4: FORD_PR_15_HW_ | LU4: FORD_PR_16_KÜCHE_ | LV4: FORD_PR_17_HAT_ | LW4: FORD_PR_18_FwD_FSJ_ | LX4: FORD_EEE_VST | LY4: FORD_PS-PG1_VST | LZ4: FORD_PS-PG2_VST | MA4: FORD_PS-PG3_VST | MB4: FORD_PS-PG4_VST | MC4: FORD_PS-PG5_VST | MD4: FORD_43b_VST | ME4: FORD_U_VST | MF4: FORD_V_VST | MG4: FORD_PS-PG1-5_KZP | MH4: FORD_43b_KZP | MI4: FORD_U_KZP | MJ4: FORD_V_KZP | MK4: VWBUD_GES_PeKo_PROGN | ML4: VWBUD_PeKo_BREUCK | MM4: VWBUD_PeKo_SK-FL_BERUECK | MN4: VWBUD_PROZENT | MO4: VWBUD_BETRAG | MP4: VWBUD_AUFSCHLAG | MQ4: VWBUD_AUFSCHLAG_BETRAG | MR4: VWBUD_N_AUSG_STELLENANT | MS4: VWBUD_PK_JE_VK | MT4: VWBUD_ERGEBNIS | MU4: Bel_letzte24 M_von | MV4: Bel_letzte24 M_bis | MW4: BEL_letze24M_PG1 | MX4: BEL_letze24M_PG2 | MY4: BEL_letze24M_PG3 | MZ4: BEL_letze24M_PG4 | NA4: BEL_letze24M_PG5 | NB4: BEL_letze24M_SUM | NC4: BelTage_letzten12M | ND4: PKL_PERS_IST_131_43b_PFK/BFK | NE4: PKL_AG_Brutto_IST_131_43b_PFK/BFK | NF4: PKL_PERS_IST_14_LuV | NG4: PKL_AG_Brutto_IST_14_LuV | NH4: PKL_PERS_IST_15_HW_Kü_HAT | NI4: PKL_AG_Brutto_IST_15_HW_KÜ_HAT | NJ4: ständige Anwesenh. PFK | NK4: PERS_STICHT_15-17_HW_Kü_HAT | NL4: PERS_PROGN_15-17_HW_Kü_HAT | NM4: GES_PeKo_PROGN_15-17_HW_Kü_HAT | NN4: FORD_PR_PDL/ stellv. PDL_ | NO4: FORD_VK_Pflege/Betreuung_PG 1-5 | NP4: FORD_PR_Pflege/ Betreuung_PG 1-5 | NQ4: FORD_VK_LuV | NR4: FORD_PR_LuV | NS4: FORD_VK_HW_Kü_HAT | NT4: FORD_PR_HW_Kü_HAT
A5: indiv. Verh. | C5: ='Allgemeine Angaben'!L6 -> 0 | D5: ='Allgemeine Angaben'!L4 -> 0 | E5: ='Allgemeine Angaben'!D6 -> Kurzzeitpflege | F5: ='Allgemeine Angaben'!D11 -> 0 | G5: ='Allgemeine Angaben'!D13 -> 0 | H5: ='Allgemeine Angaben'!D15 -> 0 | I5: ='Allgemeine Angaben'!J15 -> 0 | J5: ='Allgemeine Angaben'!D17 -> 0 | K5: ='Allgemeine Angaben'!J17 -> 0 | L5: ='Allgemeine Angaben'!D19 -> 0 | M5: ='Allgemeine Angaben'!J19 -> 0 | N5: ='Allgemeine Angaben'!D21 -> 0 | O5: ='Allgemeine Angaben'!J21 -> 0 | P5: ='Allgemeine Angaben'!D25 -> 0 | Q5: ='Allgemeine Angaben'!D27 -> 0 | R5: ='Allgemeine Angaben'!D29 -> 0 | S5: ='Allgemeine Angaben'!J29 -> 0 | T5: ='Allgemeine Angaben'!D31 -> 0 | U5: ='Allgemeine Angaben'!J31 -> 0 | V5: ='Allgemeine Angaben'!D33 -> 0 | W5: ='Allgemeine Angaben'!J33 -> 0 | X5: ='Allgemeine Angaben'!D35 -> 0 | Y5: ='Allgemeine Angaben'!H40 -> 0 | Z5: ='Allgemeine Angaben'!H44 -> 0 | AA5: ='Allgemeine Angaben'!L46 -> 0 | AC5: ='Allgemeine Angaben'!H50 -> 0 | AD5: ='Allgemeine Angaben'!K50 -> 0 | AE5: ='Allgemeine Angaben'!H52 -> 0 | AF5: ='Allgemeine Angaben'!K52 -> 0 | AG5: ='Allgemeine Angaben'!K57 -> 0 | AH5: ='Allgemeine Angaben'!K58 -> 0 | AI5: ='Allgemeine Angaben'!K59 -> 0 | AJ5: ='Allgemeine Angaben'!K60 -> 0 | AK5: ='Allgemeine Angaben'!K61 -> 0 | AL5: ='Allgemeine Angaben'!K62 -> 0 | AM5: ='Allgemeine Angaben'!K63 -> 0 | AN5: ='Allgemeine Angaben'!K65 -> 0 | AQ5: ='Belegung_wö. Arbeitszeit'!G6/100 -> 0 | AX5: ='Belegung_wö. Arbeitszeit'!D24 -> 0 | AY5: ='Belegung_wö. Arbeitszeit'!D25 -> 0 | AZ5: ='Belegung_wö. Arbeitszeit'!D26 -> 0 | BA5: ='Belegung_wö. Arbeitszeit'!D27 -> 0 | BB5: ='Belegung_wö. Arbeitszeit'!D28 -> 0 | BC5: ='Belegung_wö. Arbeitszeit'!D30 -> 0 | BD5: ='Belegung_wö. Arbeitszeit'!E24 -> 0 | BE5: ='Belegung_wö. Arbeitszeit'!E25 -> 0 | BF5: ='Belegung_wö. Arbeitszeit'!E26 -> 0 | BG5: ='Belegung_wö. Arbeitszeit'!E27 -> 0 | BH5: ='Belegung_wö. Arbeitszeit'!E28 -> 0 | BI5: ='Belegung_wö. Arbeitszeit'!E30 -> 0 | BP5: ='Belegung_wö. Arbeitszeit'!F37 -> 0 | BQ5: =Personalkostenaufstellung!C16 -> 0 | BR5: =Personalkostenaufstellung!C18 -> 0 | BS5: =Personalkostenaufstellung!B33 -> 0 | BT5: =Personalkostenaufstellung!E33 -> 0 | BY5: =Personalkostenaufstellung!B75 -> 0 | BZ5: =Personalkostenaufstellung!E75 -> 0 | CB5: =Personalkostenaufstellung!B109 -> 0 | CC5: =Personalkostenaufstellung!E109 -> 0 | CE5: =Personalkostenaufstellung!B151 -> 0 | CF5: =Personalkostenaufstellung!E151 -> 0 | CH5: =Personalkostenaufstellung!B154 -> 0 | CI5: =Personalkostenaufstellung!E154 -> 0 | CM5: =Personalkostenaufstellung!B190 -> 0 | CN5: =Personalkostenaufstellung!E190 -> 0 | CO5: =Personalkostenaufstellung!B214 -> 0 | CP5: =Personalkostenaufstellung!E214 -> 0 | CQ5: =Personalkostenaufstellung!B216 -> 0 | CR5: =Personalkostenaufstellung!E216 -> 0 | DD5: =Personalkostenaufstellung!B279 -> 0 | DE5: =Personalkostenaufstellung!D279 -> 0 | DF5: =Personalkostenaufstellung!B280 -> 0 | DG5: =Personalkostenaufstellung!D280 -> 0 | DH5: =Personalkostenaufstellung!B280 -> 0 | DI5: =Personalkostenaufstellung!E281 -> 0 | DJ5: =Personalkostenaufstellung!M12 -> 0 | DK5: =Personalkostenaufstellung!M13 -> 0 | DL5: =Personalkostenaufstellung!M14 -> 0 | DM5: =Personalkostenaufstellung!M15 -> 0 | DN5: =Personalkostenaufstellung!P17/100 -> 0 | DO5: =Personalkostenaufstellung!P18/100 -> 0 | DP5: =Personalkostenaufstellung!P20/100 -> 0 | DQ5: =Personalkostenaufstellung!G290 -> 0 | DR5: =Personalkostenaufstellung!H290 -> 0 | DS5: =Personalkostenaufstellung!J290 -> 0 | DT5: =Personalkostenaufstellung!G292 -> 0 | DU5: =Personalkostenaufstellung!H292 -> 0 | DV5: =Personalkostenaufstellung!J292 -> 0 | DW5: =Personalkostenaufstellung!G293 -> 0 | DX5: =Personalkostenaufstellung!G296 -> 0 | DY5: =Personalkostenaufstellung!G298 -> 0 | DZ5: =Personalkostenaufstellung!H298 -> 0 | EA5: =Personalkostenaufstellung!J298 -> 0 | EB5: =Personalaufwendungen!G12 -> 0 | EF5: =Personalaufwendungen!G15 -> 0 | EH5: =Personalaufwendungen!G17 -> 0 | EJ5: =Personalaufwendungen!G19 -> 0 | EL5: =Personalaufwendungen!G22 -> 0 | ER5: =Personalaufwendungen!G27 -> 0 | ES5: =Personalaufwendungen!G30 -> 0 | FB5: =Personalaufwendungen!G51 -> 0 | FC5: =Personalaufwendungen!G53 -> 0 | FD5: =Personalaufwendungen!H12 -> 0 | FH5: =Personalaufwendungen!H15 -> 0 | FJ5: =Personalaufwendungen!H17 -> 0 | FL5: =Personalaufwendungen!H19 -> 0 | FN5: =Personalaufwendungen!H22 -> 0 | FT5: =Personalaufwendungen!H27 -> 0 | FU5: =Personalaufwendungen!H30 -> 0 | GF5: =Personalaufwendungen!H51 -> 0 | GG5: =Personalaufwendungen!H53 -> 0 | GH5: =Personalaufwendungen!H39 -> 0 | GI5: =Personalaufwendungen!H40 -> 0 | GJ5: =Personalaufwendungen!H41 -> 0 | GK5: =Personalaufwendungen!H42 -> 0 | GL5: =pnk | GM5: =Personalaufwendungen!J44 -> 0 | GN5: =Personalaufwendungen!I46 | GO5: =Personalaufwendungen!J46 -> 0 | GP5: =risiko -> 0 | GQ5: =Personalaufwendungen!J48 -> 0 | GR5: =Personalaufwendungen!J12 | GV5: =Personalaufwendungen!J15 | GW5: =Personalaufwendungen!J17 | GX5: =Personalaufwendungen!J19 | GY5: =Personalaufwendungen!J22 | HB5: =Personalaufwendungen!J27 | HC5: =Personalaufwendungen!J30 | HI5: =Personalaufwendungen!I51 -> 0 | HJ5: =Personalaufwendungen!I53 -> 0 | HK5: =Sachaufwendungen!C16 -> 0 | HL5: =Sachaufwendungen!H16 -> 0 | HM5: =Sachaufwendungen!H17 -> 0 | HN5: =Sachaufwendungen!H18 -> 0 | HO5: =Sachaufwendungen!H20 -> 0 | HP5: =Sachaufwendungen!H21 -> 0 | HQ5: =Sachaufwendungen!H22 -> 0 | HR5: =Sachaufwendungen!H23 -> 0 | HS5: =Sachaufwendungen!H24 -> 0 | HT5: =Sachaufwendungen!H25 -> 0 | HU5: =Sachaufwendungen!H26 -> 0 | HV5: =Sachaufwendungen!H27 -> 0 | HW5: =Sachaufwendungen!H28 -> 0 | HX5: =Sachaufwendungen!H29 -> 0 | HY5: =Sachaufwendungen!H30 -> 0 | HZ5: =Sachaufwendungen!H43 -> 0 | IA5: =Sachaufwendungen!H44 -> 0 | IC5: =Sachaufwendungen!H45 -> 0 | ID5: =Sachaufwendungen!H47 -> 0 | IE5: =Sachaufwendungen!H46 -> 0 | IF5: =Sachaufwendungen!C48 -> 0 | IG5: =Sachaufwendungen!H48 -> 0 | IH5: =Sachaufwendungen!C49 -> 0 | II5: =Sachaufwendungen!H49 -> 0 | IJ5: =Sachaufwendungen!H50 -> 0 | IK5: =Sachaufwendungen!L20 -> 0 | IL5: =Sachaufwendungen!L21 -> 0 | IM5: =Sachaufwendungen!L22 -> 0 | IN5: =Sachaufwendungen!L23 -> 0 | IO5: =Sachaufwendungen!L24 -> 0 | IP5: =Sachaufwendungen!L25 -> 0 | IQ5: =Sachaufwendungen!L26 -> 0 | IR5: =Sachaufwendungen!L27 -> 0 | IS5: =Sachaufwendungen!L28 -> 0 | IT5: =Sachaufwendungen!L29 -> 0 | IU5: =Sachaufwendungen!L30 -> 0 | IV5: =Sachaufwendungen!L43 -> 0 | IW5: =Sachaufwendungen!L44 -> 0 | IY5: =Sachaufwendungen!L45 -> 0 | IZ5: =Sachaufwendungen!L47 -> 0 | JA5: =Sachaufwendungen!L46 -> 0 | JB5: =Sachaufwendungen!C48 -> 0 | JC5: =Sachaufwendungen!L48 -> 0 | JD5: =Sachaufwendungen!C49 -> 0 | JE5: =Sachaufwendungen!L49 -> 0 | JF5: =Sachaufwendungen!L50 -> 0 | JG5: =Sachaufwendungen!M20 | JH5: =Sachaufwendungen!M21 | JI5: =Sachaufwendungen!M22 | JJ5: =Sachaufwendungen!M23 | JK5: =Sachaufwendungen!M24 | JL5: =Sachaufwendungen!M25 | JM5: =Sachaufwendungen!M26 | JN5: =Sachaufwendungen!M27 | JO5: =Sachaufwendungen!M28 | JP5: =Sachaufwendungen!M29 | JQ5: =Sachaufwendungen!M30 | JR5: =Sachaufwendungen!M43 | JS5: =Sachaufwendungen!M44 | JU5: =Sachaufwendungen!M45 | JV5: =Sachaufwendungen!M47 | JW5: =Sachaufwendungen!M46 | JX5: =Sachaufwendungen!C48 -> 0 | JY5: =Sachaufwendungen!M48 | JZ5: =Sachaufwendungen!C49 -> 0 | KA5: =Sachaufwendungen!M49 | KB5: =Sachaufwendungen!M50 | KC5: =Sachaufwendungen!J53 -> 0 | KD5: =Sachaufwendungen!L53 | KE5: =Forderung!J8 -> 0 | KK5: =Forderung!J12 -> 0 | KP5: =Forderung!J18 | LR5: =Forderung!M12 | MG5: =Forderung!J22 | MH5: =Forderung!J24 | MI5: =Forderung!J26 | MJ5: =Forderung!J28 | MU5: ='Belegung_wö. Arbeitszeit'!C14 -> 0 | MV5: ='Belegung_wö. Arbeitszeit'!C15 -> 0 | MW5: ='Belegung_wö. Arbeitszeit'!C24 -> 0 | MX5: ='Belegung_wö. Arbeitszeit'!C25 -> 0 | MY5: ='Belegung_wö. Arbeitszeit'!C26 -> 0 | MZ5: ='Belegung_wö. Arbeitszeit'!C27 -> 0 | NA5: ='Belegung_wö. Arbeitszeit'!C28 -> 0 | NB5: ='Belegung_wö. Arbeitszeit'!C30 -> 0 | NC5: =Personalkostenaufstellung!C20 -> 0 | ND5: =Personalkostenaufstellung!B165 -> 0 | NE5: =Personalkostenaufstellung!E165 -> 0 | NF5: =Personalkostenaufstellung!B225 -> 0 | NG5: =Personalkostenaufstellung!E225 -> 0 | NH5: =Personalkostenaufstellung!B274 -> 0 | NI5: =Personalkostenaufstellung!E274 -> 0 | NJ5: =Personalaufwendungen!H24 -> 0 | NK5: =Personalaufwendungen!G33 -> 0 | NL5: =Personalaufwendungen!H33 -> 0 | NM5: =Personalaufwendungen!J33 | NN5: =Forderung!M8 | NO5: =Forderung!J10 -> 0 | NP5: =Forderung!M10 | NQ5: =Forderung!J14 -> 0 | NR5: =Forderung!M14 | NS5: =Forderung!J16 -> 0 | NT5: =Forderung!M16
C6: L6 | D6: L4 | E6: D6 | F6: D11 | G6: D13 | H6: D15 | I6: J15 | J6: D17 | K6: J17 | L6: D19 | M6: J19 | N6: D21 | O6: J21 | P6: D25 | Q6: D27 | R6: D29 | S6: J29 | T6: D31 | U6: J31 | V6: D33 | W6: J33 | X6: D35 | Y6: H40 | Z6: H44 | AA6: L46 | AC6: H50 | AD6: K50 | AE6: H52 | AF6: K52 | AG6: K57 | AH6: K58 | AI6: K59 | AJ6: K60 | AK6: K61 | AL6: K62 | AM6: K63 | AN6: K65 | AQ6: G6 | AX6: D24 | AY6: D25 | AZ6: D26 | BA6: D27 | BB6: D28 | BC6: D30 | BD6: E24 | BE6: E25 | BF6: E26 | BG6: E27 | BH6: E28 | BI6: E30 | BP6: F37 | BQ6: C26 | BR6: C18 | BS6: B33 | BT6: E33 | BY6: B75 | BZ6: E75 | CB6: B109 | CC6: E109 | CE6: B151 | CF6: E151 | CH6: B154 | CI6: E154 | CM6: B190 | CN6: E190 | CO6: B214 | CP6: E214 | CQ6: B216 | CR6: E216 | DD6: B279 | DE6: D279 | DG6: D280 | DJ6: M12 | DK6: M13 | DL6: M14 | DM6: M15 | DN6: P17 | DO6: P18 | DP6: P20 | DQ6: G290 | DR6: H290 | DS6: J290 | DT6: G292 | DU6: H292 | DV6: J292 | DW6: G293 | DX6: G296 | DY6: G298 | DZ6: H293 | EA6: J298 | EB6: G12 | EF6: G15 | EH6: G17 | EJ6: G19 | EL6: G22 | ER6: G27 | ES6: G30 | ET6: unbesetzt | FB6: G51 | FC6: G53 | FD6: H12 | FH6: H15 | FJ6: H17 | FL6: H19 | FN6: H22 | FT6: H27 | FU6: H30 | GF6: H51 | GG6: H53 | GH6: H39 | GI6: H40 | GJ6: H41 | GK6: H42 | GL6: I44 | GM6: J44 | GN6: I46 | GO6: J46 | GP6: I48 | GQ6: J48 | GR6: J12 | GV6: J15 | GW6: J17 | GX6: J19 | GY6: J22 | HB6: J27 | HC6: J30 | HI6: I51 | HJ6: I53 | HK6: C16 | HL6: H16 | HM6: H17 | HN6: H18 | HO6: H20 | HP6: H21 | HQ6: H22 | HR6: H23 | HS6: H24 | HT6: H25 | HU6: H26 | HV6: H27 | HW6: H28 | HX6: H29 | HY6: H30 | HZ6: H43 | IA6: H44 | IC6: H45 | ID6: H47 | IE6: H46 | IF6: C48 | IG6: H48 | IH6: C49 | II6: H49 | IJ6: H50 | IK6: L20 | IL6: L21 | IM6: L22 | IN6: L23 | IO6: L24 | IP6: L25 | IQ6: L26 | IR6: L27 | IS6: L28 | IT6: L29 | IU6: L30 | IV6: L43 | IW6: L44 | IY6: L45 | IZ6: L47 | JA6: L46 | JB6: C48 | JC6: L48 | JD6: C49 | JE6: L49 | JF6: L50 | JG6: M20 | JH6: M21 | JI6: M22 | JJ6: M23 | JK6: M24 | JL6: M25 | JM6: M26 | JN6: M27 | JO6: M28 | JP6: M29 | JQ6: M30 | JR6: M43 | JS6: M44 | JU6: M45 | JV6: M47 | JW6: M46 | JX6: C48 | JY6: M48 | JZ6: C49 | KA6: M49 | KB6: M50 | KC6: J53 | KD6: L53 | KK6: J12 | KP6: J18 | LR6: M12 | MG6: J22 | MH6: J24 | MI6: J26 | MJ6: J28 | MU6: C14 | MV6: C15 | MW6: C24 | MX6: C25 | MY6: C26 | MZ6: C27 | NA6: C28 | NB6: C30 | NC6: C20 | ND6: B165 | NE6: E165 | NF6: B225 | NG6: E225 | NH6: B274 | NI6: E274 | NJ6: H24 | NK6: G33 | NL6: H33 | NM6: J33 | NN6: M8 | NO6: J10 | NP6: M10 | NQ6: J14 | NR6: M14 | NS6: J16 | NT6: M16
DE7: Achtung müsste eher C280 sein, nach Anpassung im Antrag anpassen in Kalk.

Sheet Allgemeine Hinweise
A1: Hinweise zur Aufforderung zum Abschluss einer Pflegesatzvereinbarung gemäß §§ 84, 85 SGB XI sowie von Vereinbarungen nach § 75 SGB XII für Kurzzeitpflegeeinrichtungen
A2: Aus Gründen der besseren Lesbarkeit wird auf die gleichzeitige Verwendung männlicher und weiblicher Sprachformen verzichtet. Sämtliche Personenbezeichnungen gelten gleichwohl für alle Geschlechter.
A4: Inhaltsverzeichnis
A5: 1. Allgemeine Hinweise
A6: 2. Antragsunterlagen
A7: 2.1. Mappe Allgemeine Angaben
A8: 2.2. Mappe Belegung / wöchentliche Arbeitszeit
A9: 2.3. Mappe Personalkostenaufstellung
A10: 2.4. Mappe Personalaufwendungen
A11: 2.5. Mappe Sachaufwendungen
A12: 2.6. Mappe Forderungen
A13: 2.7. Mappe Gesamtkalkulation
A14: 2.8. Mappe Bewohnervertretung
A16: 1. Allgemeine Hinweise Die Neufassung des Rahmenvertrages zur Kurzzeitpflege gemäß § 75 Abs. 1 SGB XI im Freistaat Sachsen (in Kraft ab 1. Juli 2026) erforderte eine Überarbeitung der Antragsunterlagen. Es sind außerdem die Anforderungen nach dem SächsWTG und der SächsWTVO zu beachten. Der Antrag gilt für Kurzzeitpflegeeinrichtungen nach § 1 Abs. 6 des Rahmenvertrages. Das sind Einrichtungen, welche auf der Grundlage einer fachlich eigenständigen Konzeption, mit eigenständigem Personalkörper und in abgegrenzter räumlicher Einheit selbständig wirtschaften. Die vollständig ausgefüllten Antragsunterlagen sind gemäß § 85 Abs. 2 und Abs. 3 SGB XI den Leistungsträgern oder deren Arbeitsgemeinschaften, auf die im Jahr vor Beginn der Pflegesatzverhandlungen mehr als fünf vom Hundert der Berechnungstage der Kurzzeitpflegeeinrichtung entfallen, spätestens sechs Wochen vor dem beantragten Vereinbarungszeitraum durch den Träger der Kurzzeitpflegeeinrichtung zuzusenden (Anschriftenliste siehe Adressverzeichnis). Zwischen dem Antragsdatum und dem Laufzeitbeginn können maximal 4 Monate liegen. Sofern der KSV Sachsen nicht bereits Vertragspartei ist, erhält er immer eine Kopie der Allgemeinen Angaben und der Forderung. Werden eingereichte Antragsunterlagen korrigiert bzw. ergänzt, müssen die aktualisierten Antragsunterlagen rechtzeitig, in der Regel 14 Tage vor dem Verhandlungstermin, den beteiligten Vertragsparteien vorliegen. Umfangreiche Aktualisierungen nach Beginn der Verhandlung können zu einer Laufzeitverschiebung führen. Für jede Kurzzeitpflegeeinrichtung mit einem separaten Versorgungsvertrag nach § 72 SGB XI ist eine gesonderte Aufforderung einzureichen. Die Antragsunterlagen und die Stellungnahme der Bewohnervertretung sind rechtsverbindlich zu unterzeichnen. Die Antragsunterlagen sind im Excel-Format und die Unterschriftenseiten (Forderung und Bewohnervertretung) im pdf-Format per E-Mail an die zuständigen Vertragsparteien zu übermitteln. | D16: zurück
A18: 2. Antragsunterlagen Die Antragsunterlagen enthalten Formeln, so dass sich die beantragten Pflegesätze und Entgelte errechnen. Es sind ausschließlich die gelben Felder auszufüllen. | D18: zurück
A20: 2.1. Mappe Allgemeine Angaben Zur weiteren Bearbeitung des Antrags ist es unbedingt erforderlich, dass das Datum der Zulassung angegeben wird. Der Vereinbarungszeitraum umfasst regelmäßig mindestens 12 Monate. Die Parteien der Pflegesatzvereinbarung sind gemäß § 85 Abs. 2 SGB XI zu ermitteln und ihr Anteil an den Belegungstagen der Kurzzeitpflegeeinrichtung entsprechend anzugeben. Der Anteil der Bewohner, die ergänzende Leistungen der Sozialhilfe erhalten, ist zusätzlich als Davonposition auszuweisen. Bei der nachrichtlichen Angabe (Ausbildungsbetrieb und / oder Praktikumsbetrieb nach dem Pflegeberufegesetz) handelt es sich um eine ja-nein-Option. Die Kurzzeitpflegeeinrichtung trifft hier die Aussage, ob eine solche Situation für sie vorliegt. Aufwendungen der Kurzzeitpflegeeinrichtung, die nach anderen gesetzlichen Vorgaben finanziert werden, dürfen im Pflegesatz bzw. in den Entgelten nicht enthalten sein. | D20: zurück
A22: 2.2. Mappe Belegung / wöchentliche Arbeitszeit Auslastungsquote Die Auslastungsquote der Kurzzeitpflegeeinrichtung orientiert sich an der tatsächlichen Auslastung der letzten zwei Jahre, mindestens aber 78 %. In diesem Rahmen kann eine Abweichung von 5 % unter der tatsächlichen Auslastung der letzten zwei Jahre kalkuliert werden. Abweichend hiervon gilt für neu zugelassene solitäre Kurzzeitpflegeeinrichtungen für das erste Jahr der Zulassung eine Auslastungsquote von 70 % und für das zweite Jahr der Zulassung eine Auslastungsquote von 73 % unabhängig von der tatsächlichen Auslastungsquote. jährliche Öffnungstage: 365 Tage | D22: zurück
A23: Belegungsdaten Bei bestehenden Kurzzeitpflegeeinrichtungen sind die Belegungstage für 24 Monate insgesamt zu ermitteln. Der Beginn des Belegungszeitraumes darf nicht mehr als 30 Monate vor Laufzeitbeginn liegen. Kann auf Grund einer kürzeren Dauer nach der Zulassung dieser Umfang noch nicht erreicht werden, verkürzt sich die Angabe des Belegungszeitraums entsprechend. Zur Erhebung der Pflegebedürftigen ist ein Stichtag zu wählen, der nicht länger als 3 Monate vor der Antragstellung liegen sollte und die Belegung anzugeben. Grundlage für die Prüfung ist das Datum der Antragstellung aus der Mappe Allgemeine Angaben. Die Kurzzeitpflegeeinrichtung kann bei der prognostischen Belegung Pflegebedürftige in allen Pflegegraden oder nur in einigen Pflegegraden angeben. Die prognostische Belegung muss der Gesamtplatzzahl im Versorgungsvertrag entsprechen. Es werden pflegegradunabhängig eine Personalmenge, eine Personalrelation und ein Pflegesatz ermittelt (siehe dazu 2.6. Forderung). Wöchentliche Arbeitszeit Es ist die einrichtungsintern geregelte wöchentliche Arbeitszeit je Vollkraft (VK) nachrichtlich anzugeben. Bitte beachten: Laut Rahmenvertrag erfolgt die Ermittlung des Stellenumfangs und der Personalaufwendungen immer auf Basis von 40 Stunden / Woche für eine VK.
A25: 2.3. Mappe Personalkostenaufstellung Die Personalkostenaufstellung umfasst ausschließlich Mitarbeiter der Kurzzeitpflegeeinrichtung und ggf. eingesetzte Leiharbeitskräfte. Die Personalkostenaufstellung bezieht sich im linken Teil auf den Zeitraum von 12 Monaten mit Angabe der Belegungstage für diesen Zeitraum. Im rechten Teil wird der Prognosezeitraum abgebildet. Jedem Mitarbeiter ist eine gleichbleibende Pseudonymnummer zuzuordnen. Die Angaben für den Ist- und Prognosezeitraum je Mitarbeiter sind in einer Zeile darzustellen. Die gleichbleibende Pseudonymnummer ist für Folgeverhandlungen wieder zu nutzen. Es sind alle Mitarbeiter in die Personalkostenaufstellung aufzunehmen. Die Kennzeichnung der Mitarbeiter als Geringfügig Beschäftigte erfolgt ausschließlich, wenn die Voraussetzungen des § 8 SGB IV vorliegen. Im Rahmen der Plausibilitätsprüfung stellt die Kurzzeitpflegeeinrichtung den Vertragsparteien nach § 85 Abs. 2 SGB XI auf Anforderung ohne substantiierte Begründung für bis zu 25 % der Beschäftigten über alle Funktionsbereiche die aktuellen Jahreslohnjournale mit Angabe der Pseudonymnummer zur Verfügung. Eine VK wird mit 40 Stunden / Woche kalkuliert. Mitarbeiter mit davon abweichenden Arbeitszeiten sind entsprechend umzurechnen. Die Kurzzeitpflegeeinrichtung gibt im oberen Teil an, auf welcher Basis die Mitarbeiter entlohnt werden. Kommt ein Tarif / eine AVR zur Anwendung, kann mit der Verhandlungsaufforderung das Werk auch als Link übermittelt werden. Jeder Mitarbeiter ist entsprechend seiner Tätigkeit einem Funktionsbereich zuzuordnen. Stellensplitting ist möglich. Die Differenzierung innerhalb eines Funktionsbereiches ist in der Spalte Beschäftigungsgruppe / Funktion je Mitarbeiter vorzunehmen. Sofern die Auswahloption für den Mitarbeiter nicht zutreffend ist, bleibt das Feld leer. Die Zuordnung ist für die Transparenz möglicher Stellensplittings und für die erforderliche Berechnung des arbeitszeitnormierten Stundenlohns notwendig. | D25: zurück
A26: Die Personalrelation für PDL und stellvertretende PDL beträgt bis 1 zu 20. Die ggf. verbleibenden Stellenanteile von PDL und stellvertretender PDL sind in den zugeordneten Funktionsbereichen gesondert in der Spalte Beschäftigungsgruppe / Funktion zu kennzeichnen. Funktionsbereiche Die Differenzierung der Mitarbeiter nach Beschäftigungsgruppen innerhalb der anderen Funktionsbereiche basiert auf den Richtlinien nach §§ 72 und 82c SGB XI: * Pflege- und Betreuungskräfte ohne mindestens einjährige Berufsausbildung * Pflege- und Betreuungskräfte mit mindestens einjähriger Berufsausbildung * Fachkräfte in den Bereichen Pflege und Betreuung mit mindestens dreijähriger Berufsausbildung Die Mitarbeiter Pflege und die Mitarbeiter Betreuung bilden einen gemeinsamen Funktionsbereich. Die Personalrelation beträgt bis 1 zu 1,7. Die Kosten für ggf. einzusetzende Leiharbeitskräfte basieren nicht auf dem Vergütungsmodell der Mitarbeiter der Kurzzeitpflegeeinrichtung und sind insofern als durchschnittliche Arbeitgeberbruttopersonalkosten (inkl. Arbeitgeberanteil zur Sozialversicherung) je Stellenanteil einzutragen. Die Mitarbeiter der zusätzlichen Betreuung und Aktivierung nach § 43b SGB XI bilden einen separaten Funktionsbereich. Die Personalrelation beträgt 1 zu 20. Im Funktionsbereich Leitung / Verwaltung (inkl. Anrechnung der Personalanteile bei Leistungserbringung durch den Träger oder Dritte) beträgt die Personalrelation bis 1 zu 15. Der Funktionsbereich Hauswirtschaft / Küche / Haustechnik wird zusammengefasst. Die Personalrelation (inkl. Anrechnung der Personalanteile bei Leistungserbringung durch Fremddienstleister) beträgt bis 1 zu 4,5.
A27: Wurde in den beiden Funktionsbereichen Leitung / Verwaltung und Hauswirtschaft / Küche / Haustechnik die maximale Personalmenge lt. Rahmenvertrag erreicht, können keine weiteren Personalanteile im entsprechenden Bereich der Fremdleistungen berücksichtigt werden. Kurzzeitpflegeeinrichtungen können eine höhere personelle Ausstattung mit Pflege- und Betreuungspersonal vereinbaren, wenn in der bestehenden Pflegesatzvereinbarung eine höhere Personalausstattung vereinbart ist und diese personelle Ausstattung von der Kurzzeitpflegeeinrichtung tatsächlich vorgehalten wird (Bestandsschutz). Für Freiwillige Dienste und FSJ sind im Antrag Brutto-Personalkosten je Stelle und Jahr darzustellen. Die Gliederung der Bestandteile der Entlohnung folgt den Richtlinien nach §§ 72 und 82c SGB XI. Die dortigen Hinweise zur Zuordnung der Entlohnungsbestandteile sind dabei zu berücksichtigen. Die Pflegeeinrichtungen haben die Entlohnung grundsätzlich in Geld zu zahlen. Mit Zustimmung der betreffenden Arbeitnehmerinnen und Arbeitnehmer ist es ebenfalls möglich, die Entlohnung anstatt der Zahlung in Geld auch anteilig in Form von Sach- und Dienstleistungen und anderen geldwerten Leistungen (z.B. Beiträge zur betrieblichen Altersvorsorge) zu leisten. In diesen Fällen müssen die entsprechenden Sach- oder Dienstleistungen oder anderen geldwerten Leistungen mit ihrem Geldwert unter „weitere zusätzliche Zuschläge / Zulagen / betriebliche Altersversorgung abgebildet werden. Bei der betrieblichen Altersvorsorge ist in dem Fall zu beachten, dass dann ein pauschaler Zuschlag für alle Mitarbeiter (siehe oberer Teil der Tabelle) ausgeschlossen ist. Die Zustimmung der betreffenden Arbeitnehmerinnen und Arbeitnehmer ist nachzuweisen. Die Kurzzeitpflegeeinrichtung kann bei der prognostischen Eintragung des monatlichen Grundlohns / -gehalts entscheiden, ob die Angabe je Stellenanteil oder je VK erfolgt. Einer VK liegt immer eine wöchentliche Arbeitszeit von 40 Stunden zu Grunde. An diese Wahl ist die Kurzzeitpflegeeinrichtung dann für alle Mitarbeiter bei der Eintragung gebunden. Es ist zwischen Vermögenswirksamen Leistungen (VWL) und betrieblicher Altersversorgung zu unterscheiden. Die VWL gehen in den arbeitszeitnormierten Stundenlohn ein. Zu den regelmäßigen und fixen pflegetypischen Zulagen gehören Pflege- und Geriatriezulagen, Schicht- und Wechselschichtzulagen für ständige Schicht- / Wechselschichtarbeit, Erschwerniszulagen, Stellenzulagen o. ä.
A28: Die durchschnittlich für einen Monat gezahlte Entlohnung für Bereitschaftsdienst und Rufbereitschaft ist separat zu erfassen. Variable pflegetypische Zuschläge sind auf den Grundlohn / -gehalt zu zahlende Zuschläge für Nachtarbeit, Sonntagsarbeit und Feiertagsarbeit. Diese Zuschläge sind i.d.R. sv-frei. Zu den regelmäßigen Jahressonderzahlungen zählen z.B. Urlaubs- / Weihnachtsgeld. Die Kurzzeitpflegeeinrichtung kann außerhalb des arbeitszeitnormierten Stundenlohns weitere Lohnbestandteile hinterlegen. Dazu zählt z.B. die betriebliche Altersversorgung. Bei der betrieblichen Altersversorgung besteht die Möglichkeit eines pauschalierten Zuschlags für alle Mitarbeiter (siehe oberer Teil der Tabelle) oder einer individuellen Zuordnung auf jeden einzelnen Mitarbeiter. Eine Vermischung beider Varianten ist nicht möglich. Der Arbeitgeberanteil zur Sozialversicherung wird automatisch auf die Arbeitnehmerbruttopersonalkosten aufgeschlagen. Dazu ist es zwingend erforderlich, dass im oberen Teil die Felder Arbeitgeberanteil zur Sozialversicherung und Arbeitgeberanteil zur Sozialversicherung bei geringfügig Beschäftigten ausgefüllt sind. Der Arbeitgeberanteil zur Sozialversicherung umfasst die Kranken-, Renten-, Pflege- und Arbeitslosenversicherung, ggf. Umlage 1, die Umlage 2 und die Insolvenzgeldumlage. Im unteren Teil der Tabelle zur Personalkostenaufstellung wird zusammenfassend ein Überblick gemäß den Richtlinien nach §§ 72 und 82c SGB XI zum einrichtungsindividuellen Entgelt für die drei Qualifikationsgruppen sowohl getrennt als auch zusammengefasst ausgewiesen. In diese durchschnittliche Ermittlung gehen die PDL, die stellvertretende PDL und Leiharbeitskräfte nicht mit ein. Der Durchschnittsbetrachtung liegt eine wöchentliche Arbeitszeit von 40 Stunden zu Grunde.
A30: 2.4. Mappe Personalaufwendungen Die Kurzzeitpflegeeinrichtung hat zum Stichtag die Mitarbeiter in VK nach den Funktionsbereichen anzugeben. Eine VK wird mit 40 Stunden / Woche kalkuliert. Mitarbeiter mit davon abweichenden Arbeitszeiten sind entsprechend umzurechnen. Bei Neueröffnungen entfallen die Angaben zu Vollkräfte Gesamt (Stichtag). Die Angaben zur Prognose werden vollständig aus der Mappe Personalkostenaufstellung übernommen und können hier nicht korrigiert werden. Änderungen erfolgen ausschließlich in der Mappe Personalkostenaufstellung. Die Kurzzeitpflegeeinrichtung hat entsprechend § 20a Abs. 3 des Rahmenvertrages die ständige Anwesenheit einer Pflegefachperson zu gewährleisten. Wurde in der Mappe Personalkostenaufstellung für die Prognose die maximal mögliche Personalmenge lt. Rahmenvertrag in dem jeweiligen Funktionsbereich erreicht oder überschritten, erfolgt ein Hinweis. Die Personalnebenkosten werden separat ausgewiesen. Dazu gehören die Beiträge zur Berufsgenossenschaft, die Ausgleichsabgabe gemäß § 160 SGB IX, Fort- und Weiterbildungskosten, Kosten des Arbeits- und Gesundheitsschutzes. Die Personalnebenkosten werden prozentual den Bruttopersonalkosten (Prognose) der einzelnen Bereiche zugerechnet. Sofern der Arbeitgeber den Mitarbeitern steuerfreie Sachbezüge im Sinne § 8 Abs. 2 Satz 11 EstG gewährt, sind diese separat auszuweisen. Aufmerksamkeiten des Arbeitgebers werden den Verwaltungskosten zugerechnet. In der Gesamtvergütung ist ein Zuschlag für eine angemessene Vergütung des Unternehmerrisikos und eines zusätzlichen persönlichen Arbeitseinsatzes des Unternehmers sowie eine angemessene Verzinsung des Eigenkapitals zu berücksichtigen. | D30: zurück
A32: 2.5. Mappe Sachaufwendungen Zur Berücksichtigung von Einzelpositionen siehe Hinweise Sachaufwendungen. Die Sachaufwendungen sind für den Zeitraum von 12 Monaten anzugeben. Dieser Zeitraum soll mit dem angegebenen Zeitraum der Personalkosten übereinstimmen. Wird hier ein abweichender Zeitraum zugrunde gelegt, sind für diesen Zeitraum zusätzlich die Belegungstage anzugeben. Bei Neugründungen entfallen diese Angaben. In der Gesamtvergütung ist ein Zuschlag für eine angemessene Vergütung des Unternehmerrisikos und eines zusätzlichen persönlichen Arbeitseinsatzes des Unternehmers sowie eine angemessene Verzinsung der Eigenkapitals zu berücksichtigen. | D32: zurück
A34: 2.6. Mappe Forderung Personelle Ausstattung der Kurzzeitpflegeeinrichtung: Die Angaben zur Personalausstattung erfolgen in VK und als Personalrelation. Es wird die Zahl der Einsatzstellen Freiwillige Dienste / FSJ ausgewiesen. Die Werte werden automatisch aus der Mappe Personalaufwendungen übernommen bzw. errechnet. Änderungen können ausschließlich in der Mappe Personalkostenaufstellung vorgenommen werden. | D34: zurück
A35: Pflegesätze und Entgelte: Es werden aus den bisher gemachten Angaben zur Auslastung, zu den Personalaufwendungen und zu den Sachaufwendungen für die Kurzzeitpflege ein pflegegradunabhängiger Pflegesatz, der Vergütungszuschlag nach § 43 b SGB XI, die Entgelte für Unterkunft und für Verpflegung ermittelt. Änderungen können ausschließlich in der Mappe Personalkostenaufstellung und / oder Sachaufwendungen vorgenommen werden.
A36: Prüfung der Angaben im Antrag Hier wird nochmals die Plausibilität der Eintragungen aus gesetzlicher und rahmenvertraglicher Sicht geprüft. Man kann direkt auf die Mappe wechseln, in der Änderungen erforderlich sind. Erst wenn alle Punkte mit ja bewertet werden können, ist eine Berechnung der Pflegesätze, der Entgelte für Unterkunft und für Verpflegung bzw. des Vergütungszuschlages gemäß § 43 b SGB XI möglich.
A38: 2.7. Mappe Gesamtkalkulation Die Gesamtkalkulation fasst die vorangegangenen Angaben zur Ermittlung der Entgeltbestandteile zusammen. Hier kann die Kurzzeitpflegeeinrichtung keine Änderungen vornehmen. Ggf. sind Korrekturen auf den vorhergehenden Seiten erforderlich. | D38: zurück
A40: 2.8. Mappe Bewohnervertretung Vollstationäre Pflegeeinrichtungen haben gemäß § 85 Abs. 3 SGB XI zum Zeitpunkt der Antragstellung eine Stellungnahme der Bewohnervertretung beizufügen. | D40: zurück

Sheet Allgemeine Angaben
A1: Aufforderung zum Abschluss einer Pflegesatzvereinbarung gemäß §§ 84, 85 SGB XI
A2: Allgemeine Angaben
A3: =IF(D11>0,CONCATENATE(D11,", ",D15," ",J15),"")
A4: =IF(L6>0,CONCATENATE("IK"," ",L6),"") | K4: Antrag vom:
A5: 46307 | I5: =IFERROR(IF(L4=0,"Antragsdatum bitte angeben.",IF(DATEDIF(L4,H50,"m")>4,"Antragstellung max. 4 Monate vor Laufzeitbeginn.","")),"") -> Antragsdatum bitte angeben.
B6: Art der Einrichtung: | D6: =KAT!A3 -> Kurzzeitpflege | K6: Institutionskennzeichen:
B9: Allgemeine Angaben zur Pflegeeinrichtung und zum Träger
D10: =IF(AND(D6=0,D11<>0),"bitte wählen Sie noch die Art der Einrichtung aus","")
B11: Pflegeeinrichtung:
D12: Name der Einrichtung
D14: Straße
D16: PLZ | J16: Ort
D18: Telefon | J18: Fax
D20: E-Mail | J20: Web-Adresse
D22: Einrichtungsleitung | J22: PDL
B25: In Trägerschaft von:
D26: Name des Trägers
D28: Straße
D30: PLZ | J30: Ort
D32: Telefon | J32: Fax
D34: E-Mail | J34: Web-Adresse
D36: Ansprechpartner/ Funktion
B38: Zugehörigkeit zu einer Vereinigung von Trägern von stationären Pflegeeinrichtungen im Land
G40: Wenn ja, welche?
B42: Hiermit erteilen wir o.g. Vereinigung Verhandlungsmandat
B44: Zulassungsdatum der Pflegeeinrichtung:
K45: =IF(AND(H44="",H50<>""),"Bitte Erfassung des Zulassungsdatums!","")
B46: Platzzahl der Pflegeeinrichtung entsprechend des Versorgungsvertrages:
B48: Pflegeeinrichtungskonzeption Stand:
B50: Vereinbarungszeitraum : | F50: von | J50: bis
K51: =IF(H50<H44,"Antrag liegt vor Zulassungsdatum.","")
B52: letzter Vereinbarungszeitraum | F52: von | J52: bis
H53: =IF(H50<=K52,"Vereinbarungsbeginn kann nicht vor Laufzeitende der aktuellen Vereinbarung liegen!","") -> Vereinbarungsbeginn kann nicht vor Laufzeitende der aktuellen Vereinbarung liegen!
B54: Parteien der Pflegesatzvereinbarung (gem. § 85 Abs. 2 SGB XI)
C56: Pflegekassen:
C57: AOK PLUS | H57: Anteil in %
C58: vdek | H58: Anteil in %
C59: BKK | H59: Anteil in %
C60: IKK | H60: Anteil in %
C61: Knappschaft | H61: Anteil in %
C62: PKV | H62: Anteil in %
C63: Sonstige Sozialversicherungsträger | H63: Anteil in %
K64: =IF(H50>H44,IF(OR(SUM(K57:K63)<100,SUM(K57:K63)>100),"Anteil der Kostenträger entspricht nicht 100%.",""),"")
H65: davon Träger der Sozialhilfe in %
K66: =IF(H50>H44,IF(AND(H50>0,K65<5.001),"Mappe 'Allgemeine Angaben' und Mappe 'Forderung' an den KSV senden!",""),"")
B68: Nachrichtliche Angaben zum Zeitpunkt der Antragstellung und nicht Gegenstand dieses Antrages
B70: Ausbildungsbetrieb und/oder Praktikumsbetrieb nach dem Pflegeberufegesetz
D78: gehe weiter zu Belegung

Sheet Belegung_wö. Arbeitszeit
A1: ='Allgemeine Angaben'!A1:N1 -> Aufforderung zum Abschluss einer Pflegesatzvereinbarung gemäß §§ 84, 85 SGB XI
A2: Belegungsdaten
A3: ='Allgemeine Angaben'!A3:N3
A4: ='Allgemeine Angaben'!A4:N4
B6: Art der Einrichtung: | D6: =KAT!A3 -> Kurzzeitpflege | F6: kalkulatorischer Auslastungsquote:
F7: =IF('Allgemeine Angaben'!H44="","",IF(KAT!E7<12,"Auslastung bitte mit "&TEXT(KAT!E5/100,"0 %")&" angeben",IF(AND(KAT!E7>=12,KAT!E7<24),"Auslastung bitte mit "&TEXT(KAT!E4/100,"0 %")&" angeben","Auslastung kann mit 5 % unter der tatsächlichen Auslastung der letzten 24 Monate, mindestens jedoch mit "&TEXT(KAT!E3/100,"0 %")&" angegeben werden")))
B8: jährliche Öffnungstage: | D8: =KAT!D2 -> 365
B11: Belegungsdaten
C13: letzten 24 Kalendermonate | D13: Stichtag (Datum) | E13: Prognose ab:
B14: von: | E14: =IF('Allgemeine Angaben'!H50>0,'Allgemeine Angaben'!H50,"")
B15: bis: | D15: =IF('Allgemeine Angaben'!H50='Allgemeine Angaben'!H44,"",IF('Allgemeine Angaben'!L4=""," Antragsdatum fehlt.",IF(DATEDIF(D14,'Allgemeine Angaben'!L4,"m")>3,"Stichtag darf nicht mehr als 3 Monate vor Datum der Antragstellung liegen, bitte korrigieren.","")))
B16: =IF('Allgemeine Angaben'!D7="kzp","Anzahl Monate:","") | C16: =IF(AND(C14>0,C15>0),DATEDIF(C14,C15,"m")+1,"")
C17: =IFERROR(IF(AND(KAT!E7>0,OR(C14="",C15="")),"Bitte Belegungszeitraum vollständig angeben",""),"") | E17: Berechnungstage/Jahr
C18: =IFERROR(IF(AND(OR(KAT!E7=30,KAT!E7>30),'Belegung_wö. Arbeitszeit'!C16<>24),"Belegung für letzten 24 Kalendermonate angeben.",""),"") | E18: =IF(ISERROR('Allgemeine Angaben'!L46*G6*D8/100),"",'Allgemeine Angaben'!L46*G6*D8/100) -> 0
C19: =IF(AND('Allgemeine Angaben'!H50>'Belegung_wö. Arbeitszeit'!H44,DATEDIF(C14,'Allgemeine Angaben'!H50,"m")>30),"Belegungsbeginn darf nicht mehr als 30 Monate vor Laufzeitbeginn liegen","")
B20: Pflegegrad | C20: Belegungstage | D20: Pflegebedürftige | E20: Pflegebedürftige
C21: =("in den letzten "&IF(ISNUMBER(C16),TEXT(C16,"## "),"24 ")& "Kalendermonaten") -> in den letzten 24 Kalendermonaten | D21: zum Stichtag | E21: prognostisch ab
D22: =IF(D14>0,D14,"") | E22: =IF(E14>0,E14,"")
B24: 1
B25: 2
B26: 3
B27: 4
B28: 5
B30: Summe | C30: =SUM(C24:C28) -> 0 | D30: =SUM(D24:D28) -> 0 | E30: =SUM(E24:E28) -> 0
D32: =IF(D30>'Allgemeine Angaben'!L46,"Stichtagsbelegung übersteigt Platzzahl ","") | E32: =IF(E30>0,IF(E30<>'Allgemeine Angaben'!L46," Prognose entspricht nicht Platzzahl.",""),"")
B35: Wöchentliche Arbeitszeit
B37: Wöchentliche Arbeitszeit je Vollkraft laut Tarif / AVR / betrieblicher Regelung:
B38: =IF(F37<>40,"Beachten Sie, dass laut Rahmenvertrag die Stellenumfänge und Personalaufwendungen immer auf Basis von 40 h/Woche für eine Vollkraft abzubilden sind!","") -> Beachten Sie, dass laut Rahmenvertrag die Stellenumfänge und Personalaufwendungen immer auf Basis von 40 h/Woche für eine Vollkraft abzubilden sind!
B66: gehe weiter zu Personalkostenaufstellung

Sheet Personalkostenaufstellung
A1: Personalkostenaufstellung nach Tätigkeit und Vergütungsgruppe | F1: Personalkostenaufstellung nach Tätigkeit und Vergütungsgruppe | X1: Antrag vom: | Y1: ='Allgemeine Angaben'!L4 -> 0
A4: =F4 -> Name der Einrichtung: | B4: =IF('Allgemeine Angaben'!D11="","",'Allgemeine Angaben'!D11) | F4: Name der Einrichtung: | G4: =B4
A5: =F5 -> Ort der Einrichtung: | B5: =IF(AND('Allgemeine Angaben'!D15="",'Allgemeine Angaben'!J15=""),"",'Allgemeine Angaben'!D15&" "&'Allgemeine Angaben'!J15) | F5: Ort der Einrichtung: | G5: =B5
A6: IK: | B6: =IF('Allgemeine Angaben'!L6="","",'Allgemeine Angaben'!L6) | F6: IK: | G6: =B6
AG8: STD_VG_PFK/BFK | AH8: STD_VG_PK/BK | AI8: STD_VG_PK/BK o. | AJ8: STD_VG_einr. ind.En. | AK8: VK_PFK/BFK | AL8: VK_PK/BK | AM8: VK_PK/BK o. | AN8: PFK/BFK - Ges.PK €/VK/J | AO8: PK/BK - Ges.PK €/VK/J | AP8: PK/BK o. - Ges.PK €/VK/J
A9: Antrag vom: | B9: ='Allgemeine Angaben'!L4 -> 0 | F9: Antrag vom: | G9: =B9 -> 0 | AG9: =G290 -> 0 | AH9: =H290 -> 0 | AI9: =J290 -> 0 | AJ9: =G296 -> 0 | AK9: =G292 -> 0 | AL9: =H292 -> 0 | AM9: =J292 -> 0 | AN9: =G298 -> 0 | AO9: =H298 -> 0 | AP9: =J298 -> 0
A11: Angaben für den abgeschlossenen Zeitraum - auf Basis 40 h / Woche je VK (siehe RV) | F11: Angaben für den Prognosezeitraum - auf Basis 40 h / Woche je VK ( siehe RV)
J12: unmittelbare Bindung Tarif/ AVR:
J13: Entlohnung nach:
A14: Zeitraum der 12 Kalendermonate: | J14: Welche/r Tarif/AVR | R14: =IF(AND(M13="Tarif/AVR maßgebend",M12="nein"),"Festlegungen zur Anlehnung an den Tarifvertrag / Musterarbeitsverträge beifügen.",IF(M12="ja","Tarifvertrag inkl. Tabellenentgelte beifügen.",""))
J15: Fassung vom: | O15: =IF(AND(M13="Tarif/AVR maßgebend",M12="nein"),"Festlungen zur Tarifanlehnung:",IF(M12="ja","Anlagen zum Tarif/AVR:",""))
B16: von:
K17: Arbeitgeberanteile zur Sozialversicherung: | Q17: % | T17: Folgenden Personalkostensteigerungen wurden in die Prognose eingearbeitet:
B18: bis: | K18: Beiträge zur Altersvorsorge: | Q18: % | T18: Steigerung ab:
T19: Prozent:
A20: Belegungstage für diesen Zeitraum: | K20: Sozialversicherungsbeitrag "geringfügig Beschäftigte" | Q20: %
A21: Angaben beziehen sich auf den o.g. Zeitraum
A22: Pseudonym Nummer (bei geringfügig Beschäftigten bitte GfB eingeben) | B22: durchschnittlicher Stellenanteil VK/Jahr | C22: Arbeitnehmer-bruttopersonal-kosten in € je Stellenanteil/Jahr | D22: Arbeitgeber-bruttopersonal-kosten (inkl. SV-AG) in € je Stellenanteil/Jahr | E22: Arbeitgeber-bruttopersonal-kosten (inkl. SV-AG) in € je VK/Jahr | F22: Pseudonym Nummer (bei geringfügig Beschäftigten bitte GfB eingeben) | G22: Differenzierung nach Beschäftigungs-gruppen / Funktion | H22: Stellenanteil je VK | I22: Entgeltgruppe | J22: Stufe | K22: monatlicher Grundlohn/-gehalt in € je | M22: monatliche Zahlungen (AN-Brutto) in € je Stellenanteil | T22: regelmäßige Jahressonderzahlungen je Stellenanteil und Jahr | V22: monatliche Zahlungen (AN-Brutto) in € je Stellenanteil | X22: durchschnittliche Arbeitgeber-bruttopersonalkosten (inkl. SV-AG) in € je Stellenanteil | Y22: durchschnittliche Gesamt- bruttopersonalkosten in € je VK
K23: Bitte auswählen! Angabe Grundlohn/-gehalt je VK oder je Stellenanteil | M23: Grundlohn/-gehalt | N23: Besitzstand | O23: VWL | P23: regelmäßige und fixe pflegetypische Zulagen | Q23: Rufbereitschaft, Bereitschaftsdienst | R23: variable pflegetypische Zuschläge (Sonntags-,Feiertags-und Nachtzuschläge) | T23: Urlaubsgeld | U23: Jahressonder- zahlung/ Weihnachts- geld | V23: weitere zusätzliche Zuschläge/Zulagen / betriebliche Altersversorgung | AA23: PFK/BFK | AF23: PK/BK | AK23: PK/BK o. | AP23: VK-Zahl | AS23: durchschnittliche Gesamtbruttopersonalkosten je Stellenumfang
K24: Bitte auswählen | L24: VK (nachrichtlich) | P24: sv-pflichtig | Q24: sv-pflichtig | R24: sv-pflichtig | S24: sv-frei | V24: sv-pflichtig | W24: sv-frei | AA24: mtl. Grundgehalt inkl. Besitzstand | AB24: mtl. VWL | AC24: mtl. pflegetypische fixe Zulagen | AD24: mtl. Rufbereitschaft/ Bereitschaftsdienst | AE24: mtl. Einmalzahlungen | AF24: mtl. Grundgehalt | AG24: mtl. VWL | AH24: mtl. pflegetypische fixe Zulagen | AI24: mtl. Rufbereitschaft/ Bereitschaftsschaftsdienst | AJ24: mtl. Einmalzahlungen | AK24: mtl. Grundgehalt | AL24: mtl. VWL | AM24: mtl. pflegetypische fixe Zulagen | AN24: mtl. Rufbereitschaft/ Bereitschaftsschaftsdienst | AO24: mtl. Einmalzahlungen | AP24: PFK/BFK | AQ24: PK/BK | AR24: PK/BK o. | AS24: PFK/BFK | AT24: PK/BK | AU24: PK/BK o.
A26: 1.1. Pflegedienstleitung / stellvertretende Pflegedienstleitung | F26: 1.1. Pflegedienstleitung / stellvertretende Pflegedienstleitung
E27: =IFERROR(D27/B27,0) -> 0 | L27: =IFERROR(IF($K$24="VK",K27,K27/H27),0) -> 0 | M27: =IFERROR(L27*H27,"") -> 0 | X27: =IF(AND(H27>0,F27<>"GfB"),(SUM(M27:P27,R27,V27,Q27)*12+(T27+U27))*(100+$P$17+$P$18)%+((S27+W27)*12),IF(AND(H27>0,F27="GfB"),(SUM(M27:P27,R27,V27,Q27)*12+(T27+U27))*(100+$P$20+$P$18)%+((S27+W27)*12),0)) -> 0 | Y27: =IF(ISERROR(X27/H27),0,(X27/H27)) -> 0
E28: =IFERROR(D28/B28,0) -> 0 | L28: =IFERROR(IF($K$24="VK",K28,K28/H28),0) -> 0 | M28: =IFERROR(L28*H28,"") -> 0 | X28: =IF(AND(H28>0,F28<>"GfB"),(SUM(M28:P28,R28,V28,Q28)*12+(T28+U28))*(100+$P$17+$P$18)%+((S28+W28)*12),IF(AND(H28>0,F28="GfB"),(SUM(M28:P28,R28,V28,Q28)*12+(T28+U28))*(100+$P$20+$P$18)%+((S28+W28)*12),0)) -> 0 | Y28: =IF(ISERROR(X28/H28),0,(X28/H28)) -> 0
E29: =IFERROR(D29/B29,0) -> 0 | L29: =IFERROR(IF($K$24="VK",K29,K29/H29),0) -> 0 | M29: =IFERROR(L29*H29,"") -> 0 | X29: =IF(AND(H29>0,F29<>"GfB"),(SUM(M29:P29,R29,V29,Q29)*12+(T29+U29))*(100+$P$17+$P$18)%+((S29+W29)*12),IF(AND(H29>0,F29="GfB"),(SUM(M29:P29,R29,V29,Q29)*12+(T29+U29))*(100+$P$20+$P$18)%+((S29+W29)*12),0)) -> 0 | Y29: =IF(ISERROR(X29/H29),0,(X29/H29)) -> 0
E30: =IFERROR(D30/B30,0) -> 0 | L30: =IFERROR(IF($K$24="VK",K30,K30/H30),0) -> 0 | M30: =IFERROR(L30*H30,"") -> 0 | X30: =IF(AND(H30>0,F30<>"GfB"),(SUM(M30:P30,R30,V30,Q30)*12+(T30+U30))*(100+$P$17+$P$18)%+((S30+W30)*12),IF(AND(H30>0,F30="GfB"),(SUM(M30:P30,R30,V30,Q30)*12+(T30+U30))*(100+$P$20+$P$18)%+((S30+W30)*12),0)) -> 0 | Y30: =IF(ISERROR(X30/H30),0,(X30/H30)) -> 0
E31: =IFERROR(D31/B31,0) -> 0 | L31: =IFERROR(IF($K$24="VK",K31,K31/H31),0) -> 0 | M31: =IFERROR(L31*H31,"") -> 0 | X31: =IF(AND(H31>0,F31<>"GfB"),(SUM(M31:P31,R31,V31,Q31)*12+(T31+U31))*(100+$P$17+$P$18)%+((S31+W31)*12),IF(AND(H31>0,F31="GfB"),(SUM(M31:P31,R31,V31,Q31)*12+(T31+U31))*(100+$P$20+$P$18)%+((S31+W31)*12),0)) -> 0 | Y31: =IF(ISERROR(X31/H31),0,(X31/H31)) -> 0
E32: =IFERROR(D32/B32,0) -> 0 | L32: =IFERROR(IF($K$24="VK",K32,K32/H32),0) -> 0 | M32: =IFERROR(L32*H32,"") -> 0 | X32: =IF(AND(H32>0,F32<>"GfB"),(SUM(M32:P32,R32,V32,Q32)*12+(T32+U32))*(100+$P$17+$P$18)%+((S32+W32)*12),IF(AND(H32>0,F32="GfB"),(SUM(M32:P32,R32,V32,Q32)*12+(T32+U32))*(100+$P$20+$P$18)%+((S32+W32)*12),0)) -> 0 | Y32: =IF(ISERROR(X32/H32),0,(X32/H32)) -> 0
A33: 1.1. Summe Pflegedienstleitung / stellvertretende Pflegedienstleitung: | B33: =SUM(B27:B32) -> 0 | C33: =IFERROR(SUM(C27:C32)/B33,0) -> 0 | D33: =SUM(D27:D32) -> 0 | E33: =IFERROR(D33/B33,0) -> 0 | F33: 1.1. Summe Pflegedienstleitung / stellvertretende Pflegedienstleitung: | H33: =SUM(H27:H32) -> 0 | M33: =IFERROR(SUM(M27:M32)/H33,0) -> 0 | N33: =IFERROR(SUM(N27:N32)/H33,0) -> 0 | O33: =IFERROR(SUM(O27:O32)/H33,0) -> 0 | P33: =IFERROR(SUM(P27:P32)/H33,0) -> 0 | Q33: =IFERROR(SUM(Q27:Q32)/H33,0) -> 0 | R33: =IFERROR(SUM(R27:R32)/H33,0) -> 0 | S33: =IFERROR(SUM(S27:S32)/H33,0) -> 0 | T33: =IFERROR(SUM(T27:T32)/H33,0) -> 0 | U33: =IFERROR(SUM(U27:U32)/H33,0) -> 0 | V33: =IFERROR(SUM(V27:V32)/H33,0) -> 0 | W33: =IFERROR(SUM(W27:W32)/H33,0) -> 0 | X33: =SUM(X27:X32) -> 0 | Y33: =IFERROR(SUM(X33/H33),0) -> 0
H34: =IF(H33>KAT!C12,"max. Stellenumfang lt. Rahmenvertrag für die PDL / stellv. PDL bis zu "&TEXT(KAT!C12,"0,0000")&" VK","")
A36: 1.2. Pflege / Betreuung | F36: 1.2. Pflege / Betreuung
A37: 1.2.1. Pflege- / Betreuungsfachkräfte mit mind. dreijähriger Berufsausbildung | F37: 1.2.1. Pflege- / Betreuungsfachkräfte mit mind. dreijähriger Berufsausbildung (inkl. Stellenanteil PDL / stellvertretende PDL oberhalb der Rahmenvertragsvorgaben) | AA37: bei der Berechnung des GVWG bleibt die PDL, stellv. PDL unberücksichtigt!
E38: =IFERROR(D38/B38,0) -> 0 | L38: =IFERROR(IF($K$24="VK",K38,K38/H38),0) -> 0 | M38: =IFERROR(L38*H38,"") -> 0 | X38: =IF(AND(H38>0,F38<>"GfB"),(SUM(M38:P38,R38,V38,Q38)*12+(T38+U38))*(100+$P$17+$P$18)%+((S38+W38)*12),IF(AND(H38>0,F38="GfB"),(SUM(M38:P38,R38,V38,Q38)*12+(T38+U38))*(100+$P$20+$P$18)%+((S38+W38)*12),0)) -> 0 | Y38: =IF(ISERROR(X38/H38),0,(X38/H38)) -> 0 | AA38: =IF(OR(G38="PDL",G38="stellv. PDL"),0,(IF(AND($H38>0,$K38>0),($M38+$N38),0))) -> 0 | AB38: =IF(OR(G38="PDL",G38="stellv. PDL"),0,(IF(AND($H38>0,$K38>0),$O38,0))) -> 0 | AC38: =IF(OR(G38="PDL",G38="stellv. PDL"),0,(IF(AND($H38>0,$K38>0),($P38),0))) -> 0 | AD38: =IF(OR(G38="PDL",G38="stellv. PDL"),0,(IF(AND($H38>0,$K38>0),$Q38,0))) -> 0 | AE38: =IF(OR(G38="PDL",G38="stellv. PDL"),0,(IF(AND($H38>0,$K38>0),(($T38+$U38)/12),0))) -> 0 | AP38: =IF(OR(G38="PDL",G38="stellv. PDL"),0,IF(AND($H38>0,$K38>0),$H38,0)) -> 0 | AS38: =IF(OR(G38="PDL",G38="stellv. PDL"),0,IF(AND($H38>0,$K38>0),$X38,0)) -> 0
E39: =IFERROR(D39/B39,0) -> 0 | L39: =IFERROR(IF($K$24="VK",K39,K39/H39),0) -> 0 | M39: =IFERROR(L39*H39,"") -> 0 | X39: =IF(AND(H39>0,F39<>"GfB"),(SUM(M39:P39,R39,V39,Q39)*12+(T39+U39))*(100+$P$17+$P$18)%+((S39+W39)*12),IF(AND(H39>0,F39="GfB"),(SUM(M39:P39,R39,V39,Q39)*12+(T39+U39))*(100+$P$20+$P$18)%+((S39+W39)*12),0)) -> 0 | Y39: =IF(ISERROR(X39/H39),0,(X39/H39)) -> 0 | AA39: =IF(OR(G39="PDL",G39="stellv. PDL"),0,(IF(AND($H39>0,$K39>0),($M39+$N39),0))) -> 0 | AB39: =IF(OR(G39="PDL",G39="stellv. PDL"),0,(IF(AND($H39>0,$K39>0),$O39,0))) -> 0 | AC39: =IF(OR(G39="PDL",G39="stellv. PDL"),0,(IF(AND($H39>0,$K39>0),($P39),0))) -> 0 | AD39: =IF(OR(G39="PDL",G39="stellv. PDL"),0,(IF(AND($H39>0,$K39>0),$Q39,0))) -> 0 | AE39: =IF(OR(G39="PDL",G39="stellv. PDL"),0,(IF(AND($H39>0,$K39>0),(($T39+$U39)/12),0))) -> 0 | AP39: =IF(OR(G39="PDL",G39="stellv. PDL"),0,IF(AND($H39>0,$K39>0),$H39,0)) -> 0 | AS39: =IF(OR(G39="PDL",G39="stellv. PDL"),0,IF(AND($H39>0,$K39>0),$X39,0)) -> 0
E40: =IFERROR(D40/B40,0) -> 0 | L40: =IFERROR(IF($K$24="VK",K40,K40/H40),0) -> 0 | M40: =IFERROR(L40*H40,"") -> 0 | X40: =IF(AND(H40>0,F40<>"GfB"),(SUM(M40:P40,R40,V40,Q40)*12+(T40+U40))*(100+$P$17+$P$18)%+((S40+W40)*12),IF(AND(H40>0,F40="GfB"),(SUM(M40:P40,R40,V40,Q40)*12+(T40+U40))*(100+$P$20+$P$18)%+((S40+W40)*12),0)) -> 0 | Y40: =IF(ISERROR(X40/H40),0,(X40/H40)) -> 0 | AA40: =IF(OR(G40="PDL",G40="stellv. PDL"),0,(IF(AND($H40>0,$K40>0),($M40+$N40),0))) -> 0 | AB40: =IF(OR(G40="PDL",G40="stellv. PDL"),0,(IF(AND($H40>0,$K40>0),$O40,0))) -> 0 | AC40: =IF(OR(G40="PDL",G40="stellv. PDL"),0,(IF(AND($H40>0,$K40>0),($P40),0))) -> 0 | AD40: =IF(OR(G40="PDL",G40="stellv. PDL"),0,(IF(AND($H40>0,$K40>0),$Q40,0))) -> 0 | AE40: =IF(OR(G40="PDL",G40="stellv. PDL"),0,(IF(AND($H40>0,$K40>0),(($T40+$U40)/12),0))) -> 0 | AP40: =IF(OR(G40="PDL",G40="stellv. PDL"),0,IF(AND($H40>0,$K40>0),$H40,0)) -> 0 | AS40: =IF(OR(G40="PDL",G40="stellv. PDL"),0,IF(AND($H40>0,$K40>0),$X40,0)) -> 0
E41: =IFERROR(D41/B41,0) -> 0 | L41: =IFERROR(IF($K$24="VK",K41,K41/H41),0) -> 0 | M41: =IFERROR(L41*H41,"") -> 0 | X41: =IF(AND(H41>0,F41<>"GfB"),(SUM(M41:P41,R41,V41,Q41)*12+(T41+U41))*(100+$P$17+$P$18)%+((S41+W41)*12),IF(AND(H41>0,F41="GfB"),(SUM(M41:P41,R41,V41,Q41)*12+(T41+U41))*(100+$P$20+$P$18)%+((S41+W41)*12),0)) -> 0 | Y41: =IF(ISERROR(X41/H41),0,(X41/H41)) -> 0 | AA41: =IF(OR(G41="PDL",G41="stellv. PDL"),0,(IF(AND($H41>0,$K41>0),($M41+$N41),0))) -> 0 | AB41: =IF(OR(G41="PDL",G41="stellv. PDL"),0,(IF(AND($H41>0,$K41>0),$O41,0))) -> 0 | AC41: =IF(OR(G41="PDL",G41="stellv. PDL"),0,(IF(AND($H41>0,$K41>0),($P41),0))) -> 0 | AD41: =IF(OR(G41="PDL",G41="stellv. PDL"),0,(IF(AND($H41>0,$K41>0),$Q41,0))) -> 0 | AE41: =IF(OR(G41="PDL",G41="stellv. PDL"),0,(IF(AND($H41>0,$K41>0),(($T41+$U41)/12),0))) -> 0 | AP41: =IF(OR(G41="PDL",G41="stellv. PDL"),0,IF(AND($H41>0,$K41>0),$H41,0)) -> 0 | AS41: =IF(OR(G41="PDL",G41="stellv. PDL"),0,IF(AND($H41>0,$K41>0),$X41,0)) -> 0
E42: =IFERROR(D42/B42,0) -> 0 | L42: =IFERROR(IF($K$24="VK",K42,K42/H42),0) -> 0 | M42: =IFERROR(L42*H42,"") -> 0 | X42: =IF(AND(H42>0,F42<>"GfB"),(SUM(M42:P42,R42,V42,Q42)*12+(T42+U42))*(100+$P$17+$P$18)%+((S42+W42)*12),IF(AND(H42>0,F42="GfB"),(SUM(M42:P42,R42,V42,Q42)*12+(T42+U42))*(100+$P$20+$P$18)%+((S42+W42)*12),0)) -> 0 | Y42: =IF(ISERROR(X42/H42),0,(X42/H42)) -> 0 | AA42: =IF(OR(G42="PDL",G42="stellv. PDL"),0,(IF(AND($H42>0,$K42>0),($M42+$N42),0))) -> 0 | AB42: =IF(OR(G42="PDL",G42="stellv. PDL"),0,(IF(AND($H42>0,$K42>0),$O42,0))) -> 0 | AC42: =IF(OR(G42="PDL",G42="stellv. PDL"),0,(IF(AND($H42>0,$K42>0),($P42),0))) -> 0 | AD42: =IF(OR(G42="PDL",G42="stellv. PDL"),0,(IF(AND($H42>0,$K42>0),$Q42,0))) -> 0 | AE42: =IF(OR(G42="PDL",G42="stellv. PDL"),0,(IF(AND($H42>0,$K42>0),(($T42+$U42)/12),0))) -> 0 | AP42: =IF(OR(G42="PDL",G42="stellv. PDL"),0,IF(AND($H42>0,$K42>0),$H42,0)) -> 0 | AS42: =IF(OR(G42="PDL",G42="stellv. PDL"),0,IF(AND($H42>0,$K42>0),$X42,0)) -> 0
E43: =IFERROR(D43/B43,0) -> 0 | L43: =IFERROR(IF($K$24="VK",K43,K43/H43),0) -> 0 | M43: =IFERROR(L43*H43,"") -> 0 | X43: =IF(AND(H43>0,F43<>"GfB"),(SUM(M43:P43,R43,V43,Q43)*12+(T43+U43))*(100+$P$17+$P$18)%+((S43+W43)*12),IF(AND(H43>0,F43="GfB"),(SUM(M43:P43,R43,V43,Q43)*12+(T43+U43))*(100+$P$20+$P$18)%+((S43+W43)*12),0)) -> 0 | Y43: =IF(ISERROR(X43/H43),0,(X43/H43)) -> 0 | AA43: =IF(OR(G43="PDL",G43="stellv. PDL"),0,(IF(AND($H43>0,$K43>0),($M43+$N43),0))) -> 0 | AB43: =IF(OR(G43="PDL",G43="stellv. PDL"),0,(IF(AND($H43>0,$K43>0),$O43,0))) -> 0 | AC43: =IF(OR(G43="PDL",G43="stellv. PDL"),0,(IF(AND($H43>0,$K43>0),($P43),0))) -> 0 | AD43: =IF(OR(G43="PDL",G43="stellv. PDL"),0,(IF(AND($H43>0,$K43>0),$Q43,0))) -> 0 | AE43: =IF(OR(G43="PDL",G43="stellv. PDL"),0,(IF(AND($H43>0,$K43>0),(($T43+$U43)/12),0))) -> 0 | AP43: =IF(OR(G43="PDL",G43="stellv. PDL"),0,IF(AND($H43>0,$K43>0),$H43,0)) -> 0 | AS43: =IF(OR(G43="PDL",G43="stellv. PDL"),0,IF(AND($H43>0,$K43>0),$X43,0)) -> 0
E44: =IFERROR(D44/B44,0) -> 0 | L44: =IFERROR(IF($K$24="VK",K44,K44/H44),0) -> 0 | M44: =IFERROR(L44*H44,"") -> 0 | X44: =IF(AND(H44>0,F44<>"GfB"),(SUM(M44:P44,R44,V44,Q44)*12+(T44+U44))*(100+$P$17+$P$18)%+((S44+W44)*12),IF(AND(H44>0,F44="GfB"),(SUM(M44:P44,R44,V44,Q44)*12+(T44+U44))*(100+$P$20+$P$18)%+((S44+W44)*12),0)) -> 0 | Y44: =IF(ISERROR(X44/H44),0,(X44/H44)) -> 0 | AA44: =IF(OR(G44="PDL",G44="stellv. PDL"),0,(IF(AND($H44>0,$K44>0),($M44+$N44),0))) -> 0 | AB44: =IF(OR(G44="PDL",G44="stellv. PDL"),0,(IF(AND($H44>0,$K44>0),$O44,0))) -> 0 | AC44: =IF(OR(G44="PDL",G44="stellv. PDL"),0,(IF(AND($H44>0,$K44>0),($P44),0))) -> 0 | AD44: =IF(OR(G44="PDL",G44="stellv. PDL"),0,(IF(AND($H44>0,$K44>0),$Q44,0))) -> 0 | AE44: =IF(OR(G44="PDL",G44="stellv. PDL"),0,(IF(AND($H44>0,$K44>0),(($T44+$U44)/12),0))) -> 0 | AP44: =IF(OR(G44="PDL",G44="stellv. PDL"),0,IF(AND($H44>0,$K44>0),$H44,0)) -> 0 | AS44: =IF(OR(G44="PDL",G44="stellv. PDL"),0,IF(AND($H44>0,$K44>0),$X44,0)) -> 0
E45: =IFERROR(D45/B45,0) -> 0 | L45: =IFERROR(IF($K$24="VK",K45,K45/H45),0) -> 0 | M45: =IFERROR(L45*H45,"") -> 0 | X45: =IF(AND(H45>0,F45<>"GfB"),(SUM(M45:P45,R45,V45,Q45)*12+(T45+U45))*(100+$P$17+$P$18)%+((S45+W45)*12),IF(AND(H45>0,F45="GfB"),(SUM(M45:P45,R45,V45,Q45)*12+(T45+U45))*(100+$P$20+$P$18)%+((S45+W45)*12),0)) -> 0 | Y45: =IF(ISERROR(X45/H45),0,(X45/H45)) -> 0 | AA45: =IF(OR(G45="PDL",G45="stellv. PDL"),0,(IF(AND($H45>0,$K45>0),($M45+$N45),0))) -> 0 | AB45: =IF(OR(G45="PDL",G45="stellv. PDL"),0,(IF(AND($H45>0,$K45>0),$O45,0))) -> 0 | AC45: =IF(OR(G45="PDL",G45="stellv. PDL"),0,(IF(AND($H45>0,$K45>0),($P45),0))) -> 0 | AD45: =IF(OR(G45="PDL",G45="stellv. PDL"),0,(IF(AND($H45>0,$K45>0),$Q45,0))) -> 0 | AE45: =IF(OR(G45="PDL",G45="stellv. PDL"),0,(IF(AND($H45>0,$K45>0),(($T45+$U45)/12),0))) -> 0 | AP45: =IF(OR(G45="PDL",G45="stellv. PDL"),0,IF(AND($H45>0,$K45>0),$H45,0)) -> 0 | AS45: =IF(OR(G45="PDL",G45="stellv. PDL"),0,IF(AND($H45>0,$K45>0),$X45,0)) -> 0
E46: =IFERROR(D46/B46,0) -> 0 | L46: =IFERROR(IF($K$24="VK",K46,K46/H46),0) -> 0 | M46: =IFERROR(L46*H46,"") -> 0 | X46: =IF(AND(H46>0,F46<>"GfB"),(SUM(M46:P46,R46,V46,Q46)*12+(T46+U46))*(100+$P$17+$P$18)%+((S46+W46)*12),IF(AND(H46>0,F46="GfB"),(SUM(M46:P46,R46,V46,Q46)*12+(T46+U46))*(100+$P$20+$P$18)%+((S46+W46)*12),0)) -> 0 | Y46: =IF(ISERROR(X46/H46),0,(X46/H46)) -> 0 | AA46: =IF(OR(G46="PDL",G46="stellv. PDL"),0,(IF(AND($H46>0,$K46>0),($M46+$N46),0))) -> 0 | AB46: =IF(OR(G46="PDL",G46="stellv. PDL"),0,(IF(AND($H46>0,$K46>0),$O46,0))) -> 0 | AC46: =IF(OR(G46="PDL",G46="stellv. PDL"),0,(IF(AND($H46>0,$K46>0),($P46),0))) -> 0 | AD46: =IF(OR(G46="PDL",G46="stellv. PDL"),0,(IF(AND($H46>0,$K46>0),$Q46,0))) -> 0 | AE46: =IF(OR(G46="PDL",G46="stellv. PDL"),0,(IF(AND($H46>0,$K46>0),(($T46+$U46)/12),0))) -> 0 | AP46: =IF(OR(G46="PDL",G46="stellv. PDL"),0,IF(AND($H46>0,$K46>0),$H46,0)) -> 0 | AS46: =IF(OR(G46="PDL",G46="stellv. PDL"),0,IF(AND($H46>0,$K46>0),$X46,0)) -> 0
E47: =IFERROR(D47/B47,0) -> 0 | L47: =IFERROR(IF($K$24="VK",K47,K47/H47),0) -> 0 | M47: =IFERROR(L47*H47,"") -> 0 | X47: =IF(AND(H47>0,F47<>"GfB"),(SUM(M47:P47,R47,V47,Q47)*12+(T47+U47))*(100+$P$17+$P$18)%+((S47+W47)*12),IF(AND(H47>0,F47="GfB"),(SUM(M47:P47,R47,V47,Q47)*12+(T47+U47))*(100+$P$20+$P$18)%+((S47+W47)*12),0)) -> 0 | Y47: =IF(ISERROR(X47/H47),0,(X47/H47)) -> 0 | AA47: =IF(OR(G47="PDL",G47="stellv. PDL"),0,(IF(AND($H47>0,$K47>0),($M47+$N47),0))) -> 0 | AB47: =IF(OR(G47="PDL",G47="stellv. PDL"),0,(IF(AND($H47>0,$K47>0),$O47,0))) -> 0 | AC47: =IF(OR(G47="PDL",G47="stellv. PDL"),0,(IF(AND($H47>0,$K47>0),($P47),0))) -> 0 | AD47: =IF(OR(G47="PDL",G47="stellv. PDL"),0,(IF(AND($H47>0,$K47>0),$Q47,0))) -> 0 | AE47: =IF(OR(G47="PDL",G47="stellv. PDL"),0,(IF(AND($H47>0,$K47>0),(($T47+$U47)/12),0))) -> 0 | AP47: =IF(OR(G47="PDL",G47="stellv. PDL"),0,IF(AND($H47>0,$K47>0),$H47,0)) -> 0 | AS47: =IF(OR(G47="PDL",G47="stellv. PDL"),0,IF(AND($H47>0,$K47>0),$X47,0)) -> 0
E48: =IFERROR(D48/B48,0) -> 0 | L48: =IFERROR(IF($K$24="VK",K48,K48/H48),0) -> 0 | M48: =IFERROR(L48*H48,"") -> 0 | X48: =IF(AND(H48>0,F48<>"GfB"),(SUM(M48:P48,R48,V48,Q48)*12+(T48+U48))*(100+$P$17+$P$18)%+((S48+W48)*12),IF(AND(H48>0,F48="GfB"),(SUM(M48:P48,R48,V48,Q48)*12+(T48+U48))*(100+$P$20+$P$18)%+((S48+W48)*12),0)) -> 0 | Y48: =IF(ISERROR(X48/H48),0,(X48/H48)) -> 0 | AA48: =IF(OR(G48="PDL",G48="stellv. PDL"),0,(IF(AND($H48>0,$K48>0),($M48+$N48),0))) -> 0 | AB48: =IF(OR(G48="PDL",G48="stellv. PDL"),0,(IF(AND($H48>0,$K48>0),$O48,0))) -> 0 | AC48: =IF(OR(G48="PDL",G48="stellv. PDL"),0,(IF(AND($H48>0,$K48>0),($P48),0))) -> 0 | AD48: =IF(OR(G48="PDL",G48="stellv. PDL"),0,(IF(AND($H48>0,$K48>0),$Q48,0))) -> 0 | AE48: =IF(OR(G48="PDL",G48="stellv. PDL"),0,(IF(AND($H48>0,$K48>0),(($T48+$U48)/12),0))) -> 0 | AP48: =IF(OR(G48="PDL",G48="stellv. PDL"),0,IF(AND($H48>0,$K48>0),$H48,0)) -> 0 | AS48: =IF(OR(G48="PDL",G48="stellv. PDL"),0,IF(AND($H48>0,$K48>0),$X48,0)) -> 0
E49: =IFERROR(D49/B49,0) -> 0 | L49: =IFERROR(IF($K$24="VK",K49,K49/H49),0) -> 0 | M49: =IFERROR(L49*H49,"") -> 0 | X49: =IF(AND(H49>0,F49<>"GfB"),(SUM(M49:P49,R49,V49,Q49)*12+(T49+U49))*(100+$P$17+$P$18)%+((S49+W49)*12),IF(AND(H49>0,F49="GfB"),(SUM(M49:P49,R49,V49,Q49)*12+(T49+U49))*(100+$P$20+$P$18)%+((S49+W49)*12),0)) -> 0 | Y49: =IF(ISERROR(X49/H49),0,(X49/H49)) -> 0 | AA49: =IF(OR(G49="PDL",G49="stellv. PDL"),0,(IF(AND($H49>0,$K49>0),($M49+$N49),0))) -> 0 | AB49: =IF(OR(G49="PDL",G49="stellv. PDL"),0,(IF(AND($H49>0,$K49>0),$O49,0))) -> 0 | AC49: =IF(OR(G49="PDL",G49="stellv. PDL"),0,(IF(AND($H49>0,$K49>0),($P49),0))) -> 0 | AD49: =IF(OR(G49="PDL",G49="stellv. PDL"),0,(IF(AND($H49>0,$K49>0),$Q49,0))) -> 0 | AE49: =IF(OR(G49="PDL",G49="stellv. PDL"),0,(IF(AND($H49>0,$K49>0),(($T49+$U49)/12),0))) -> 0 | AP49: =IF(OR(G49="PDL",G49="stellv. PDL"),0,IF(AND($H49>0,$K49>0),$H49,0)) -> 0 | AS49: =IF(OR(G49="PDL",G49="stellv. PDL"),0,IF(AND($H49>0,$K49>0),$X49,0)) -> 0
... E69: =IFERROR(D69/B69,0) -> 0 | L69: =IFERROR(IF($K$24="VK",K69,K69/H69),0) -> 0 | M69: =IFERROR(L69*H69,"") -> 0 | X69: =IF(AND(H69>0,F69<>"GfB"),(SUM(M69:P69,R69,V69,Q69)*12+(T69+U69))*(100+$P$17+$P$18)%+((S69+W69)*12),IF(AND(H69>0,F69="GfB"),(SUM(M69:P69,R69,V69,Q69)*12+(T69+U69))*(100+$P$20+$P$18)%+((S69+W69)*12),0)) -> 0 | Y69: =IF(ISERROR(X69/H69),0,(X69/H69)) -> 0 | AA69: =IF(OR(G69="PDL",G69="stellv. PDL"),0,(IF(AND($H69>0,$K69>0),($M69+$N69),0))) -> 0 | AB69: =IF(OR(G69="PDL",G69="stellv. PDL"),0,(IF(AND($H69>0,$K69>0),$O69,0))) -> 0 | AC69: =IF(OR(G69="PDL",G69="stellv. PDL"),0,(IF(AND($H69>0,$K69>0),($P69),0))) -> 0 | AD69: =IF(OR(G69="PDL",G69="stellv. PDL"),0,(IF(AND($H69>0,$K69>0),$Q69,0))) -> 0 | AE69: =IF(OR(G69="PDL",G69="stellv. PDL"),0,(IF(AND($H69>0,$K69>0),(($T69+$U69)/12),0))) -> 0 | AP69: =IF(OR(G69="PDL",G69="stellv. PDL"),0,IF(AND($H69>0,$K69>0),$H69,0)) -> 0 | AS69: =IF(OR(G69="PDL",G69="stellv. PDL"),0,IF(AND($H69>0,$K69>0),$X69,0)) -> 0
A70: Leiharbeitnehmer | E70: =IFERROR(D70/B70,0) -> 0 | F70: Leiharbeitnehmer | Y70: =IFERROR(X70/H70,0) -> 0
A71: Leiharbeitnehmer | E71: =IFERROR(D71/B71,0) -> 0 | F71: Leiharbeitnehmer | Y71: =IF(H71>0,X71/H71,0) -> 0
A72: Leiharbeitnehmer | E72: =IFERROR(D72/B72,0) -> 0 | F72: Leiharbeitnehmer | Y72: =IF(H72>0,X72/H72,0) -> 0
A73: Leiharbeitnehmer | E73: =IFERROR(D73/B73,0) -> 0 | F73: Leiharbeitnehmer | Y73: =IF(H73>0,X73/H73,0) -> 0
A74: Leiharbeitnehmer | E74: =IFERROR(D74/B74,0) -> 0 | F74: Leiharbeitnehmer | Y74: =IF(H74>0,X74/H74,0) -> 0
A75: 1.2.1. Summe Pflege- / Betreuungsfachkräfte mit mind. dreijähriger Berufsausbildung: | B75: =SUM(B38:B74) -> 0 | C75: =IFERROR(SUM(C38:C69)/(B75-SUM(B70:B74)),0) -> 0 | D75: =SUM(D38:D74) -> 0 | E75: =IFERROR(D75/B75,0) -> 0 | F75: 1.2.1. Summe Pflege- / Betreuungsfachkräfte mit mind. dreijähriger Berufsausbildung: | H75: =SUM(H38:H74) -> 0 | M75: =IFERROR(SUM(M38:M69)/($H$75-SUM($H$70:$H$74)),0) -> 0 | N75: =IFERROR(SUM(N38:N69)/($H$75-SUM($H$70:$H$74)),0) -> 0 | O75: =IFERROR(SUM(O38:O69)/($H$75-SUM($H$70:$H$74)),0) -> 0 | P75: =IFERROR(SUM(P38:P69)/($H$75-SUM($H$70:$H$74)),0) -> 0 | Q75: =IFERROR(SUM(Q38:Q69)/($H$75-SUM($H$70:$H$74)),0) -> 0 | R75: =IFERROR(SUM(R38:R69)/($H$75-SUM($H$70:$H$74)),0) -> 0 | S75: =IFERROR(SUM(S38:S69)/($H$75-SUM($H$70:$H$74)),0) -> 0 | T75: =IFERROR(SUM(T38:T69)/($H$75-SUM($H$70:$H$74)),0) -> 0 | ... W75: =IFERROR(SUM(W38:W69)/($H$75-SUM($H$70:$H$74)),0) -> 0 | X75: =SUM(X38:X69)+IF(H70>0,X70,0)+IF(H71>0,X71,0)+IF(H72>0,X72,0)+IF(H73>0,X73,0)+IF(H74>0,X74,0) -> 0 | Y75: =IFERROR(SUM(X75/H75),0) -> 0
A77: 1.2.2. Pflege- / Betreuungskräfte mit mind. einjähriger Berufsausbildung | F77: 1.2.2. Pflege- / Betreuungskräfte mit mind. einjähriger Berufsausbildung
E78: =IFERROR(D78/B78,0) -> 0 | L78: =IFERROR(IF($K$24="VK",K78,K78/H78),0) -> 0 | M78: =IFERROR(L78*H78,"") -> 0 | X78: =IF(AND(H78>0,F78<>"GfB"),(SUM(M78:P78,R78,V78,Q78)*12+(T78+U78))*(100+$P$17+$P$18)%+((S78+W78)*12),IF(AND(H78>0,F78="GfB"),(SUM(M78:P78,R78,V78,Q78)*12+(T78+U78))*(100+$P$20+$P$18)%+((S78+W78)*12),0)) -> 0 | Y78: =IF(ISERROR(X78/H78),0,(X78/H78)) -> 0 | AF78: =(IF(AND($H78>0,$K78>0),($M78+$N78),0)) -> 0 | AG78: =(IF(AND($H78>0,$K78>0),$O78,0)) -> 0 | AH78: =(IF(AND($H78>0,$K78>0),$P78,0)) -> 0 | AI78: =(IF(AND($H78>0,$K78>0),$Q78,0)) -> 0 | AJ78: =(IF(AND($H78>0,$K78>0),(($T78+$U78)/12),0)) -> 0 | AQ78: =IF(AND($H78>0,$K78>0),$H78,0) -> 0 | AT78: =IF(AND($H78>0,$K78>0),$X78,0) -> 0
E79: =IFERROR(D79/B79,0) -> 0 | L79: =IFERROR(IF($K$24="VK",K79,K79/H79),0) -> 0 | M79: =IFERROR(L79*H79,"") -> 0 | X79: =IF(AND(H79>0,F79<>"GfB"),(SUM(M79:P79,R79,V79,Q79)*12+(T79+U79))*(100+$P$17+$P$18)%+((S79+W79)*12),IF(AND(H79>0,F79="GfB"),(SUM(M79:P79,R79,V79,Q79)*12+(T79+U79))*(100+$P$20+$P$18)%+((S79+W79)*12),0)) -> 0 | Y79: =IF(ISERROR(X79/H79),0,(X79/H79)) -> 0 | AF79: =(IF(AND($H79>0,$K79>0),($M79+$N79),0)) -> 0 | AG79: =(IF(AND($H79>0,$K79>0),$O79,0)) -> 0 | AH79: =(IF(AND($H79>0,$K79>0),$P79,0)) -> 0 | AI79: =(IF(AND($H79>0,$K79>0),$Q79,0)) -> 0 | AJ79: =(IF(AND($H79>0,$K79>0),(($T79+$U79)/12),0)) -> 0 | AQ79: =IF(AND($H79>0,$K79>0),$H79,0) -> 0 | AT79: =IF(AND($H79>0,$K79>0),$X79,0) -> 0
E80: =IFERROR(D80/B80,0) -> 0 | L80: =IFERROR(IF($K$24="VK",K80,K80/H80),0) -> 0 | M80: =IFERROR(L80*H80,"") -> 0 | X80: =IF(AND(H80>0,F80<>"GfB"),(SUM(M80:P80,R80,V80,Q80)*12+(T80+U80))*(100+$P$17+$P$18)%+((S80+W80)*12),IF(AND(H80>0,F80="GfB"),(SUM(M80:P80,R80,V80,Q80)*12+(T80+U80))*(100+$P$20+$P$18)%+((S80+W80)*12),0)) -> 0 | Y80: =IF(ISERROR(X80/H80),0,(X80/H80)) -> 0 | AF80: =(IF(AND($H80>0,$K80>0),($M80+$N80),0)) -> 0 | AG80: =(IF(AND($H80>0,$K80>0),$O80,0)) -> 0 | AH80: =(IF(AND($H80>0,$K80>0),$P80,0)) -> 0 | AI80: =(IF(AND($H80>0,$K80>0),$Q80,0)) -> 0 | AJ80: =(IF(AND($H80>0,$K80>0),(($T80+$U80)/12),0)) -> 0 | AQ80: =IF(AND($H80>0,$K80>0),$H80,0) -> 0 | AT80: =IF(AND($H80>0,$K80>0),$X80,0) -> 0
E81: =IFERROR(D81/B81,0) -> 0 | L81: =IFERROR(IF($K$24="VK",K81,K81/H81),0) -> 0 | M81: =IFERROR(L81*H81,"") -> 0 | X81: =IF(AND(H81>0,F81<>"GfB"),(SUM(M81:P81,R81,V81,Q81)*12+(T81+U81))*(100+$P$17+$P$18)%+((S81+W81)*12),IF(AND(H81>0,F81="GfB"),(SUM(M81:P81,R81,V81,Q81)*12+(T81+U81))*(100+$P$20+$P$18)%+((S81+W81)*12),0)) -> 0 | Y81: =IF(ISERROR(X81/H81),0,(X81/H81)) -> 0 | AF81: =(IF(AND($H81>0,$K81>0),($M81+$N81),0)) -> 0 | AG81: =(IF(AND($H81>0,$K81>0),$O81,0)) -> 0 | AH81: =(IF(AND($H81>0,$K81>0),$P81,0)) -> 0 | AI81: =(IF(AND($H81>0,$K81>0),$Q81,0)) -> 0 | AJ81: =(IF(AND($H81>0,$K81>0),(($T81+$U81)/12),0)) -> 0 | AQ81: =IF(AND($H81>0,$K81>0),$H81,0) -> 0 | AT81: =IF(AND($H81>0,$K81>0),$X81,0) -> 0
E82: =IFERROR(D82/B82,0) -> 0 | L82: =IFERROR(IF($K$24="VK",K82,K82/H82),0) -> 0 | M82: =IFERROR(L82*H82,"") -> 0 | X82: =IF(AND(H82>0,F82<>"GfB"),(SUM(M82:P82,R82,V82,Q82)*12+(T82+U82))*(100+$P$17+$P$18)%+((S82+W82)*12),IF(AND(H82>0,F82="GfB"),(SUM(M82:P82,R82,V82,Q82)*12+(T82+U82))*(100+$P$20+$P$18)%+((S82+W82)*12),0)) -> 0 | Y82: =IF(ISERROR(X82/H82),0,(X82/H82)) -> 0 | AF82: =(IF(AND($H82>0,$K82>0),($M82+$N82),0)) -> 0 | AG82: =(IF(AND($H82>0,$K82>0),$O82,0)) -> 0 | AH82: =(IF(AND($H82>0,$K82>0),$P82,0)) -> 0 | AI82: =(IF(AND($H82>0,$K82>0),$Q82,0)) -> 0 | AJ82: =(IF(AND($H82>0,$K82>0),(($T82+$U82)/12),0)) -> 0 | AQ82: =IF(AND($H82>0,$K82>0),$H82,0) -> 0 | AT82: =IF(AND($H82>0,$K82>0),$X82,0) -> 0
E83: =IFERROR(D83/B83,0) -> 0 | L83: =IFERROR(IF($K$24="VK",K83,K83/H83),0) -> 0 | M83: =IFERROR(L83*H83,"") -> 0 | X83: =IF(AND(H83>0,F83<>"GfB"),(SUM(M83:P83,R83,V83,Q83)*12+(T83+U83))*(100+$P$17+$P$18)%+((S83+W83)*12),IF(AND(H83>0,F83="GfB"),(SUM(M83:P83,R83,V83,Q83)*12+(T83+U83))*(100+$P$20+$P$18)%+((S83+W83)*12),0)) -> 0 | Y83: =IF(ISERROR(X83/H83),0,(X83/H83)) -> 0 | AF83: =(IF(AND($H83>0,$K83>0),($M83+$N83),0)) -> 0 | AG83: =(IF(AND($H83>0,$K83>0),$O83,0)) -> 0 | AH83: =(IF(AND($H83>0,$K83>0),$P83,0)) -> 0 | AI83: =(IF(AND($H83>0,$K83>0),$Q83,0)) -> 0 | AJ83: =(IF(AND($H83>0,$K83>0),(($T83+$U83)/12),0)) -> 0 | AQ83: =IF(AND($H83>0,$K83>0),$H83,0) -> 0 | AT83: =IF(AND($H83>0,$K83>0),$X83,0) -> 0
E84: =IFERROR(D84/B84,0) -> 0 | L84: =IFERROR(IF($K$24="VK",K84,K84/H84),0) -> 0 | M84: =IFERROR(L84*H84,"") -> 0 | X84: =IF(AND(H84>0,F84<>"GfB"),(SUM(M84:P84,R84,V84,Q84)*12+(T84+U84))*(100+$P$17+$P$18)%+((S84+W84)*12),IF(AND(H84>0,F84="GfB"),(SUM(M84:P84,R84,V84,Q84)*12+(T84+U84))*(100+$P$20+$P$18)%+((S84+W84)*12),0)) -> 0 | Y84: =IF(ISERROR(X84/H84),0,(X84/H84)) -> 0 | AF84: =(IF(AND($H84>0,$K84>0),($M84+$N84),0)) -> 0 | AG84: =(IF(AND($H84>0,$K84>0),$O84,0)) -> 0 | AH84: =(IF(AND($H84>0,$K84>0),$P84,0)) -> 0 | AI84: =(IF(AND($H84>0,$K84>0),$Q84,0)) -> 0 | AJ84: =(IF(AND($H84>0,$K84>0),(($T84+$U84)/12),0)) -> 0 | AQ84: =IF(AND($H84>0,$K84>0),$H84,0) -> 0 | AT84: =IF(AND($H84>0,$K84>0),$X84,0) -> 0
E85: =IFERROR(D85/B85,0) -> 0 | L85: =IFERROR(IF($K$24="VK",K85,K85/H85),0) -> 0 | M85: =IFERROR(L85*H85,"") -> 0 | X85: =IF(AND(H85>0,F85<>"GfB"),(SUM(M85:P85,R85,V85,Q85)*12+(T85+U85))*(100+$P$17+$P$18)%+((S85+W85)*12),IF(AND(H85>0,F85="GfB"),(SUM(M85:P85,R85,V85,Q85)*12+(T85+U85))*(100+$P$20+$P$18)%+((S85+W85)*12),0)) -> 0 | Y85: =IF(ISERROR(X85/H85),0,(X85/H85)) -> 0 | AF85: =(IF(AND($H85>0,$K85>0),($M85+$N85),0)) -> 0 | AG85: =(IF(AND($H85>0,$K85>0),$O85,0)) -> 0 | AH85: =(IF(AND($H85>0,$K85>0),$P85,0)) -> 0 | AI85: =(IF(AND($H85>0,$K85>0),$Q85,0)) -> 0 | AJ85: =(IF(AND($H85>0,$K85>0),(($T85+$U85)/12),0)) -> 0 | AQ85: =IF(AND($H85>0,$K85>0),$H85,0) -> 0 | AT85: =IF(AND($H85>0,$K85>0),$X85,0) -> 0
E86: =IFERROR(D86/B86,0) -> 0 | L86: =IFERROR(IF($K$24="VK",K86,K86/H86),0) -> 0 | M86: =IFERROR(L86*H86,"") -> 0 | X86: =IF(AND(H86>0,F86<>"GfB"),(SUM(M86:P86,R86,V86,Q86)*12+(T86+U86))*(100+$P$17+$P$18)%+((S86+W86)*12),IF(AND(H86>0,F86="GfB"),(SUM(M86:P86,R86,V86,Q86)*12+(T86+U86))*(100+$P$20+$P$18)%+((S86+W86)*12),0)) -> 0 | Y86: =IF(ISERROR(X86/H86),0,(X86/H86)) -> 0 | AF86: =(IF(AND($H86>0,$K86>0),($M86+$N86),0)) -> 0 | AG86: =(IF(AND($H86>0,$K86>0),$O86,0)) -> 0 | AH86: =(IF(AND($H86>0,$K86>0),$P86,0)) -> 0 | AI86: =(IF(AND($H86>0,$K86>0),$Q86,0)) -> 0 | AJ86: =(IF(AND($H86>0,$K86>0),(($T86+$U86)/12),0)) -> 0 | AQ86: =IF(AND($H86>0,$K86>0),$H86,0) -> 0 | AT86: =IF(AND($H86>0,$K86>0),$X86,0) -> 0
E87: =IFERROR(D87/B87,0) -> 0 | L87: =IFERROR(IF($K$24="VK",K87,K87/H87),0) -> 0 | M87: =IFERROR(L87*H87,"") -> 0 | X87: =IF(AND(H87>0,F87<>"GfB"),(SUM(M87:P87,R87,V87,Q87)*12+(T87+U87))*(100+$P$17+$P$18)%+((S87+W87)*12),IF(AND(H87>0,F87="GfB"),(SUM(M87:P87,R87,V87,Q87)*12+(T87+U87))*(100+$P$20+$P$18)%+((S87+W87)*12),0)) -> 0 | Y87: =IF(ISERROR(X87/H87),0,(X87/H87)) -> 0 | AF87: =(IF(AND($H87>0,$K87>0),($M87+$N87),0)) -> 0 | AG87: =(IF(AND($H87>0,$K87>0),$O87,0)) -> 0 | AH87: =(IF(AND($H87>0,$K87>0),$P87,0)) -> 0 | AI87: =(IF(AND($H87>0,$K87>0),$Q87,0)) -> 0 | AJ87: =(IF(AND($H87>0,$K87>0),(($T87+$U87)/12),0)) -> 0 | AQ87: =IF(AND($H87>0,$K87>0),$H87,0) -> 0 | AT87: =IF(AND($H87>0,$K87>0),$X87,0) -> 0
E88: =IFERROR(D88/B88,0) -> 0 | L88: =IFERROR(IF($K$24="VK",K88,K88/H88),0) -> 0 | M88: =IFERROR(L88*H88,"") -> 0 | X88: =IF(AND(H88>0,F88<>"GfB"),(SUM(M88:P88,R88,V88,Q88)*12+(T88+U88))*(100+$P$17+$P$18)%+((S88+W88)*12),IF(AND(H88>0,F88="GfB"),(SUM(M88:P88,R88,V88,Q88)*12+(T88+U88))*(100+$P$20+$P$18)%+((S88+W88)*12),0)) -> 0 | Y88: =IF(ISERROR(X88/H88),0,(X88/H88)) -> 0 | AF88: =(IF(AND($H88>0,$K88>0),($M88+$N88),0)) -> 0 | AG88: =(IF(AND($H88>0,$K88>0),$O88,0)) -> 0 | AH88: =(IF(AND($H88>0,$K88>0),$P88,0)) -> 0 | AI88: =(IF(AND($H88>0,$K88>0),$Q88,0)) -> 0 | AJ88: =(IF(AND($H88>0,$K88>0),(($T88+$U88)/12),0)) -> 0 | AQ88: =IF(AND($H88>0,$K88>0),$H88,0) -> 0 | AT88: =IF(AND($H88>0,$K88>0),$X88,0) -> 0
E89: =IFERROR(D89/B89,0) -> 0 | L89: =IFERROR(IF($K$24="VK",K89,K89/H89),0) -> 0 | M89: =IFERROR(L89*H89,"") -> 0 | X89: =IF(AND(H89>0,F89<>"GfB"),(SUM(M89:P89,R89,V89,Q89)*12+(T89+U89))*(100+$P$17+$P$18)%+((S89+W89)*12),IF(AND(H89>0,F89="GfB"),(SUM(M89:P89,R89,V89,Q89)*12+(T89+U89))*(100+$P$20+$P$18)%+((S89+W89)*12),0)) -> 0 | Y89: =IF(ISERROR(X89/H89),0,(X89/H89)) -> 0 | AF89: =(IF(AND($H89>0,$K89>0),($M89+$N89),0)) -> 0 | AG89: =(IF(AND($H89>0,$K89>0),$O89,0)) -> 0 | AH89: =(IF(AND($H89>0,$K89>0),$P89,0)) -> 0 | AI89: =(IF(AND($H89>0,$K89>0),$Q89,0)) -> 0 | AJ89: =(IF(AND($H89>0,$K89>0),(($T89+$U89)/12),0)) -> 0 | AQ89: =IF(AND($H89>0,$K89>0),$H89,0) -> 0 | AT89: =IF(AND($H89>0,$K89>0),$X89,0) -> 0
... E108: =IFERROR(D108/B108,0) -> 0 | L108: =IFERROR(IF($K$24="VK",K108,K108/H108),0) -> 0 | M108: =IFERROR(L108*H108,"") -> 0 | X108: =IF(AND(H108>0,F108<>"GfB"),(SUM(M108:P108,R108,V108,Q108)*12+(T108+U108))*(100+$P$17+$P$18)%+((S108+W108)*12),IF(AND(H108>0,F108="GfB"),(SUM(M108:P108,R108,V108,Q108)*12+(T108+U108))*(100+$P$20+$P$18)%+((S108+W108)*12),0)) -> 0 | Y108: =IF(ISERROR(X108/H108),0,(X108/H108)) -> 0 | AF108: =(IF(AND($H108>0,$K108>0),($M108+$N108),0)) -> 0 | AG108: =(IF(AND($H108>0,$K108>0),$O108,0)) -> 0 | AH108: =(IF(AND($H108>0,$K108>0),$P108,0)) -> 0 | AI108: =(IF(AND($H108>0,$K108>0),$Q108,0)) -> 0 | AJ108: =(IF(AND($H108>0,$K108>0),(($T108+$U108)/12),0)) -> 0 | AQ108: =IF(AND($H108>0,$K108>0),$H108,0) -> 0 | AT108: =IF(AND($H108>0,$K108>0),$X108,0) -> 0
A109: 1.2.2. Summe Pflege- / Betreuungskräfte mit mind. einjähriger Berufsausbildung: | B109: =SUM(B78:B108) -> 0 | C109: =IFERROR(SUM(C78:C108)/B109,0) -> 0 | D109: =SUM(D78:D108) -> 0 | E109: =IFERROR(D109/B109,0) -> 0 | F109: 1.2.2. Summe Pflege- / Betreuungskräfte mit mind. einjähriger Berufsausbildung: | H109: =SUM(H78:H108) -> 0 | M109: =IFERROR(SUM(M78:M108)/$H$109,0) -> 0 | N109: =IFERROR(SUM(N78:N108)/$H$109,0) -> 0 | O109: =IFERROR(SUM(O78:O108)/$H$109,0) -> 0 | P109: =IFERROR(SUM(P78:P108)/$H$109,0) -> 0 | Q109: =IFERROR(SUM(Q78:Q108)/$H$109,0) -> 0 | R109: =IFERROR(SUM(R78:R108)/$H$109,0) -> 0 | S109: =IFERROR(SUM(S78:S108)/$H$109,0) -> 0 | T109: =IFERROR(SUM(T78:T108)/$H$109,0) -> 0 | ... W109: =IFERROR(SUM(W78:W108)/$H$109,0) -> 0 | X109: =SUM(X78:X108) -> 0 | Y109: =IFERROR(SUM(X109/H109),0) -> 0
A111: 1.2.3. Pflege- / Betreuungskräfte ohne mind. einjährige Berufsausbildung | F111: 1.2.3. Pflege- / Betreuungskräfte ohne mind. einjährige Berufsausbildung
E112: =IFERROR(D112/B112,0) -> 0 | L112: =IFERROR(IF($K$24="VK",K112,K112/H112),0) -> 0 | M112: =IFERROR(L112*H112,"") -> 0 | X112: =IF(AND(H112>0,F112<>"GfB"),(SUM(M112:P112,R112,V112,Q112)*12+(T112+U112))*(100+$P$17+$P$18)%+((S112+W112)*12),IF(AND(H112>0,F112="GfB"),(SUM(M112:P112,R112,V112,Q112)*12+(T112+U112))*(100+$P$20+$P$18)%+((S112+W112)*12),0)) -> 0 | Y112: =IF(ISERROR(X112/H112),0,(X112/H112)) -> 0 | AK112: =(IF(AND($H112>0,$K112>0),($M112+$N112),0)) -> 0 | AL112: =(IF(AND($H112>0,$K112>0),$O112,0)) -> 0 | AM112: =(IF(AND($H112>0,$K112>0),$P112,0)) -> 0 | AN112: =(IF(AND($H112>0,$K112>0),$Q112,0)) -> 0 | AO112: =(IF(AND($H112>0,$K112>0),(($T112+$U112)/12),0)) -> 0 | AR112: =IF(AND($H112>0,$K112>0),$H112,0) -> 0 | AU112: =IF(AND($H112>0,$K112>0),$X112,0) -> 0
E113: =IFERROR(D113/B113,0) -> 0 | L113: =IFERROR(IF($K$24="VK",K113,K113/H113),0) -> 0 | M113: =IFERROR(L113*H113,"") -> 0 | X113: =IF(AND(H113>0,F113<>"GfB"),(SUM(M113:P113,R113,V113,Q113)*12+(T113+U113))*(100+$P$17+$P$18)%+((S113+W113)*12),IF(AND(H113>0,F113="GfB"),(SUM(M113:P113,R113,V113,Q113)*12+(T113+U113))*(100+$P$20+$P$18)%+((S113+W113)*12),0)) -> 0 | Y113: =IF(ISERROR(X113/H113),0,(X113/H113)) -> 0 | AK113: =(IF(AND($H113>0,$K113>0),($M113+$N113),0)) -> 0 | AL113: =(IF(AND($H113>0,$K113>0),$O113,0)) -> 0 | AM113: =(IF(AND($H113>0,$K113>0),$P113,0)) -> 0 | AN113: =(IF(AND($H113>0,$K113>0),$Q113,0)) -> 0 | AO113: =(IF(AND($H113>0,$K113>0),(($T113+$U113)/12),0)) -> 0 | AR113: =IF(AND($H113>0,$K113>0),$H113,0) -> 0 | AU113: =IF(AND($H113>0,$K113>0),$X113,0) -> 0
E114: =IFERROR(D114/B114,0) -> 0 | L114: =IFERROR(IF($K$24="VK",K114,K114/H114),0) -> 0 | M114: =IFERROR(L114*H114,"") -> 0 | X114: =IF(AND(H114>0,F114<>"GfB"),(SUM(M114:P114,R114,V114,Q114)*12+(T114+U114))*(100+$P$17+$P$18)%+((S114+W114)*12),IF(AND(H114>0,F114="GfB"),(SUM(M114:P114,R114,V114,Q114)*12+(T114+U114))*(100+$P$20+$P$18)%+((S114+W114)*12),0)) -> 0 | Y114: =IF(ISERROR(X114/H114),0,(X114/H114)) -> 0 | AK114: =(IF(AND($H114>0,$K114>0),($M114+$N114),0)) -> 0 | AL114: =(IF(AND($H114>0,$K114>0),$O114,0)) -> 0 | AM114: =(IF(AND($H114>0,$K114>0),$P114,0)) -> 0 | AN114: =(IF(AND($H114>0,$K114>0),$Q114,0)) -> 0 | AO114: =(IF(AND($H114>0,$K114>0),(($T114+$U114)/12),0)) -> 0 | AR114: =IF(AND($H114>0,$K114>0),$H114,0) -> 0 | AU114: =IF(AND($H114>0,$K114>0),$X114,0) -> 0
E115: =IFERROR(D115/B115,0) -> 0 | L115: =IFERROR(IF($K$24="VK",K115,K115/H115),0) -> 0 | M115: =IFERROR(L115*H115,"") -> 0 | X115: =IF(AND(H115>0,F115<>"GfB"),(SUM(M115:P115,R115,V115,Q115)*12+(T115+U115))*(100+$P$17+$P$18)%+((S115+W115)*12),IF(AND(H115>0,F115="GfB"),(SUM(M115:P115,R115,V115,Q115)*12+(T115+U115))*(100+$P$20+$P$18)%+((S115+W115)*12),0)) -> 0 | Y115: =IF(ISERROR(X115/H115),0,(X115/H115)) -> 0 | AK115: =(IF(AND($H115>0,$K115>0),($M115+$N115),0)) -> 0 | AL115: =(IF(AND($H115>0,$K115>0),$O115,0)) -> 0 | AM115: =(IF(AND($H115>0,$K115>0),$P115,0)) -> 0 | AN115: =(IF(AND($H115>0,$K115>0),$Q115,0)) -> 0 | AO115: =(IF(AND($H115>0,$K115>0),(($T115+$U115)/12),0)) -> 0 | AR115: =IF(AND($H115>0,$K115>0),$H115,0) -> 0 | AU115: =IF(AND($H115>0,$K115>0),$X115,0) -> 0
E116: =IFERROR(D116/B116,0) -> 0 | L116: =IFERROR(IF($K$24="VK",K116,K116/H116),0) -> 0 | M116: =IFERROR(L116*H116,"") -> 0 | X116: =IF(AND(H116>0,F116<>"GfB"),(SUM(M116:P116,R116,V116,Q116)*12+(T116+U116))*(100+$P$17+$P$18)%+((S116+W116)*12),IF(AND(H116>0,F116="GfB"),(SUM(M116:P116,R116,V116,Q116)*12+(T116+U116))*(100+$P$20+$P$18)%+((S116+W116)*12),0)) -> 0 | Y116: =IF(ISERROR(X116/H116),0,(X116/H116)) -> 0 | AK116: =(IF(AND($H116>0,$K116>0),($M116+$N116),0)) -> 0 | AL116: =(IF(AND($H116>0,$K116>0),$O116,0)) -> 0 | AM116: =(IF(AND($H116>0,$K116>0),$P116,0)) -> 0 | AN116: =(IF(AND($H116>0,$K116>0),$Q116,0)) -> 0 | AO116: =(IF(AND($H116>0,$K116>0),(($T116+$U116)/12),0)) -> 0 | AR116: =IF(AND($H116>0,$K116>0),$H116,0) -> 0 | AU116: =IF(AND($H116>0,$K116>0),$X116,0) -> 0
E117: =IFERROR(D117/B117,0) -> 0 | L117: =IFERROR(IF($K$24="VK",K117,K117/H117),0) -> 0 | M117: =IFERROR(L117*H117,"") -> 0 | X117: =IF(AND(H117>0,F117<>"GfB"),(SUM(M117:P117,R117,V117,Q117)*12+(T117+U117))*(100+$P$17+$P$18)%+((S117+W117)*12),IF(AND(H117>0,F117="GfB"),(SUM(M117:P117,R117,V117,Q117)*12+(T117+U117))*(100+$P$20+$P$18)%+((S117+W117)*12),0)) -> 0 | Y117: =IF(ISERROR(X117/H117),0,(X117/H117)) -> 0 | AK117: =(IF(AND($H117>0,$K117>0),($M117+$N117),0)) -> 0 | AL117: =(IF(AND($H117>0,$K117>0),$O117,0)) -> 0 | AM117: =(IF(AND($H117>0,$K117>0),$P117,0)) -> 0 | AN117: =(IF(AND($H117>0,$K117>0),$Q117,0)) -> 0 | AO117: =(IF(AND($H117>0,$K117>0),(($T117+$U117)/12),0)) -> 0 | AR117: =IF(AND($H117>0,$K117>0),$H117,0) -> 0 | AU117: =IF(AND($H117>0,$K117>0),$X117,0) -> 0
E118: =IFERROR(D118/B118,0) -> 0 | L118: =IFERROR(IF($K$24="VK",K118,K118/H118),0) -> 0 | M118: =IFERROR(L118*H118,"") -> 0 | X118: =IF(AND(H118>0,F118<>"GfB"),(SUM(M118:P118,R118,V118,Q118)*12+(T118+U118))*(100+$P$17+$P$18)%+((S118+W118)*12),IF(AND(H118>0,F118="GfB"),(SUM(M118:P118,R118,V118,Q118)*12+(T118+U118))*(100+$P$20+$P$18)%+((S118+W118)*12),0)) -> 0 | Y118: =IF(ISERROR(X118/H118),0,(X118/H118)) -> 0 | AK118: =(IF(AND($H118>0,$K118>0),($M118+$N118),0)) -> 0 | AL118: =(IF(AND($H118>0,$K118>0),$O118,0)) -> 0 | AM118: =(IF(AND($H118>0,$K118>0),$P118,0)) -> 0 | AN118: =(IF(AND($H118>0,$K118>0),$Q118,0)) -> 0 | AO118: =(IF(AND($H118>0,$K118>0),(($T118+$U118)/12),0)) -> 0 | AR118: =IF(AND($H118>0,$K118>0),$H118,0) -> 0 | AU118: =IF(AND($H118>0,$K118>0),$X118,0) -> 0
E119: =IFERROR(D119/B119,0) -> 0 | L119: =IFERROR(IF($K$24="VK",K119,K119/H119),0) -> 0 | M119: =IFERROR(L119*H119,"") -> 0 | X119: =IF(AND(H119>0,F119<>"GfB"),(SUM(M119:P119,R119,V119,Q119)*12+(T119+U119))*(100+$P$17+$P$18)%+((S119+W119)*12),IF(AND(H119>0,F119="GfB"),(SUM(M119:P119,R119,V119,Q119)*12+(T119+U119))*(100+$P$20+$P$18)%+((S119+W119)*12),0)) -> 0 | Y119: =IF(ISERROR(X119/H119),0,(X119/H119)) -> 0 | AK119: =(IF(AND($H119>0,$K119>0),($M119+$N119),0)) -> 0 | AL119: =(IF(AND($H119>0,$K119>0),$O119,0)) -> 0 | AM119: =(IF(AND($H119>0,$K119>0),$P119,0)) -> 0 | AN119: =(IF(AND($H119>0,$K119>0),$Q119,0)) -> 0 | AO119: =(IF(AND($H119>0,$K119>0),(($T119+$U119)/12),0)) -> 0 | AR119: =IF(AND($H119>0,$K119>0),$H119,0) -> 0 | AU119: =IF(AND($H119>0,$K119>0),$X119,0) -> 0
E120: =IFERROR(D120/B120,0) -> 0 | L120: =IFERROR(IF($K$24="VK",K120,K120/H120),0) -> 0 | M120: =IFERROR(L120*H120,"") -> 0 | X120: =IF(AND(H120>0,F120<>"GfB"),(SUM(M120:P120,R120,V120,Q120)*12+(T120+U120))*(100+$P$17+$P$18)%+((S120+W120)*12),IF(AND(H120>0,F120="GfB"),(SUM(M120:P120,R120,V120,Q120)*12+(T120+U120))*(100+$P$20+$P$18)%+((S120+W120)*12),0)) -> 0 | Y120: =IF(ISERROR(X120/H120),0,(X120/H120)) -> 0 | AK120: =(IF(AND($H120>0,$K120>0),($M120+$N120),0)) -> 0 | AL120: =(IF(AND($H120>0,$K120>0),$O120,0)) -> 0 | AM120: =(IF(AND($H120>0,$K120>0),$P120,0)) -> 0 | AN120: =(IF(AND($H120>0,$K120>0),$Q120,0)) -> 0 | AO120: =(IF(AND($H120>0,$K120>0),(($T120+$U120)/12),0)) -> 0 | AR120: =IF(AND($H120>0,$K120>0),$H120,0) -> 0 | AU120: =IF(AND($H120>0,$K120>0),$X120,0) -> 0
E121: =IFERROR(D121/B121,0) -> 0 | L121: =IFERROR(IF($K$24="VK",K121,K121/H121),0) -> 0 | M121: =IFERROR(L121*H121,"") -> 0 | X121: =IF(AND(H121>0,F121<>"GfB"),(SUM(M121:P121,R121,V121,Q121)*12+(T121+U121))*(100+$P$17+$P$18)%+((S121+W121)*12),IF(AND(H121>0,F121="GfB"),(SUM(M121:P121,R121,V121,Q121)*12+(T121+U121))*(100+$P$20+$P$18)%+((S121+W121)*12),0)) -> 0 | Y121: =IF(ISERROR(X121/H121),0,(X121/H121)) -> 0 | AK121: =(IF(AND($H121>0,$K121>0),($M121+$N121),0)) -> 0 | AL121: =(IF(AND($H121>0,$K121>0),$O121,0)) -> 0 | AM121: =(IF(AND($H121>0,$K121>0),$P121,0)) -> 0 | AN121: =(IF(AND($H121>0,$K121>0),$Q121,0)) -> 0 | AO121: =(IF(AND($H121>0,$K121>0),(($T121+$U121)/12),0)) -> 0 | AR121: =IF(AND($H121>0,$K121>0),$H121,0) -> 0 | AU121: =IF(AND($H121>0,$K121>0),$X121,0) -> 0
E122: =IFERROR(D122/B122,0) -> 0 | L122: =IFERROR(IF($K$24="VK",K122,K122/H122),0) -> 0 | M122: =IFERROR(L122*H122,"") -> 0 | X122: =IF(AND(H122>0,F122<>"GfB"),(SUM(M122:P122,R122,V122,Q122)*12+(T122+U122))*(100+$P$17+$P$18)%+((S122+W122)*12),IF(AND(H122>0,F122="GfB"),(SUM(M122:P122,R122,V122,Q122)*12+(T122+U122))*(100+$P$20+$P$18)%+((S122+W122)*12),0)) -> 0 | Y122: =IF(ISERROR(X122/H122),0,(X122/H122)) -> 0 | AK122: =(IF(AND($H122>0,$K122>0),($M122+$N122),0)) -> 0 | AL122: =(IF(AND($H122>0,$K122>0),$O122,0)) -> 0 | AM122: =(IF(AND($H122>0,$K122>0),$P122,0)) -> 0 | AN122: =(IF(AND($H122>0,$K122>0),$Q122,0)) -> 0 | AO122: =(IF(AND($H122>0,$K122>0),(($T122+$U122)/12),0)) -> 0 | AR122: =IF(AND($H122>0,$K122>0),$H122,0) -> 0 | AU122: =IF(AND($H122>0,$K122>0),$X122,0) -> 0
E123: =IFERROR(D123/B123,0) -> 0 | L123: =IFERROR(IF($K$24="VK",K123,K123/H123),0) -> 0 | M123: =IFERROR(L123*H123,"") -> 0 | X123: =IF(AND(H123>0,F123<>"GfB"),(SUM(M123:P123,R123,V123,Q123)*12+(T123+U123))*(100+$P$17+$P$18)%+((S123+W123)*12),IF(AND(H123>0,F123="GfB"),(SUM(M123:P123,R123,V123,Q123)*12+(T123+U123))*(100+$P$20+$P$18)%+((S123+W123)*12),0)) -> 0 | Y123: =IF(ISERROR(X123/H123),0,(X123/H123)) -> 0 | AK123: =(IF(AND($H123>0,$K123>0),($M123+$N123),0)) -> 0 | AL123: =(IF(AND($H123>0,$K123>0),$O123,0)) -> 0 | AM123: =(IF(AND($H123>0,$K123>0),$P123,0)) -> 0 | AN123: =(IF(AND($H123>0,$K123>0),$Q123,0)) -> 0 | AO123: =(IF(AND($H123>0,$K123>0),(($T123+$U123)/12),0)) -> 0 | AR123: =IF(AND($H123>0,$K123>0),$H123,0) -> 0 | AU123: =IF(AND($H123>0,$K123>0),$X123,0) -> 0
... E150: =IFERROR(D150/B150,0) -> 0 | L150: =IFERROR(IF($K$24="VK",K150,K150/H150),0) -> 0 | M150: =IFERROR(L150*H150,"") -> 0 | X150: =IF(AND(H150>0,F150<>"GfB"),(SUM(M150:P150,R150,V150,Q150)*12+(T150+U150))*(100+$P$17+$P$18)%+((S150+W150)*12),IF(AND(H150>0,F150="GfB"),(SUM(M150:P150,R150,V150,Q150)*12+(T150+U150))*(100+$P$20+$P$18)%+((S150+W150)*12),0)) -> 0 | Y150: =IF(ISERROR(X150/H150),0,(X150/H150)) -> 0 | AK150: =(IF(AND($H150>0,$K150>0),($M150+$N150),0)) -> 0 | AL150: =(IF(AND($H150>0,$K150>0),$O150,0)) -> 0 | AM150: =(IF(AND($H150>0,$K150>0),$P150,0)) -> 0 | AN150: =(IF(AND($H150>0,$K150>0),$Q150,0)) -> 0 | AO150: =(IF(AND($H150>0,$K150>0),(($T150+$U150)/12),0)) -> 0 | AR150: =IF(AND($H150>0,$K150>0),$H150,0) -> 0 | AU150: =IF(AND($H150>0,$K150>0),$X150,0) -> 0
A151: 1.2.3. Summe Pflege- / Betreuungskräfte ohne mind. einjährige Berufsausbildung: | B151: =SUM(B112:B150) -> 0 | C151: =IFERROR(SUM(C112:C150)/B151,0) -> 0 | D151: =SUM(D112:D150) -> 0 | E151: =IFERROR(D151/B151,0) -> 0 | F151: 1.2.3. Summe Pflege- / Betreuungskräfte ohne mind. einjährige Berufsausbildung: | H151: =SUM(H112:H150) -> 0 | M151: =IFERROR(SUM(M112:M150)/$H$151,0) -> 0 | N151: =IFERROR(SUM(N112:N150)/$H$151,0) -> 0 | O151: =IFERROR(SUM(O112:O150)/$H$151,0) -> 0 | P151: =IFERROR(SUM(P112:P150)/$H$151,0) -> 0 | Q151: =IFERROR(SUM(Q112:Q150)/$H$151,0) -> 0 | R151: =IFERROR(SUM(R112:R150)/$H$151,0) -> 0 | S151: =IFERROR(SUM(S112:S150)/$H$151,0) -> 0 | T151: =IFERROR(SUM(T112:T150)/$H$151,0) -> 0 | ... W151: =IFERROR(SUM(W112:W150)/$H$151,0) -> 0 | X151: =SUM(X112:X150) -> 0 | Y151: =IFERROR(SUM(X151/H151),0) -> 0
A154: 1.2. Summe Pflege / Betreuung: | B154: =B151+B109+B75 -> 0 | C154: =IFERROR(SUM(C112:C150,C78:C108,C38:C69)/(B154-SUM(B70:B74)),0) -> 0 | D154: =D151+D109+D75 -> 0 | E154: =IFERROR(D154/B154,0) -> 0 | F154: 1.2. Summe Pflege / Betreuung: | H154: =H151+H109+H75 -> 0 | M154: =IFERROR(SUM(M112:M150,M78:M108,M38:M69)/($H$154-SUM($H$70:$H$74)),0) -> 0 | N154: =IFERROR(SUM(N112:N150,N78:N108,N38:N69)/($H$154-SUM($H$70:$H$74)),0) -> 0 | O154: =IFERROR(SUM(O112:O150,O78:O108,O38:O69)/($H$154-SUM($H$70:$H$74)),0) -> 0 | P154: =IFERROR(SUM(P112:P150,P78:P108,P38:P69)/($H$154-SUM($H$70:$H$74)),0) -> 0 | Q154: =IFERROR(SUM(Q112:Q150,Q78:Q108,Q38:Q69)/($H$154-SUM($H$70:$H$74)),0) -> 0 | R154: =IFERROR(SUM(R112:R150,R78:R108,R38:R69)/($H$154-SUM($H$70:$H$74)),0) -> 0 | S154: =IFERROR(SUM(S112:S150,S78:S108,S38:S69)/($H$154-SUM($H$70:$H$74)),0) -> 0 | T154: =IFERROR(SUM(T112:T150,T78:T108,T38:T69)/($H$154-SUM($H$70:$H$74)),0) -> 0 | ... W154: =IFERROR(SUM(W112:W150,W78:W108,W38:W69)/($H$154-SUM($H$70:$H$74)),0) -> 0 | X154: =X151+X109+X75 -> 0 | Y154: =IFERROR(SUM(X154/H154),0) -> 0
H156: =IF(H154>KAT!C13,"Geforderte Personalausstattung liegt über der max. möglichen Personalausstattung lt. Rahmenvertrag, bitte begründen.","")
A157: 1.3. Zusätzliche Betreuung und Aktivierung nach § 43b SGB XI | F157: 1.3. Zusätzliche Betreuung und Aktivierung nach § 43b SGB XI
A158: 1.3.1. Pflege- / Betreuungsfachkräfte mit mind. dreijähriger Berufsausbildung | F158: 1.3.1. Pflege- / Betreuungsfachkräfte mit mind. dreijähriger Berufsausbildung (inkl. Stellenanteil PDL / stellvertretende PDL oberhalb der Rahmenvertragsvorgaben) | AA158: bei der Berechnung des GVWG bleibt die PDL, stellv. PDL unberücksichtigt!
E159: =IFERROR(D159/B159,0) -> 0 | L159: =IFERROR(IF($K$24="VK",K159,K159/H159),0) -> 0 | M159: =IFERROR(L159*H159,"") -> 0 | X159: =IF(AND(H159>0,F159<>"GfB"),(SUM(M159:P159,R159,V159,Q159)*12+(T159+U159))*(100+$P$17+$P$18)%+((S159+W159)*12),IF(AND(H159>0,F159="GfB"),(SUM(M159:P159,R159,V159,Q159)*12+(T159+U159))*(100+$P$20+$P$18)%+((S159+W159)*12),0)) -> 0 | Y159: =IF(ISERROR(X159/H159),0,(X159/H159)) -> 0 | AA159: =IF(OR(G159="PDL",G159="stellv. PDL"),0,(IF(AND($H159>0,$K159>0),($M159+$N159),0))) -> 0 | AB159: =IF(OR(G159="PDL",G159="stellv. PDL"),0,(IF(AND($H159>0,$K159>0),$O159,0))) -> 0 | AC159: =IF(OR(G159="PDL",G159="stellv. PDL"),0,(IF(AND($H159>0,$K159>0),($P159),0))) -> 0 | AD159: =IF(OR(G159="PDL",G159="stellv. PDL"),0,(IF(AND($H159>0,$K159>0),$Q159,0))) -> 0 | AE159: =IF(OR(G159="PDL",G159="stellv. PDL"),0,(IF(AND($H159>0,$K159>0),(($T159+$U159)/12),0))) -> 0 | AP159: =IF(OR(G159="PDL",G159="stellv. PDL"),0,IF(AND($H159>0,$K159>0),$H159,0)) -> 0 | AS159: =IF(OR(G159="PDL",G159="stellv. PDL"),0,IF(AND($H159>0,$K159>0),$X159,0)) -> 0
E160: =IFERROR(D160/B160,0) -> 0 | L160: =IFERROR(IF($K$24="VK",K160,K160/H160),0) -> 0 | M160: =IFERROR(L160*H160,"") -> 0 | X160: =IF(AND(H160>0,F160<>"GfB"),(SUM(M160:P160,R160,V160,Q160)*12+(T160+U160))*(100+$P$17+$P$18)%+((S160+W160)*12),IF(AND(H160>0,F160="GfB"),(SUM(M160:P160,R160,V160,Q160)*12+(T160+U160))*(100+$P$20+$P$18)%+((S160+W160)*12),0)) -> 0 | Y160: =IF(ISERROR(X160/H160),0,(X160/H160)) -> 0 | AA160: =IF(OR(G160="PDL",G160="stellv. PDL"),0,(IF(AND($H160>0,$K160>0),($M160+$N160),0))) -> 0 | AB160: =IF(OR(G160="PDL",G160="stellv. PDL"),0,(IF(AND($H160>0,$K160>0),$O160,0))) -> 0 | AC160: =IF(OR(G160="PDL",G160="stellv. PDL"),0,(IF(AND($H160>0,$K160>0),($P160),0))) -> 0 | AD160: =IF(OR(G160="PDL",G160="stellv. PDL"),0,(IF(AND($H160>0,$K160>0),$Q160,0))) -> 0 | AE160: =IF(OR(G160="PDL",G160="stellv. PDL"),0,(IF(AND($H160>0,$K160>0),(($T160+$U160)/12),0))) -> 0 | AP160: =IF(OR(G160="PDL",G160="stellv. PDL"),0,IF(AND($H160>0,$K160>0),$H160,0)) -> 0 | AS160: =IF(OR(G160="PDL",G160="stellv. PDL"),0,IF(AND($H160>0,$K160>0),$X160,0)) -> 0
E161: =IFERROR(D161/B161,0) -> 0 | L161: =IFERROR(IF($K$24="VK",K161,K161/H161),0) -> 0 | M161: =IFERROR(L161*H161,"") -> 0 | X161: =IF(AND(H161>0,F161<>"GfB"),(SUM(M161:P161,R161,V161,Q161)*12+(T161+U161))*(100+$P$17+$P$18)%+((S161+W161)*12),IF(AND(H161>0,F161="GfB"),(SUM(M161:P161,R161,V161,Q161)*12+(T161+U161))*(100+$P$20+$P$18)%+((S161+W161)*12),0)) -> 0 | Y161: =IF(ISERROR(X161/H161),0,(X161/H161)) -> 0 | AA161: =IF(OR(G161="PDL",G161="stellv. PDL"),0,(IF(AND($H161>0,$K161>0),($M161+$N161),0))) -> 0 | AB161: =IF(OR(G161="PDL",G161="stellv. PDL"),0,(IF(AND($H161>0,$K161>0),$O161,0))) -> 0 | AC161: =IF(OR(G161="PDL",G161="stellv. PDL"),0,(IF(AND($H161>0,$K161>0),($P161),0))) -> 0 | AD161: =IF(OR(G161="PDL",G161="stellv. PDL"),0,(IF(AND($H161>0,$K161>0),$Q161,0))) -> 0 | AE161: =IF(OR(G161="PDL",G161="stellv. PDL"),0,(IF(AND($H161>0,$K161>0),(($T161+$U161)/12),0))) -> 0 | AP161: =IF(OR(G161="PDL",G161="stellv. PDL"),0,IF(AND($H161>0,$K161>0),$H161,0)) -> 0 | AS161: =IF(OR(G161="PDL",G161="stellv. PDL"),0,IF(AND($H161>0,$K161>0),$X161,0)) -> 0
E162: =IFERROR(D162/B162,0) -> 0 | L162: =IFERROR(IF($K$24="VK",K162,K162/H162),0) -> 0 | M162: =IFERROR(L162*H162,"") -> 0 | X162: =IF(AND(H162>0,F162<>"GfB"),(SUM(M162:P162,R162,V162,Q162)*12+(T162+U162))*(100+$P$17+$P$18)%+((S162+W162)*12),IF(AND(H162>0,F162="GfB"),(SUM(M162:P162,R162,V162,Q162)*12+(T162+U162))*(100+$P$20+$P$18)%+((S162+W162)*12),0)) -> 0 | Y162: =IF(ISERROR(X162/H162),0,(X162/H162)) -> 0 | AA162: =IF(OR(G162="PDL",G162="stellv. PDL"),0,(IF(AND($H162>0,$K162>0),($M162+$N162),0))) -> 0 | AB162: =IF(OR(G162="PDL",G162="stellv. PDL"),0,(IF(AND($H162>0,$K162>0),$O162,0))) -> 0 | AC162: =IF(OR(G162="PDL",G162="stellv. PDL"),0,(IF(AND($H162>0,$K162>0),($P162),0))) -> 0 | AD162: =IF(OR(G162="PDL",G162="stellv. PDL"),0,(IF(AND($H162>0,$K162>0),$Q162,0))) -> 0 | AE162: =IF(OR(G162="PDL",G162="stellv. PDL"),0,(IF(AND($H162>0,$K162>0),(($T162+$U162)/12),0))) -> 0 | AP162: =IF(OR(G162="PDL",G162="stellv. PDL"),0,IF(AND($H162>0,$K162>0),$H162,0)) -> 0 | AS162: =IF(OR(G162="PDL",G162="stellv. PDL"),0,IF(AND($H162>0,$K162>0),$X162,0)) -> 0
E163: =IFERROR(D163/B163,0) -> 0 | L163: =IFERROR(IF($K$24="VK",K163,K163/H163),0) -> 0 | M163: =IFERROR(L163*H163,"") -> 0 | X163: =IF(AND(H163>0,F163<>"GfB"),(SUM(M163:P163,R163,V163,Q163)*12+(T163+U163))*(100+$P$17+$P$18)%+((S163+W163)*12),IF(AND(H163>0,F163="GfB"),(SUM(M163:P163,R163,V163,Q163)*12+(T163+U163))*(100+$P$20+$P$18)%+((S163+W163)*12),0)) -> 0 | Y163: =IF(ISERROR(X163/H163),0,(X163/H163)) -> 0 | AA163: =IF(OR(G163="PDL",G163="stellv. PDL"),0,(IF(AND($H163>0,$K163>0),($M163+$N163),0))) -> 0 | AB163: =IF(OR(G163="PDL",G163="stellv. PDL"),0,(IF(AND($H163>0,$K163>0),$O163,0))) -> 0 | AC163: =IF(OR(G163="PDL",G163="stellv. PDL"),0,(IF(AND($H163>0,$K163>0),($P163),0))) -> 0 | AD163: =IF(OR(G163="PDL",G163="stellv. PDL"),0,(IF(AND($H163>0,$K163>0),$Q163,0))) -> 0 | AE163: =IF(OR(G163="PDL",G163="stellv. PDL"),0,(IF(AND($H163>0,$K163>0),(($T163+$U163)/12),0))) -> 0 | AP163: =IF(OR(G163="PDL",G163="stellv. PDL"),0,IF(AND($H163>0,$K163>0),$H163,0)) -> 0 | AS163: =IF(OR(G163="PDL",G163="stellv. PDL"),0,IF(AND($H163>0,$K163>0),$X163,0)) -> 0
E164: =IFERROR(D164/B164,0) -> 0 | L164: =IFERROR(IF($K$24="VK",K164,K164/H164),0) -> 0 | M164: =IFERROR(L164*H164,"") -> 0 | X164: =IF(AND(H164>0,F164<>"GfB"),(SUM(M164:P164,R164,V164,Q164)*12+(T164+U164))*(100+$P$17+$P$18)%+((S164+W164)*12),IF(AND(H164>0,F164="GfB"),(SUM(M164:P164,R164,V164,Q164)*12+(T164+U164))*(100+$P$20+$P$18)%+((S164+W164)*12),0)) -> 0 | Y164: =IF(ISERROR(X164/H164),0,(X164/H164)) -> 0 | AA164: =IF(OR(G164="PDL",G164="stellv. PDL"),0,(IF(AND($H164>0,$K164>0),($M164+$N164),0))) -> 0 | AB164: =IF(OR(G164="PDL",G164="stellv. PDL"),0,(IF(AND($H164>0,$K164>0),$O164,0))) -> 0 | AC164: =IF(OR(G164="PDL",G164="stellv. PDL"),0,(IF(AND($H164>0,$K164>0),($P164),0))) -> 0 | AD164: =IF(OR(G164="PDL",G164="stellv. PDL"),0,(IF(AND($H164>0,$K164>0),$Q164,0))) -> 0 | AE164: =IF(OR(G164="PDL",G164="stellv. PDL"),0,(IF(AND($H164>0,$K164>0),(($T164+$U164)/12),0))) -> 0 | AP164: =IF(OR(G164="PDL",G164="stellv. PDL"),0,IF(AND($H164>0,$K164>0),$H164,0)) -> 0 | AS164: =IF(OR(G164="PDL",G164="stellv. PDL"),0,IF(AND($H164>0,$K164>0),$X164,0)) -> 0
A165: 1.3.1. Summe Pflege- / Betreuungsfachkräfte mit mind. dreijähriger Berufsausbildung: | B165: =SUM(B159:B164) -> 0 | C165: =IFERROR(SUM(C159:C164)/B165,0) -> 0 | D165: =SUM(D159:D164) -> 0 | E165: =IFERROR(D165/B165,0) -> 0 | F165: 1.3.1. Summe Pflege- / Betreuungsfachkräfte mit mind. dreijähriger Berufsausbildung: | H165: =SUM(H159:H164) -> 0 | M165: =IFERROR(SUM(M159:M164)/H165,0) -> 0 | N165: =IFERROR(SUM(N159:N164)/H165,0) -> 0 | O165: =IFERROR(SUM(O159:O164)/H165,0) -> 0 | P165: =IFERROR(SUM(P159:P164)/H165,0) -> 0 | Q165: =IFERROR(SUM(Q159:Q164)/H165,0) -> 0 | R165: =IFERROR(SUM(R159:R164)/H165,0) -> 0 | S165: =IFERROR(SUM(S159:S164)/H165,0) -> 0 | T165: =IFERROR(SUM(T159:T164)/H165,0) -> 0 | U165: =IFERROR(SUM(U159:U164)/H165,0) -> 0 | V165: =IFERROR(SUM(V159:V164)/H165,0) -> 0 | W165: =IFERROR(SUM(W159:W164)/H165,0) -> 0 | X165: =SUM(X159:X164) -> 0 | Y165: =IFERROR(SUM(X165/H165),0) -> 0
A169: 1.3.2. Pflege- / Betreuungskräfte mit mind. einjähriger Berufsausbildung | F169: 1.3.2. Pflege- / Betreuungskräfte mit mind. einjähriger Berufsausbildung
E170: =IFERROR(D170/B170,0) -> 0 | L170: =IFERROR(IF($K$24="VK",K170,K170/H170),0) -> 0 | M170: =IFERROR(L170*H170,"") -> 0 | X170: =IF(AND(H170>0,F170<>"GfB"),(SUM(M170:P170,R170,V170,Q170)*12+(T170+U170))*(100+$P$17+$P$18)%+((S170+W170)*12),IF(AND(H170>0,F170="GfB"),(SUM(M170:P170,R170,V170,Q170)*12+(T170+U170))*(100+$P$20+$P$18)%+((S170+W170)*12),0)) -> 0 | Y170: =IF(ISERROR(X170/H170),0,(X170/H170)) -> 0 | AF170: =(IF(AND($H170>0,$K170>0),($M170+$N170),0)) -> 0 | AG170: =(IF(AND($H170>0,$K170>0),$O170,0)) -> 0 | AH170: =(IF(AND($H170>0,$K170>0),$P170,0)) -> 0 | AI170: =(IF(AND($H170>0,$K170>0),$Q170,0)) -> 0 | AJ170: =(IF(AND($H170>0,$K170>0),(($T170+$U170)/12),0)) -> 0 | AQ170: =IF(AND($H170>0,$K170>0),$H170,0) -> 0 | AT170: =IF(AND($H170>0,$K170>0),$X170,0) -> 0
E171: =IFERROR(D171/B171,0) -> 0 | L171: =IFERROR(IF($K$24="VK",K171,K171/H171),0) -> 0 | M171: =IFERROR(L171*H171,"") -> 0 | X171: =IF(AND(H171>0,F171<>"GfB"),(SUM(M171:P171,R171,V171,Q171)*12+(T171+U171))*(100+$P$17+$P$18)%+((S171+W171)*12),IF(AND(H171>0,F171="GfB"),(SUM(M171:P171,R171,V171,Q171)*12+(T171+U171))*(100+$P$20+$P$18)%+((S171+W171)*12),0)) -> 0 | Y171: =IF(ISERROR(X171/H171),0,(X171/H171)) -> 0 | AF171: =(IF(AND($H171>0,$K171>0),($M171+$N171),0)) -> 0 | AG171: =(IF(AND($H171>0,$K171>0),$O171,0)) -> 0 | AH171: =(IF(AND($H171>0,$K171>0),$P171,0)) -> 0 | AI171: =(IF(AND($H171>0,$K171>0),$Q171,0)) -> 0 | AJ171: =(IF(AND($H171>0,$K171>0),(($T171+$U171)/12),0)) -> 0 | AQ171: =IF(AND($H171>0,$K171>0),$H171,0) -> 0 | AT171: =IF(AND($H171>0,$K171>0),$X171,0) -> 0
E172: =IFERROR(D172/B172,0) -> 0 | L172: =IFERROR(IF($K$24="VK",K172,K172/H172),0) -> 0 | M172: =IFERROR(L172*H172,"") -> 0 | X172: =IF(AND(H172>0,F172<>"GfB"),(SUM(M172:P172,R172,V172,Q172)*12+(T172+U172))*(100+$P$17+$P$18)%+((S172+W172)*12),IF(AND(H172>0,F172="GfB"),(SUM(M172:P172,R172,V172,Q172)*12+(T172+U172))*(100+$P$20+$P$18)%+((S172+W172)*12),0)) -> 0 | Y172: =IF(ISERROR(X172/H172),0,(X172/H172)) -> 0 | AF172: =(IF(AND($H172>0,$K172>0),($M172+$N172),0)) -> 0 | AG172: =(IF(AND($H172>0,$K172>0),$O172,0)) -> 0 | AH172: =(IF(AND($H172>0,$K172>0),$P172,0)) -> 0 | AI172: =(IF(AND($H172>0,$K172>0),$Q172,0)) -> 0 | AJ172: =(IF(AND($H172>0,$K172>0),(($T172+$U172)/12),0)) -> 0 | AQ172: =IF(AND($H172>0,$K172>0),$H172,0) -> 0 | AT172: =IF(AND($H172>0,$K172>0),$X172,0) -> 0
E173: =IFERROR(D173/B173,0) -> 0 | L173: =IFERROR(IF($K$24="VK",K173,K173/H173),0) -> 0 | M173: =IFERROR(L173*H173,"") -> 0 | X173: =IF(AND(H173>0,F173<>"GfB"),(SUM(M173:P173,R173,V173,Q173)*12+(T173+U173))*(100+$P$17+$P$18)%+((S173+W173)*12),IF(AND(H173>0,F173="GfB"),(SUM(M173:P173,R173,V173,Q173)*12+(T173+U173))*(100+$P$20+$P$18)%+((S173+W173)*12),0)) -> 0 | Y173: =IF(ISERROR(X173/H173),0,(X173/H173)) -> 0 | AF173: =(IF(AND($H173>0,$K173>0),($M173+$N173),0)) -> 0 | AG173: =(IF(AND($H173>0,$K173>0),$O173,0)) -> 0 | AH173: =(IF(AND($H173>0,$K173>0),$P173,0)) -> 0 | AI173: =(IF(AND($H173>0,$K173>0),$Q173,0)) -> 0 | AJ173: =(IF(AND($H173>0,$K173>0),(($T173+$U173)/12),0)) -> 0 | AQ173: =IF(AND($H173>0,$K173>0),$H173,0) -> 0 | AT173: =IF(AND($H173>0,$K173>0),$X173,0) -> 0
E174: =IFERROR(D174/B174,0) -> 0 | L174: =IFERROR(IF($K$24="VK",K174,K174/H174),0) -> 0 | M174: =IFERROR(L174*H174,"") -> 0 | X174: =IF(AND(H174>0,F174<>"GfB"),(SUM(M174:P174,R174,V174,Q174)*12+(T174+U174))*(100+$P$17+$P$18)%+((S174+W174)*12),IF(AND(H174>0,F174="GfB"),(SUM(M174:P174,R174,V174,Q174)*12+(T174+U174))*(100+$P$20+$P$18)%+((S174+W174)*12),0)) -> 0 | Y174: =IF(ISERROR(X174/H174),0,(X174/H174)) -> 0 | AF174: =(IF(AND($H174>0,$K174>0),($M174+$N174),0)) -> 0 | AG174: =(IF(AND($H174>0,$K174>0),$O174,0)) -> 0 | AH174: =(IF(AND($H174>0,$K174>0),$P174,0)) -> 0 | AI174: =(IF(AND($H174>0,$K174>0),$Q174,0)) -> 0 | AJ174: =(IF(AND($H174>0,$K174>0),(($T174+$U174)/12),0)) -> 0 | AQ174: =IF(AND($H174>0,$K174>0),$H174,0) -> 0 | AT174: =IF(AND($H174>0,$K174>0),$X174,0) -> 0
E175: =IFERROR(D175/B175,0) -> 0 | L175: =IFERROR(IF($K$24="VK",K175,K175/H175),0) -> 0 | M175: =IFERROR(L175*H175,"") -> 0 | X175: =IF(AND(H175>0,F175<>"GfB"),(SUM(M175:P175,R175,V175,Q175)*12+(T175+U175))*(100+$P$17+$P$18)%+((S175+W175)*12),IF(AND(H175>0,F175="GfB"),(SUM(M175:P175,R175,V175,Q175)*12+(T175+U175))*(100+$P$20+$P$18)%+((S175+W175)*12),0)) -> 0 | Y175: =IF(ISERROR(X175/H175),0,(X175/H175)) -> 0 | AF175: =(IF(AND($H175>0,$K175>0),($M175+$N175),0)) -> 0 | AG175: =(IF(AND($H175>0,$K175>0),$O175,0)) -> 0 | AH175: =(IF(AND($H175>0,$K175>0),$P175,0)) -> 0 | AI175: =(IF(AND($H175>0,$K175>0),$Q175,0)) -> 0 | AJ175: =(IF(AND($H175>0,$K175>0),(($T175+$U175)/12),0)) -> 0 | AQ175: =IF(AND($H175>0,$K175>0),$H175,0) -> 0 | AT175: =IF(AND($H175>0,$K175>0),$X175,0) -> 0
E176: =IFERROR(D176/B176,0) -> 0 | L176: =IFERROR(IF($K$24="VK",K176,K176/H176),0) -> 0 | M176: =IFERROR(L176*H176,"") -> 0 | X176: =IF(AND(H176>0,F176<>"GfB"),(SUM(M176:P176,R176,V176,Q176)*12+(T176+U176))*(100+$P$17+$P$18)%+((S176+W176)*12),IF(AND(H176>0,F176="GfB"),(SUM(M176:P176,R176,V176,Q176)*12+(T176+U176))*(100+$P$20+$P$18)%+((S176+W176)*12),0)) -> 0 | Y176: =IF(ISERROR(X176/H176),0,(X176/H176)) -> 0 | AF176: =(IF(AND($H176>0,$K176>0),($M176+$N176),0)) -> 0 | AG176: =(IF(AND($H176>0,$K176>0),$O176,0)) -> 0 | AH176: =(IF(AND($H176>0,$K176>0),$P176,0)) -> 0 | AI176: =(IF(AND($H176>0,$K176>0),$Q176,0)) -> 0 | AJ176: =(IF(AND($H176>0,$K176>0),(($T176+$U176)/12),0)) -> 0 | AQ176: =IF(AND($H176>0,$K176>0),$H176,0) -> 0 | AT176: =IF(AND($H176>0,$K176>0),$X176,0) -> 0
E177: =IFERROR(D177/B177,0) -> 0 | L177: =IFERROR(IF($K$24="VK",K177,K177/H177),0) -> 0 | M177: =IFERROR(L177*H177,"") -> 0 | X177: =IF(AND(H177>0,F177<>"GfB"),(SUM(M177:P177,R177,V177,Q177)*12+(T177+U177))*(100+$P$17+$P$18)%+((S177+W177)*12),IF(AND(H177>0,F177="GfB"),(SUM(M177:P177,R177,V177,Q177)*12+(T177+U177))*(100+$P$20+$P$18)%+((S177+W177)*12),0)) -> 0 | Y177: =IF(ISERROR(X177/H177),0,(X177/H177)) -> 0 | AF177: =(IF(AND($H177>0,$K177>0),($M177+$N177),0)) -> 0 | AG177: =(IF(AND($H177>0,$K177>0),$O177,0)) -> 0 | AH177: =(IF(AND($H177>0,$K177>0),$P177,0)) -> 0 | AI177: =(IF(AND($H177>0,$K177>0),$Q177,0)) -> 0 | AJ177: =(IF(AND($H177>0,$K177>0),(($T177+$U177)/12),0)) -> 0 | AQ177: =IF(AND($H177>0,$K177>0),$H177,0) -> 0 | AT177: =IF(AND($H177>0,$K177>0),$X177,0) -> 0
...

Sheet Personalaufwendungen
A1: ='Allgemeine Angaben'!A1:N1 -> Aufforderung zum Abschluss einer Pflegesatzvereinbarung gemäß §§ 84, 85 SGB XI
A2: Personalstruktur der Einrichtung
A3: ='Allgemeine Angaben'!A3:N3
A4: ='Allgemeine Angaben'!A4:N4
G6: Vollkräfte | H6: Vollkräfte | I6: durchschnittliche Bruttopersonal-kosten | J6: Gesamtpersonal-kosten
G7: Gesamt | H7: Gesamt | I7: (ohne Personalneben-kosten, Unternehmer-risiko) | J7: (inkl. Personalneben-kosten, Unternehmer-risiko)
G8: =IF('Belegung_wö. Arbeitszeit'!D14>0,'Belegung_wö. Arbeitszeit'!D14,"") | I8: € / Jahr / je VK
G9: (Stichtag) | H9: (Prognose) | I9: (Prognose) | J9: (Prognose)
B10: 1. | C10: Personal
B12: 1.1. | C12: PDL / stellvertretende PDL | H12: =Personalkostenaufstellung!H33 -> 0 | I12: =Personalkostenaufstellung!Y33 -> 0 | J12: =IFERROR((H12*I12)*(1+pnk+I46)*(1+risiko),"")
H13: =IF(H12>KAT!C12,"max. Stellenumfang lt. Rahmenvertrag überschritten","")
B14: 1.2. | C14: Pflege / Betreuung
C15: 1.2.1. | D15: Pflege- / Betreuungsfachkräfte mit mind. dreijähriger Berufsausbildung | H15: =Personalkostenaufstellung!H75 -> 0 | I15: =Personalkostenaufstellung!Y75 -> 0 | J15: =IFERROR((H15*I15)*(1+pnk+I46)*(1+risiko),"")
C17: 1.2.2. | D17: Pflege- / Betreuungskräfte mit mind. einjähriger Berufsausbildung | H17: =Personalkostenaufstellung!H109 -> 0 | I17: =Personalkostenaufstellung!Y109 -> 0 | J17: =IFERROR((H17*I17)*(1+pnk+I46)*(1+risiko),"")
C19: 1.2.3. | D19: Pflege- / Betreuungskräfte ohne mind. einjähriger Berufsausbildung | H19: =Personalkostenaufstellung!H151 -> 0 | I19: =Personalkostenaufstellung!Y151 -> 0 | J19: =IFERROR((H19*I19)*(1+pnk+I46)*(1+risiko),"")
J20: =IF(AND('Allgemeine Angaben'!F7<>"4.",I20>0),"Eintragung nur bei Einrichtungen der 4. Generation!","")
D22: Gesamt Pflege / Betreuung | G22: =G15+G17+G19 -> 0 | H22: =H15+H17+H19 -> 0 | I22: =Personalkostenaufstellung!Y154 -> 0 | J22: =IFERROR((H22*I22)*(1+pnk+I46)*(1+risiko),"")
H23: =IF(H22>KAT!C13,"max. Stellenumfang lt. Rahmenvertrag überschritten","")
C24: Die ständige Anwesenheit einer Pflegefachperson wird sichergestellt.
B26: 1.3. | C26: Zusätzliche Betreuung und Aktivierung
C27: nach § 43b SGB XI | H27: =Personalkostenaufstellung!H216 -> 0 | I27: =Personalkostenaufstellung!Y216 -> 0 | J27: =IFERROR((H27*I27)*(1+pnk+I46)*(1+risiko),"")
H28: =IF(H27>KAT!C16,"max. Stellenumfang liegt über gesetzlicher Bestimmung","")
B30: 1.4. | C30: Leitung / Verwaltung | H30: =Personalkostenaufstellung!H225 -> 0 | I30: =Personalkostenaufstellung!Y225 -> 0 | J30: =IFERROR((H30*I30)*(1+pnk+I46)*(1+risiko),"")
H31: =IF(H30>KAT!C14,"max. Stellenumfang lt. Rahmenvertrag überschritten",IF(AND(H30=KAT!C14,H30>0),"max. Stellenumfang lt. Rahmenvertrag erreicht",""))
B33: 1.5. | C33: Hauswirtschaft / Küche / Haustechnik | H33: =Personalkostenaufstellung!H274 -> 0 | I33: =Personalkostenaufstellung!Y274 -> 0 | J33: =IFERROR((H33*I33)*(1+pnk+I46)*(1+risiko),"")
H34: =IF(H33>KAT!C15,"max. Stellenumfang lt. Rahmenvertrag überschritten",IF(AND(H33=KAT!C15,H33>0),"max. Stellenumfang lt. Rahmenvertrag erreicht",""))
C36: ZWISCHENSUMME GESAMTPERSONALKOSTEN | I36: =H12*I12+H22*I22+H27*I27+H30*I30+H33*I33 -> 0 | J36: =IFERROR(ROUND(SUM(J22,J27,J30,J33,J12),2),"") -> 0
B38: — | C38: Personalnebenkosten
D39: Berufsgenossenschaft | G39: jährlich Gesamt in EUR
D40: Ausgleichsabgabe | G40: jährlich Gesamt in EUR
D41: Fortbildung | G41: jährlich Gesamt in EUR
D42: Arbeits- und Gesundheitsschutz | G42: jährlich Gesamt in EUR
D44: Gesamt Personalnebenkosten | I44: =IFERROR(ROUND(J44/I36,4),"") | J44: =SUM(H39:H42) -> 0
B46: — | C46: steuerfreie Sachbezüge im Sinne § 8 Abs. 2 EStG | I46: =IFERROR(J46/I36,"")
C47: =IF(J46>0,"Bitte Forderung für steuerfreie Sachbezüge nach § 8 Abs. 2 EStG begründen.","")
B48: — | C48: Unternehmerrisiko | H48: Prozentsatz auf Bruttopersonalkosten | J48: =IFERROR(I36*risiko,"") -> 0
I49: =IF(risiko>0.02,"Hinweis: Risiken über 2 % sind zu begründen und mit Nachweisen zu belegen","")
G50: Anzahl | H50: Anzahl | I50: Kosten je Stelle
B51: 1.6. | C51: Freiwillige Dienste | H51: =Personalkostenaufstellung!V279 -> 0 | I51: =Personalkostenaufstellung!W279 -> 0
C53: FSJ Einsatzstellen | H53: =Personalkostenaufstellung!V280 -> 0 | I53: =Personalkostenaufstellung!W280 -> 0
A58: * | B58: Um die Lesbarkeit zu vereinfachen wird auf die zusätzliche Formulierung der weiblichen Form verzichtet. Es wird darauf hingewiesen,
B59: dass die ausschließliche Verwendung der männlichen Form explizit als geschlechtsunabhängig verstanden werden soll.
C62: gehe weiter zu Sachaufwendungen

Sheet Sachaufwendungen
A1: ='Allgemeine Angaben'!A1 -> Aufforderung zum Abschluss einer Pflegesatzvereinbarung gemäß §§ 84, 85 SGB XI
A2: Sachaufwendungen - Fremdleistungen/Leistungen des Trägers für die Pflegeeinrichtung
A3: ='Allgemeine Angaben'!A3
H4: ='Allgemeine Angaben'!A4
B7: Sachaufwendungen
M10: € / Tag
H11: Aufwendungen 12 Kalendermonate | J11: Prognose | L11: Prognose
L12: (inkl. Risiko/Wagnis)
H13: € | J13: € | L13: €
C14: Aufwendungen der 12 Kalendermonate:
C15: Bitte auswählen:
F16: vom:
F17: bis:
C18: Belegungstage für diesen Zeitraum:
F19: =IF(C16<>"entsprechend von einem abweichenden Zeitraum",0,1) -> 0
B20: 2.1 | C20: Lebensmittel | L20: =IFERROR(J20*(1+J$53),"") -> 0 | M20: =IFERROR(L20/divisor,"")
B21: 2.2 | C21: Pflegerischer Bedarf | L21: =IFERROR(J21*(1+J$53),"") -> 0 | M21: =IFERROR(L21/divisor,"")
B22: 2.3 | C22: Wasser, Energie, Brennstoffe | L22: =IFERROR(J22*(1+J$53),"") -> 0 | M22: =IFERROR(L22/divisor,"")
B23: 2.4 | C23: Verwaltungsbedarf | L23: =IFERROR(J23*(1+J$53),"") -> 0 | M23: =IFERROR(L23/divisor,"")
B24: 2.5 | C24: Zentrale Verwaltungsdienste | L24: =IFERROR(J24*(1+J$53),"") -> 0 | M24: =IFERROR(L24/divisor,"")
B25: 2.6 | C25: Betreuungsaufwand | L25: =IFERROR(J25*(1+J$53),"") -> 0 | M25: =IFERROR(L25/divisor,"")
B26: 2.7 | C26: Wirtschaftsbedarf | L26: =IFERROR(J26*(1+J$53),"") -> 0 | M26: =IFERROR(L26/divisor,"")
B27: 2.8 | C27: Steuern/Abgaben/Versicherungen | L27: =IFERROR(J27*(1+J$53),"") -> 0 | M27: =IFERROR(L27/divisor,"")
B28: 2.9 | C28: Wartung (keine Instandhaltung) | L28: =IFERROR(J28*(1+J$53),"") -> 0 | M28: =IFERROR(L28/divisor,"")
B29: 2.10 | C29: sonstige Aufwendungen | L29: =IFERROR(J29*(1+J$53),"") -> 0 | M29: =IFERROR(L29/divisor,"")
C30: Gesamtsumme | H30: =SUM(H20:H29) -> 0 | J30: =SUM(J20:J29) -> 0 | L30: =SUM(L20:L29) -> 0 | M30: =IFERROR(L30/divisor,"")
D31: =IF(J29>0,"Erläutern Sie in Ihrem Anschreiben die Kostenbestandteile der sonstigen Aufwendungen.","")
B32: Fremdleistungen / Leistungen des Trägers
M34: € / Tag
H35: Aufwendungen 12 Kalendermonate | J35: Prognose | L35: Prognose
L36: (inkl. Risiko/Wagnis)
H37: € | J37: € | L37: €
C39: =C14 -> Aufwendungen der 12 Kalendermonate:
C40: =C16 -> 0 | F40: =IF(C40="entsprechend von einem abweichenden Zeitraum","vom:","") | H40: =IF(C40="entsprechend von einem abweichenden Zeitraum",H16,"")
F41: =IF(C40="entsprechend von einem abweichenden Zeitraum","bis:","") | H41: =IF(C40="entsprechend von einem abweichenden Zeitraum",H17,"")
B43: 3.1 | C43: Küche (ohne Pkt. 2.1) | L43: =IFERROR(J43*(1+J53),"") -> 0 | M43: =IFERROR(L43/divisor,"")
B44: 3.2 | C44: Wäscherei | L44: =IFERROR(J44*(1+J53),"") -> 0 | M44: =IFERROR(L44/divisor,"")
B45: 3.3 | C45: Reinigung | L45: =IFERROR(J45*(1+J53),"") -> 0 | M45: =IFERROR(L45/divisor,"")
B46: 3.4 | C46: Haustechnik | L46: =IFERROR(J46*(1+J53),"") -> 0 | M46: =IFERROR(L46/divisor,"")
B47: 3.5 | C47: Verwaltung | L47: =IFERROR(J47*(1+J53),"") -> 0 | M47: =IFERROR(L47/divisor,"")
B48: 3.6 | L48: =IFERROR(J48*(1+J53),"") -> 0 | M48: =IFERROR(L48/divisor,"")
B49: 3.7 | L49: =IFERROR(J49*(1+J53),"") -> 0 | M49: =IFERROR(L49/divisor,"")
C50: Gesamtsumme | H50: =SUM(H43:H49) -> 0 | J50: =SUM(J43:J49) -> 0 | L50: =SUM(L43:L49) -> 0 | M50: =IFERROR(L50/divisor,"")
C51: =IF(AND(J48>0,J49>0,C48="",C49=""),"Kostenbestandteile für Punkt 3.7 und 3.8 angegeben.",IF(AND(J48>0,C48=""),"Kostenbestandteile für Punkt 3.7 angeben.",IF(AND(J49>0,C49=""),"Kostenbestandteile für Punkt 3.8 angeben.","")))
B53: Unternehmerrisiko | G53: Prozentsatz auf Sachkosten: | L53: =IF((J30+J50>0),(J30+J50)*J53,"")
J54: =IF(J53>0.02,"Hinweis: Risiken über 2 % sind zu begründen und mit Nachweisen zu belegen","")
D59: gehe weiter zu Forderung

Sheet Forderung
A1: ='Allgemeine Angaben'!A1:N1 -> Aufforderung zum Abschluss einer Pflegesatzvereinbarung gemäß §§ 84, 85 SGB XI
A2: Forderungen des Trägers der Pflegeeinrichtung
A3: ='Allgemeine Angaben'!A3:N3
A4: ='Allgemeine Angaben'!A4:N4
B6: 1. Personelle Ausstattung der Pflegeeinrichtung: | J6: Vollkräfte | K6: Personalrelation
B8: 1.1. | C8: PDL / stellvertretende PDL | J8: =Personalaufwendungen!H12 -> 0 | K8: 1 | L8: : | M8: =IF(J8>0,ROUND('Allgemeine Angaben'!L46/J8,2),"")
B10: 1.2. | C10: Pflege / Betreuung | F10: Pflegegrad 1 bis 5 | J10: =Personalaufwendungen!H22 -> 0 | K10: 1 | L10: : | M10: =IF(J10>0,ROUND('Allgemeine Angaben'!L46/J10,2),"")
B12: 1.3. | C12: Zusätzliches Betreuungspersonal gem. § 43b SGB XI | J12: =Personalaufwendungen!H27 -> 0 | K12: 1 | L12: : | M12: =IF(J12>0,ROUND('Allgemeine Angaben'!L46/J12,2),"")
B14: 1.4. | C14: Leitung und Verwaltung | J14: =Personalaufwendungen!H30 -> 0 | K14: 1 | L14: : | M14: =IF(J14>0,ROUND('Allgemeine Angaben'!L46/J14,2),"")
B16: 1.5. | C16: Hauswirtschaft / Küche / Haustechnik | J16: =Personalaufwendungen!H33 -> 0 | K16: 1 | L16: : | M16: =IF(J16>0,ROUND('Allgemeine Angaben'!L46/J16,2),"")
B18: 1.6. | C18: Einsatzstellen FSJ / Freiwillige Dienste | G18: Anzahl: | J18: =IF(Personalkostenaufstellung!V281>0,Personalkostenaufstellung!V281,"")
B20: 2. Pflegesätze und Entgelte:
B22: Pflegesätze | D22: Pflegegrad 1 bis Pflegegrad 5: | J22: =IF(ISERROR(Gesamtkalkulation!H46),"",Gesamtkalkulation!H46) | K22: € / Tag | L22: =IFERROR(Gesamtkalkulation!H48,"") -> 0
D24: Vergütungszuschlag § 43 b SGB XI | J24: =IF(ISERROR(Gesamtkalkulation!K46),"",Gesamtkalkulation!K46) | K24: € / Tag | L24: =IFERROR(Gesamtkalkulation!#REF!,"")
B26: Entgelte | D26: für die Unterkunft | J26: =IF(ISERROR(Gesamtkalkulation!I46),"",Gesamtkalkulation!I46) | K26: € / Tag | L26: =IFERROR(Gesamtkalkulation!#REF!,"")
D28: für die Verpflegung | J28: =IF(ISERROR(Gesamtkalkulation!J46),"",Gesamtkalkulation!J46) | K28: € / Tag | L28: =IFERROR(Gesamtkalkulation!#REF!,"")
B31: 3. Prüfung
C32: Sind die Angaben im Antrag für: | L32: Ergebnis | N32: Bitte prüfen Sie Ihre Angaben in folgender Mappe:
C35: • | D35: den Beginn des Versorgungsvertrages eingetragen? | L35: =IF(KAT!F38=0,"ja","nein") -> nein | N35: Allgemeine Angaben
C37: • | D37: die Belegungdaten (Ist) für 24 Monate eingetragen? | L37: =IF(KAT!F39=0,"ja","nein") -> ja | N37: Belegung_wö. Arbeitszeit
O38: =IFERROR(#REF!,"")
C39: • | D39: die Belegungsdaten zum Stichtag eingetragen? | L39: =IF(KAT!F40=0,"ja","nein") -> ja | N39: Belegung_wö. Arbeitszeit
C41: • | D41: die Personalkosten (Ist) eingetragen? | L41: =IF(KAT!F41=0,"ja","nein") -> ja | N41: Personalkostenaufstellung
C43: • | D43: die PDL / stellv. PDL (Stellenumfang Prognose) entsprechend dem Rahmenvertrag? | L43: =IF(KAT!F42=0,"ja","nein") -> nein | N43: Personalkostenaufstellung
C45: • | D45: das zusätzliche Betreuungspersonal (Stellenumfang Prognose) entsprechend | L45: =IF(KAT!F43=0,"ja","nein") -> ja | N45: Personalkostenaufstellung
D46: dem gesetzlichen Personalschlüssel (1 : 20)?
C48: • | D48: die ständige Anwesenheit einer Pflegefachperson sichergesellt? | L48: =IF(KAT!F44=0,"ja","nein") -> nein | N48: Personalkostenaufwendungen
C50: • | D50: die Stellenbesetzung zum Stichtag erfasst? | L50: =IF(KAT!F45=0,"ja","nein") -> ja | N50: Personalaufwendungen
C52: • | D52: die Sachaufwendungen (Ist) erfasst? | L52: =IF(KAT!F46=0,"ja","nein") -> ja | N52: Sachaufwendungen
C54: • | D54: die Anlagen zum Tarif/ AVR beigefügt? | L54: =IF(KAT!F47=0,"ja","nein") -> ja | N54: Personalkostenaufstellung
C56: Korrigieren Sie Ihre Angaben zu den o.g. Punkten in den jeweiligen Tabellenblättern.
C57: Sobald ein Punkt mit "nein" bewertet wird, ist eine Berechnung der Pflegesätze,
C58: der Vergütungen für die Unterkunft und Verpflegung bzw. des Vergütungszuschlages gemäß § 43 b SGB XI nicht möglich.
B65: Die Richtigkeit der in der Aufforderung enthaltenen Angaben wird bestätigt:
B71: Ort; Datum | F71: Rechtsverbindliche Unterschrift und Stempel
C74: gehe weiter zu Gesamtkalkulation

Sheet Gesamtkalkulation
A1: ='Allgemeine Angaben'!A1:N1 -> Aufforderung zum Abschluss einer Pflegesatzvereinbarung gemäß §§ 84, 85 SGB XI
A2: Gesamtkalkulation
A3: ='Allgemeine Angaben'!A3:N3
A4: ='Allgemeine Angaben'!A4:N4
E5: GELBER TEIL | I5: Öffnungstage | J5: Auslastung | K5: Divisor | L5: Tage/Monat
C6: Gesamtplätze: | D6: =IF('Allgemeine Angaben'!L46>0,'Allgemeine Angaben'!L46,"") | E6: WIRD AUS- | I6: =IF('Belegung_wö. Arbeitszeit'!D8>0,'Belegung_wö. Arbeitszeit'!D8,"") -> 365 | J6: =IF('Belegung_wö. Arbeitszeit'!G6>0,'Belegung_wö. Arbeitszeit'!G6,"") | K6: =divisor -> 0 | L6: =IFERROR(ROUND(I6/12,2),"") -> 30.42
E8: GEBLENDET | I8: § 43b: | J8: 100 | K8: =IFERROR('Allgemeine Angaben'!L46*I6*J8/100,"") -> 0
G11: Aufwendungen für Leistungen im Pflegegrad 1 bis 5 | H11: Aufwendungen für Leistungen im Pflegegrad 1 bis 5 | I11: Aufwendungen für die Unterkunft | J11: Aufwendungen für die Verpflegung | K11: Aufwendungen für § 43b SGB XI | M11: Aufwendungen für die Unterkunft | N11: Aufwendungen für die Verpflegung | O11: Aufwendungen für § 43b SGB XI
D12: Gesamtaufwendungen | E12: Plausi Ges. | F12: ANT am PS | G12: Gesamt in € | H12: €/Tag | I12: €/Tag | J12: €/Tag | K12: €/Tag | M12: Gesamt in € | N12: Gesamt in € | O12: Gesamt in €
B13: 1. | C13: Personalaufwendungen | D13: =SUM(D14:D19) -> #VALUE! | E13: =G13+M13+O13 -> #VALUE! | G13: =SUM(G14:G19) -> #VALUE! | H13: =SUM(H14:H19) -> #VALUE! | I13: =SUM(I17:I19) -> #VALUE! | K13: =SUM(K16) -> #VALUE! | M13: =SUM(M17:M19) -> #VALUE! | O13: =SUM(O16) -> #VALUE!
B14: 1.1. | C14: =Personalaufwendungen!C12 -> PDL / stellvertretende PDL | D14: =Personalaufwendungen!I12*Personalaufwendungen!H12*(1+pnk+Personalaufwendungen!I46)*(1+risiko) -> #VALUE! | E14: =G14+M14+N14+O14 -> #VALUE! | F14: 1 | G14: =D14*F14 -> #VALUE! | H14: =G14/$K$6 -> #VALUE!
B15: 1.2. | C15: =Personalaufwendungen!C14 -> Pflege / Betreuung | D15: =Personalaufwendungen!I22*Personalaufwendungen!H22*(1+pnk+Personalaufwendungen!I46)*(1+risiko) -> #VALUE! | E15: =G15+M15+N15+O15 -> #VALUE! | F15: 1 | G15: =D15*F15 -> #VALUE! | H15: =G15/$K$6 -> #VALUE!
B16: 1.3. | C16: =Personalaufwendungen!C26 -> Zusätzliche Betreuung und Aktivierung | D16: =Personalaufwendungen!I27*Personalaufwendungen!H27*(1+pnk+Personalaufwendungen!I46)*(1+risiko) -> #VALUE! | E16: =G16+M16+N16+O16 -> #VALUE! | K16: =D16/$K$8 -> #VALUE! | O16: =D16 -> #VALUE!
B17: 1.4. | C17: =Personalaufwendungen!C30 -> Leitung / Verwaltung | D17: =Personalaufwendungen!I30*Personalaufwendungen!H30*(1+pnk+Personalaufwendungen!I46)*(1+risiko) -> #VALUE! | E17: =G17+M17+N17+O17 -> #VALUE! | F17: 0.5 | G17: =D17*F17 -> #VALUE! | H17: =G17/$K$6 -> #VALUE! | I17: =M17/$K$6 -> #VALUE! | M17: =D17*F17 -> #VALUE!
B18: 1.5. | C18: =Personalaufwendungen!C33 -> Hauswirtschaft / Küche / Haustechnik | D18: =Personalaufwendungen!I33*Personalaufwendungen!H33*(1+pnk+Personalaufwendungen!I46)*(1+risiko) -> #VALUE! | E18: =G18+M18+N18+O18 -> #VALUE! | F18: 0.5 | G18: =D18*F18 -> #VALUE! | H18: =G18/$K$6 -> #VALUE! | I18: =M18/$K$6 -> #VALUE! | M18: =D18*F18 -> #VALUE!
B19: 1.6. | C19: Freiwillige Dienste, FSJ | D19: =Personalaufwendungen!I51*Personalaufwendungen!H51+Personalaufwendungen!I53*Personalaufwendungen!H53 -> 0 | E19: =G19+M19+N19+O19 -> 0 | F19: 0.5 | G19: =D19*F19 -> 0 | H19: =G19/$K$6 -> #DIV/0! | I19: =M19/$K$6 -> #DIV/0! | M19: =D19*F19 -> 0
B21: 2. | C21: Sachaufwendungen | D21: =SUM(D22:D31) -> 0 | E21: =G21+M21+N21+O21 -> 0 | G21: =SUM(G23:G31) -> 0 | H21: =SUM(H23:H31) -> #DIV/0! | I21: =SUM(I23:I31) -> #DIV/0! | J21: =J22 -> #DIV/0! | M21: =SUM(M22:M31) -> 0 | N21: =SUM(N22:N31) -> 0
B22: 2.1 | C22: =Sachaufwendungen!C20 -> Lebensmittel | D22: =Sachaufwendungen!L20 -> 0 | E22: =G22+M22+N22+O22 -> 0 | J22: =N22/$K$6 -> #DIV/0! | N22: =D22 -> 0
B23: 2.2 | C23: =Sachaufwendungen!C21 -> Pflegerischer Bedarf | D23: =Sachaufwendungen!L21 -> 0 | E23: =G23+M23+N23+O23 -> 0 | F23: 1 | G23: =D23*F23 -> 0 | H23: =G23/$K$6 -> #DIV/0! | I23: =M23/$K$6 -> #DIV/0!
B24: 2.3 | C24: =Sachaufwendungen!C22 -> Wasser, Energie, Brennstoffe | D24: =Sachaufwendungen!L22 -> 0 | E24: =G24+M24+N24+O24 -> 0 | F24: 0.5 | G24: =D24*F24 -> 0 | H24: =G24/$K$6 -> #DIV/0! | I24: =M24/$K$6 -> #DIV/0! | M24: =D24*F24 -> 0
B25: 2.4 | C25: =Sachaufwendungen!C23 -> Verwaltungsbedarf | D25: =Sachaufwendungen!L23 -> 0 | E25: =G25+M25+N25+O25 -> 0 | F25: 0.5 | G25: =D25*F25 -> 0 | H25: =G25/$K$6 -> #DIV/0! | I25: =M25/$K$6 -> #DIV/0! | M25: =D25*F25 -> 0
B26: 2.5 | C26: =Sachaufwendungen!C24 -> Zentrale Verwaltungsdienste | D26: =Sachaufwendungen!L24 -> 0 | E26: =G26+M26+N26+O26 -> 0 | F26: 0.5 | G26: =D26*F26 -> 0 | H26: =G26/$K$6 -> #DIV/0! | I26: =M26/$K$6 -> #DIV/0! | M26: =D26*F26 -> 0
B27: 2.6 | C27: =Sachaufwendungen!C25 -> Betreuungsaufwand | D27: =Sachaufwendungen!L25 -> 0 | E27: =G27+M27+N27+O27 -> 0 | F27: 1 | G27: =D27*F27 -> 0 | H27: =G27/$K$6 -> #DIV/0! | I27: =M27/$K$6 -> #DIV/0!
B28: 2.7 | C28: =Sachaufwendungen!C26 -> Wirtschaftsbedarf | D28: =Sachaufwendungen!L26 -> 0 | E28: =G28+M28+N28+O28 -> 0 | F28: 0.5 | G28: =D28*F28 -> 0 | H28: =G28/$K$6 -> #DIV/0! | I28: =M28/$K$6 -> #DIV/0! | M28: =D28*F28 -> 0
B29: 2.8 | C29: =Sachaufwendungen!C27 -> Steuern/Abgaben/Versicherungen | D29: =Sachaufwendungen!L27 -> 0 | E29: =G29+M29+N29+O29 -> 0 | F29: 0.5 | G29: =D29*F29 -> 0 | H29: =G29/$K$6 -> #DIV/0! | I29: =M29/$K$6 -> #DIV/0! | M29: =D29*F29 -> 0
B30: 2.9 | C30: =Sachaufwendungen!C28 -> Wartung (keine Instandhaltung) | D30: =Sachaufwendungen!L28 -> 0 | E30: =G30+M30+N30+O30 -> 0 | F30: 0.5 | G30: =D30*F30 -> 0 | H30: =G30/$K$6 -> #DIV/0! | I30: =M30/$K$6 -> #DIV/0! | M30: =D30*F30 -> 0
B31: 2.10 | C31: =Sachaufwendungen!C29 -> sonstige Aufwendungen | D31: =Sachaufwendungen!L29 -> 0 | E31: =G31+M31+N31+O31 -> 0 | F31: 0.5 | G31: =D31*F31 -> 0 | H31: =G31/$K$6 -> #DIV/0! | I31: =M31/$K$6 -> #DIV/0! | M31: =D31*F31 -> 0
B33: 3. | C33: Fremdleistungen / Trägerleistungen | D33: =SUM(D34:D40) -> 0 | E33: =G33+M33+N33 -> 0 | G33: =SUM(G34:G40) -> 0 | H33: =SUM(H34:H40) -> #DIV/0! | I33: =SUM(I34:I40) -> #DIV/0! | M33: =SUM(M34:M40) -> 0
B34: =Sachaufwendungen!B43 -> 3.1 | C34: =Sachaufwendungen!C43 -> Küche (ohne Pkt. 2.1) | D34: =Sachaufwendungen!L43 -> 0 | E34: =G34+M34+N34+O34 -> 0 | F34: 0.5 | G34: =D34*F34 -> 0 | H34: =G34/$K$6 -> #DIV/0! | I34: =M34/$K$6 -> #DIV/0! | M34: =D34*F34 -> 0
B35: =Sachaufwendungen!B44 -> 3.2 | C35: =Sachaufwendungen!C44 -> Wäscherei | D35: =Sachaufwendungen!L44 -> 0 | E35: =G35+M35+N35+O35 -> 0 | F35: 0.5 | G35: =D35*F35 -> 0 | H35: =G35/$K$6 -> #DIV/0! | I35: =M35/$K$6 -> #DIV/0! | M35: =D35*F35 -> 0
B36: =Sachaufwendungen!B45 -> 3.3 | C36: =Sachaufwendungen!C45 -> Reinigung | D36: =Sachaufwendungen!L45 -> 0 | E36: =G36+M36+N36+O36 -> 0 | F36: 0.5 | G36: =D36*F36 -> 0 | H36: =G36/$K$6 -> #DIV/0! | I36: =M36/$K$6 -> #DIV/0! | M36: =D36*F36 -> 0
B37: =Sachaufwendungen!B46 -> 3.4 | C37: =Sachaufwendungen!C46 -> Haustechnik | D37: =Sachaufwendungen!L46 -> 0 | E37: =G37+M37+N37+O37 -> 0 | F37: 0.5 | G37: =D37*F37 -> 0 | H37: =G37/$K$6 -> #DIV/0! | I37: =M37/$K$6 -> #DIV/0! | M37: =D37*F37 -> 0
B38: =Sachaufwendungen!B47 -> 3.5 | C38: =Sachaufwendungen!C47 -> Verwaltung | D38: =Sachaufwendungen!L47 -> 0 | E38: =G38+M38+N38+O38 -> 0 | F38: 0.5 | G38: =D38*F38 -> 0 | H38: =G38/$K$6 -> #DIV/0! | I38: =M38/$K$6 -> #DIV/0! | M38: =D38*F38 -> 0
B39: =Sachaufwendungen!B48 -> 3.6 | C39: =IF(Sachaufwendungen!C48<>"",Sachaufwendungen!C48,"") | D39: =Sachaufwendungen!L48 -> 0 | E39: =G39+M39+N39+O39 -> 0 | F39: 0.5 | G39: =D39*F39 -> 0 | H39: =G39/$K$6 -> #DIV/0! | I39: =M39/$K$6 -> #DIV/0! | M39: =D39*F39 -> 0
B40: =Sachaufwendungen!B49 -> 3.7 | C40: =IF(Sachaufwendungen!C49<>"",Sachaufwendungen!C49,"") | D40: =Sachaufwendungen!L49 -> 0 | E40: =G40+M40+N40+O40 -> 0 | F40: 0.5 | G40: =D40*F40 -> 0 | H40: =G40/$K$6 -> #DIV/0! | I40: =M40/$K$6 -> #DIV/0! | M40: =D40*F40 -> 0
H44: Pflegegrad 1 bis 5
H45: Pflege | I45: Unterkunft | J45: Verpflegung | K45: § 43b SGB XI
D46: errechnete Pflegesätze (€ / Tag): | H46: =ROUND(H33+H21+H13,2) -> #DIV/0! | I46: =ROUND(I33+I21+I13,2) -> #DIV/0! | J46: =ROUND(J21,2) -> #DIV/0! | K46: =ROUND(K13,2) -> #VALUE!
H51: gehe weiter zu Bewohnervertretung

Sheet Bewohnervertretung
A1: Stellungnahme der Bewohnervertretung gem. § 85 Abs. 3 SGB XI
A3: ='Allgemeine Angaben'!A3:N3
A4: ='Allgemeine Angaben'!A4
B6: Bewohnervertretung | L6: Bewohnerfürsprecher *
B8: * Im Sinne der besseren Lesbarkeit wurde stellvertretend für alle Geschlechtsformen durchgehend nur die männliche Form verwendet.
B10: a) | C10: Schriftliche Stellungnahme liegt vor
F12: Ja
F13: weitere Angaben unter c) oder als Anlage erforderlich
F15: Nein
F16: weitere Angaben unter b) erforderlich
B18: b) | C18: Begründung für Nichtvorlage der schriftlichen Stellungnahme
F20: Gelegenheit zur Stellungnahme wurde eingeräumt,
F21: Bewohnervertretung oder Bewohnerfürsprecher haben diese nicht wahrgenommen
F24: Bewohnervertretung oder Bewohnerfürsprecher nicht vorhanden,
F25: (schriftliche Mitteilung des Trägers der Einrichtung an die zuständige Behörde beifügen)
B29: c) | C29: Einbeziehung der Bewohnervertretung / des Bewohnerfürsprechers:
B31: Der vorliegende Antrag auf Abschluss einer neuen Pflegesatzvereinbarung, die zu einer Erhöhung der
B32: Entgelte für Pflege, Unterkunft und Verpflegung in Kurzzeitpflegeeinrichtungen nach § 42 SGB XI
B33: führen kann, wurde uns vom Einrichtungsträger vorgelegt und erläutert. Die dem Antrag zugrunde
B34: liegenden Einzelpositionen, der Umlagemaßstab sowie die Antragsbegründung wurden
B35: ausführlich dargestellt und auf die Möglichkeit an der Pflegesatzverhandlung teilzunehmen hingewiesen.
B37: Stellungnahme der Bewohnervertretung / des Bewohnerfürsprechers:
B63: Ort, Datum | K63: Unterschrift des Vorsitzenden der Bewohnervertretung
K64: oder des Bewohnerfürsprechers

Sheet Hinweise Sachaufwendungen
A1: Hinweise zu den Sachaufwendungen, Fremdleistungen und Leistungen des Trägers für die Pflegeeinrichtung
A4: Definition: | B4: Fremdleistungen sind Leistungen durch Dritte
B5: Leistungen des Trägers sind Leistungen, die nicht durch Personal der Einrichtung, sondern beim bzw. durch den Träger erbracht werden.
A7: In der auszufüllenden Übersicht sind ausschließlich Sachaufwendungen einzutragen, die nicht durch das in der Pflegeeinrichtung beschäftigte Personal erbracht werden.
A9: Erhebliche Steigerungen zu den Aufwendungen des letzten abgeschlossenen Kalenderjahres sollen in den Erläuterungen zum Antrag als Anlage dargestellt und begründet werden.
A11: Sachkostenposition | B11: Inhalt (Aufzählungen sind nicht abschließend) | C11: Bemerkungen
A12: Lebensmittel | B12: - Lebensmittel - Getränke - hochkalorische Lebensmittel - diätische Lebensmittel - Lebensmittelaufwand für fremdbezogene Verpflegung | C12: - keine Sondennahrung - keine Lebensmittel für Externe (Betreutes Wohnen, Kindergarten o.Ä.) - bei Fremdbezug der Verpflegung nur Lebensmittel, im übrigen siehe Fremdleistung Küche
A13: pflegerischer Bedarf | B13: - zum Verbrauch bestimmte Pflegehilfsmittel (z.B. Desinfektionsmittel, saugende Bettschutzeinlagen zum Einmalgebrauch, Schutzbekleidung wie Fingerlinge, Einmalhandschuhe, Mundschutz und Schutzschürzen) - Pflegedokumentation (auch Software) einschließlich Wartung und Pflege der Software (z.B. Updates, Hotlines) - Fachliteratur "Pflege" - Erste-Hilfe-Ausstattung | C13: - kein Inkontinenzmaterial nach SGB V - keine sonstigen Hilfsmittel nach SGB V - aktivierungsfähige Pflegehilfsmittel (z.B. Antidekubitussysteme -sofern keine SGB V-Leistung-, Kopfwaschanlagen, Bettpfannen) werden über Investitionskosten finanziert - Anschaffung der Hardware der Pflegedokumentation über Investkosten - kein Aufwand für die übliche Körper- und Gesundheitspflege (z.B. Friseur, Monatshygiene, persönliche Toilettenartikel)
A14: Wasser / Energie / Brennstoffe | B14: - Wasserver- und Entsorgung (Kosten des Verbrauchs von Wasser und Kosten/Gebühren für die Entwässerung; keine Beiträge) - Energie (Elektrizität) - Brennstoffe (Gas, Heizöl, Fernwärme, Kohle) - Kraftstoffe für Versorgungsfahrten | C14: - bei Mietverträgen: Betriebskosten - soweit Fremdleistungen in der Einrichtung erbracht werden, ist zur Zuordnung der Sachkostenanteile Stellung zu nehmen - soweit durch die Einrichtung Leistungen für Dritte (z.B. Betreutes Wohnen, Kindergarten, Cafeteria) erbracht werden, sind die entsprechenden Kostenanteile abzuziehen - soweit mehrere Versorgungsangebote unter einem Dach vorgehalten werden, sind die Kosten entsprechend zuzuordnen - Kraftstoffe nicht für Fahrkosten der Tagespflege
A15: Verwaltungsbedarf | B15: - Büromaterial - Bankgebühren (keine Zinsen) - Telefonkosten - Porto - Öffentlichkeitsarbeit - Personalbeschaffungskosten - Heimzeitung - Fachliteratur (nicht Pflege) - Reisekosten im Rahmen von Verwaltungsangelegenheiten | C15: - hier nur den Verwaltungsbedarf der Einrichtung angeben, nicht aber der Zentralen Verwaltung
A16: Zentrale Verwaltung | B16: - Rechts- und Steuerberatungskosten* - Anteil Geschäftsführung* - Zentraler Einkauf* - Zentrale (Finanz-)Buchhaltung* - Zentrale Personalverwaltung und Gehaltsabrechnung* - Controlling* - Facilitymanagement* - Zentraler Verwaltungsbedarf* - Betriebsrat* - Verwaltungsumlage* - sonstige Kosten der Verwaltung des Trägers* | C16: siehe Fremdleistung Verwaltung * Der betriebsinterne Umlagenschlüssel auf die Einrichtung ist darzustellen!
A17: Betreuungsaufwand | B17: - Aufwand für pflegebezogene Betreuung und Beschäftigung (z.B. Bastelbedarf, Tageszeitung, Spiele, Tierhaltung) - Aufwand für Gemeinschaftsveranstaltungen (z.B. Feiern, Geschenke, kulturelle Betreuung, Ausflüge, Freizeitgestaltung, Hausschmuck, Heimbücherei) | C17: ab 1.1.2017 mit Aufwendungen für § 43b SGB XI
A18: Wirtschaftsbedarf | B18: - Wäschereinigungsmittel, Pflegemittel - Gebäude- und Raumreinigungsmittel - Geschirrspülmittel - Flächendesinfektionsmittel - Seife - Toilettenpapier - Streusalz - Sachmittel Gartenpflege - Müllsäcke - nicht aktivierungsfähige Wirtschaftsgüter | C18: - wie steuerrechtliche Maßgaben: <250 € Wirtschaftsbedarf >250 € Investkosten
A19: Steuern / Abgaben / Versicherungen | B19: - Steuern (Grundsteuer, KfZ-Steuer) - Abgaben und Gebühren (z.B. GEZ, GEMA, Müllentsorgung, Straßenreinigung, TÜV, Schornsteinfeger, Aufschaltung der Brandmeldeanlagen) - Versicherungen (z.B. Gebäudehaftpflichtversicherung, KfZ-Versicherung, Betriebshaftpflichtversicherung, Elementarversicherung) - Verbandsbeiträge | C19: - gilt nicht für Fahrzeuge im Rahmen der Tagespflege
A20: Wartung | B20: - Aufzug - Pflegebetten und sonst. elektrische Geräte - Rufanlage - Pflegerollstühle, -rollatoren - Pflegebadewanne, -lifter - Kopierer - Brandschutz- und -meldeanlagen - Automatiktüren - Lüftungsanlagen - Telefonanlage - EDV-Anlage - technische Anlagen (z.B. Heizung) | C20: - keine Instandhaltung oder Instandsetzung
A21: Sonstige Aufwendungen | B21: - Aufwandsentschädigung für ehrenamtliche Mitarbeiter (soweit nicht anderweitig finanziert) - sonstige nicht zuordenbare Kosten
A22: Fremdleistung Küche | B22: Gesamtkosten des externen Anbieters (keine Lebensmittel)
A23: Fremdleistung Wäsche | B23: Gesamtkosten des externen Anbieters
A24: Fremdleistung Reinigung | B24: Gesamtkosten des externen Anbieters
A25: Fremdleistung Haustechnik | B25: Gesamtkosten des externen Anbieters, auch Winterdienst und Gartenpflege
A26: Fremdleistung Verwaltung | B26: Gesamtkosten der durch Dritte/Externe erbrachten Verwaltungsleistungen, z.B. Jahresabschlusskosten, Buchführung und Lohnrechnung, Rechtsberatung
A27: Fremdleistung Sonstiges | B27: Gesamtkosten des externen Anbieters, z.B. Wachdienst, externe Betreuungsleistungen (Tiertherapie), Rezeption, Servicemitarbeiter (Hauswirtschaft)

Sheet Adressverzeichnis
A1: Adressverzeichnis der Parteien der Pflegesatzvereinbarung gem. § 85 Abs. 2 SGB XI sowie von Vergütungen nach § 75 SGB XII
A5: AOK PLUS - Die Gesundheitskasse für Sachsen und Thüringen
A6: Geschäftsbereich Gesundheitspartner
A7: Bereich Pflege/HKP
A8: Fachbereich Vertrags- und Qualitätsmanagement SAC
A9: Müllerstraße 41 | E9: pflegesatzverhandlungen_sachsen@plus.aok.de
A10: 09113 Chemnitz
A12: IKK classic | G12: pflegeverhandlungen-sachsen@ikk-classic.de
A13: Postfach 10 02 51
A14: 01072 Dresden
A16: Knappschaft | G16: vertrag.chemnitz@kbs.de
A17: Regionaldirektion Chemnitz
A18: Jagdschänkenstraße 50
A19: 09117 Chemnitz
A21: Kommunaler Sozialverband Sachsen | G21: vereinbarungen-pflege@ksv-sachsen.de
A22: Humboldtstraße 18
A23: 04105 Leipzig
A25: Arbeitsgemeinschaft Betriebskrankenkassen
A27: BKK-Landesverband Mitte | G27: Pflege-SN@bkkmitte.de
A28: Landesrepräsentanz Sachsen
A29: Dr.-Külz-Ring 12
A30: 01219 Dresden
A32: Arbeitsgemeinschaft Ersatzkassen
A34: vdek - Landesvertretung Sachsen | G34: verguetung-pflege.sac@vdek.com
A35: Glacisstr. 4
A36: 01099 Dresden
G37: und
A39: BARMER | G39: pflegesatzverhandlungen_sachsen@barmer.de
A40: Landesvertretung Sachsen
A41: Postfach 12 03 65
A42: 01099 Dresden
A44: Mitglieder
A45: Techniker Krankenkasse (TK)
A46: Barmer
A47: DAK-Gesundheit
A48: Kaufmännische Krankenkasse - KKH
A49: Handelskrankenkasse (hkk)
A50: HEK - Hanseatische Krankenkasse
A52: Verband der Privaten Kranken- | G52: pflege@pkv.de
A53: versicherung e.V.
A54: Heidestraße 40
A55: 10557 Berlin

Sheet Tabelle für VP
A2: Blatt nicht sperren und einblenden
